Workbook
Name \C: #REF!
Name \C: #REF!
Name \C: #REF!
Name \C: #REF!
Name \D: #REF!
Name \D: #REF!
Name \D: #REF!
Name \F: #REF!
Name \F: #REF!
Name \F: #REF!
Name \G: #REF!
Name \I: #REF!
Name \I: #REF!
Name \l: #REF!
Name \M: #REF!
Name \P: #REF!
Name \R: #REF!
Name \S: [1]COMPOS1!#REF!
Name \S: [1]COMPOS1!#REF!
Name \S: [1]COMPOS1!#REF!
Name \t: #REF!
Name \t: #REF!
Name \Y: #REF!
Name \Y: #REF!
Name _: #REF!
Name _: #REF!
Name __________________mar2: '[2]RESTAURAÇÃO '!#REF!
Name __________________mar2: '[2]RESTAURAÇÃO '!#REF!
Name __________________mar2: '[2]RESTAURAÇÃO '!#REF!
Name __________________mar2: '[2]RESTAURAÇÃO '!#REF!
Name __________________mar2: '[2]RESTAURAÇÃO '!#REF!
Name ________________mar2: '[2]RESTAURAÇÃO '!#REF!
Name ________________mar2: '[2]RESTAURAÇÃO '!#REF!
Name ________________mar2: '[2]RESTAURAÇÃO '!#REF!
Name ________________mar2: '[2]RESTAURAÇÃO '!#REF!
Name ______________mar2: '[2]RESTAURAÇÃO '!#REF!
Name ______________mar2: '[2]RESTAURAÇÃO '!#REF!
Name ______________mar2: '[2]RESTAURAÇÃO '!#REF!
Name ______________mar2: '[2]RESTAURAÇÃO '!#REF!
Name ____________mar2: '[2]RESTAURAÇÃO '!#REF!
Name ____________mar2: '[2]RESTAURAÇÃO '!#REF!
Name ____________mar2: '[2]RESTAURAÇÃO '!#REF!
Name ____________mar2: '[2]RESTAURAÇÃO '!#REF!
Name ___________mar2: '[2]RESTAURAÇÃO '!#REF!
Name ___________mar2: '[2]RESTAURAÇÃO '!#REF!
Name ___________mar2: '[2]RESTAURAÇÃO '!#REF!
Name __________mar2: '[2]RESTAURAÇÃO '!#REF!
Name __________mar2: '[2]RESTAURAÇÃO '!#REF!
Name _________mar2: '[2]RESTAURAÇÃO '!#REF!
Name _________mar2: '[2]RESTAURAÇÃO '!#REF!
Name ________mar2: '[2]RESTAURAÇÃO '!#REF!
Name ________mar2: '[2]RESTAURAÇÃO '!#REF!
Name _______mar2: '[2]RESTAURAÇÃO '!#REF!
Name _______mar2: '[2]RESTAURAÇÃO '!#REF!
Name ______mar2: '[2]RESTAURAÇÃO '!#REF!
Name ______mar2: '[2]RESTAURAÇÃO '!#REF!
Name _____mar2: '[2]RESTAURAÇÃO '!#REF!
Name _____mar2: '[2]RESTAURAÇÃO '!#REF!
Name _____R: #REF!
Name _____R: #REF!

Sheet QCI 
A1: PREFEITURA MUNICIPAL DE OLINDA
A2: SECRETARIA DE OBRAS
A3: SECRETARIA EXECUTIVA DE OBRAS
A4: Empreendimento
A5: =Resumo!B5 -> CONTRATAÇÃO DE EMPRESA ESPECIALIZADA PARA EXECUÇÃO DE OBRAS DE TERRAPLENAGEM, PAVIMENTAÇÃO, DRENAGEM, ACESSIBILIDADE E SINALIZAÇÃO DA RUA CACIMBÃO NO BAIRRO DE SALGADINHO E RUA COMPOSITOR ATAULFO ALVES NO BAIRRO FRAGOSO, NO MUNICÍPIO DE OLINDA-PE, CONTRATO DE REPASSE: 1088.389-47/2023. | H5: REPASSE | I5: CONTRAPARTIDA | J5: TOTAL
A6: Agente Executor | H6: 960019 | I6: 39981 | J6: =F18 -> 1000000
A7: PREFEITURA MUNICIPAL DE OLINDA - SECRETARIA DE OBRAS/ SECRETARIA EXECUTIVA DE OBRAS | H7: =H6/J6 -> 0.960019 | I7: =I6/J6 -> 0.039981 | J7: =SUM(H7:I8) -> 1
A9: Programa | C9: Modalidade
A10: MINISTÉRIO DAS CIDADES
A11: CR 1088.389-47/2023 | H11: REPASSE | I11: CONTRAPARTIDA | J11: TOTAL
A12: Quadro de Composição de Investimento - QCI - OGU | H12: 960019 | I12: =J12-H12 -> #N/A | J12: =F40 -> #N/A | L12: =H12/6 -> 160003.17 | M12: =I12/6 -> #N/A | N12: =J12/6 -> #N/A
A13: Item | B13: Discriminação | C13: Investimento total (R$) | F13: Total | H13: =H12/J12 -> #N/A | I13: =J13-H13 -> #N/A | J13: 1
C14: Recursos da União | E14: Contrapartida
A15: 1.0 | B15: ETAPA CONCLUÍDA | I15: RUA 28
A16: 1.1 | B16: =H10 -> 0 | C16: =F16-E16 -> #VALUE! | E16: =F16*K7 -> #VALUE! | F16: =H11 -> REPASSE | I16: ='[40]PLANILHA CONSOLIDADA'!M132 -> 100754.03
A17: 1.2 | B17: =H13 -> #N/A | C17: =F17-E17 -> 0 | E17: =F17*K7 -> 0 | F17: =H14 -> 0 | I17: RUA 20
C18: =H6 -> 960019 | E18: =I6 -> 39981 | F18: =SUM(C18+E18) -> 1000000
A20: 1 | B20: ETAPA PROPOSTA
A21: 1.0 | B21: =Resumo!B11 -> RUA DO CACIMBÃO | C21: =SUM(C22:C28) -> #N/A | E21: =SUM(E22:E28) -> #N/A | F21: =SUM(F22:F28) -> 410073.98
B22: =Resumo!B12 -> ADMINISTRAÇÃO LOCAL DA OBRA | C22: =F22*$H$13 -> #N/A | E22: =F22*$I$13 -> #N/A | F22: =G22 -> 17736.48 | G22: =Resumo!C12 -> 17736.48
B23: =Resumo!B13 -> SERVIÇOS PRELIMINARES | C23: =F23*$H$13 -> #N/A | E23: =F23*$I$13 -> #N/A | F23: =G23 -> 20110.53 | G23: =Resumo!C13 -> 20110.53
B24: =Resumo!B14 -> DRENAGEM | C24: =F24*$H$13 -> #N/A | E24: =F24*$I$13 -> #N/A | F24: =G24 -> 89743.98 | G24: =Resumo!C14 -> 89743.98
B25: =Resumo!B15 -> TERRAPLENAGEM | C25: =F25*$H$13 -> #N/A | E25: =F25*$I$13 -> #N/A | F25: =G25 -> 82368.14 | G25: =Resumo!C15 -> 82368.14
B26: =Resumo!B16 -> PAVIMENTAÇÃO | C26: =F26*$H$13 -> #N/A | E26: =F26*$I$13 -> #N/A | F26: =G26 -> 124382.69 | G26: =Resumo!C16 -> 124382.69
B27: =Resumo!B17 -> PASSEIOS | C27: =F27*$H$13 -> #N/A | E27: =F27*$I$13 -> #N/A | F27: =G27 -> 59080.97 | G27: =Resumo!C17 -> 59080.97
B28: =Resumo!B18 -> SINALIZAÇÃO | C28: =F28*$H$13 -> #N/A | E28: =F28*$I$13 -> #N/A | F28: =G28 -> 16651.19 | G28: =Resumo!C18 -> 16651.19
A29: 2.0 | B29: =Resumo!B19 -> RUA COMPOSITOR ATAULFO ALVES | C29: =SUM(C30:C36) -> #N/A | E29: =SUM(E30:E36) -> #N/A | F29: =SUM(F30:F36) -> 603092.56
B30: =Resumo!B20 -> ADMINISTRAÇÃO LOCAL DA OBRA | C30: =F30*$H$13 -> #N/A | E30: =F30*$I$13 -> #N/A | F30: =G30 -> 17736.48 | G30: =Resumo!C20 -> 17736.48
B31: =Resumo!B21 -> SERVIÇOS PRELIMINARES | C31: =F31*$H$13 -> #N/A | E31: =F31*$I$13 -> #N/A | F31: =G31 -> 20312.16 | G31: =Resumo!C21 -> 20312.16
B32: =Resumo!B22 -> TERRAPLENAGEM E MOVIMENTO DE TERRA | C32: =F32*$H$13 -> #N/A | E32: =F32*$I$13 -> #N/A | F32: =G32 -> 205914.16 | G32: =Resumo!C22 -> 205914.16
B33: =Resumo!B23 -> DRENAGEM | C33: =F33*$H$13 -> #N/A | E33: =F33*$I$13 -> #N/A | F33: =G33 -> 7264.25 | G33: =Resumo!C23 -> 7264.25
B34: =Resumo!B24 -> PAVIMENTAÇÃO | C34: =F34*$H$13 -> #N/A | E34: =F34*$I$13 -> #N/A | F34: =G34 -> 244208.91 | G34: =Resumo!C24 -> 244208.91
B35: =Resumo!B25 -> PASSEIOS | C35: =F35*$H$13 -> #N/A | E35: =F35*$I$13 -> #N/A | F35: =G35 -> 93671.89 | G35: =Resumo!C25 -> 93671.89
B36: =Resumo!B26 -> SINALIZAÇÃO | C36: =F36*$H$13 -> #N/A | E36: =F36*$I$13 -> #N/A | F36: =G36 -> 13984.71 | G36: =Resumo!C26 -> 13984.71
A38: ETAPA PROPOSTA | C38: =C21+C29 -> #N/A | E38: =E21+E29 -> #N/A | F38: =F21+F29 -> 1013166.5
A40: TOTAL | C40: =C38 -> #N/A | E40: =E38 -> #N/A | F40: =C40+E40 -> #N/A
C41: 0.91578339
A42: Olinda, _____/_____/_______
A43: Local / Data
A44: Assinatura do representante da equipe técnica
A45: Nome:
A46: Cargo:
A47: CREA:

Sheet Resumo
A1: =Orçamento!A1 -> PREFEITURA MUNICIPAL DE OLINDA
A2: =Orçamento!A2 -> SECRETARIA DE OBRAS
A3: =Orçamento!A3 -> SECRETARIA EXECUTIVA DE OBRAS
A5: OBJETO: | B5: CONTRATAÇÃO DE EMPRESA ESPECIALIZADA PARA EXECUÇÃO DE OBRAS DE TERRAPLENAGEM, PAVIMENTAÇÃO, DRENAGEM, ACESSIBILIDADE E SINALIZAÇÃO DA RUA CACIMBÃO NO BAIRRO DE SALGADINHO E RUA COMPOSITOR ATAULFO ALVES NO BAIRRO FRAGOSO, NO MUNICÍPIO DE OLINDA-PE, CONTRATO DE REPASSE: 1088.389-47/2023.
A6: Localização: | B6: OLINDA - PE | C6: CR 1088.389-47/2023
C7: Data base: | D7: 45786
A9: PLANILHA RESUMO | H9: 960019 | J9: 39981 | L9: =H9+J9 -> 1000000
A10: ITEM | B10: DISCRIMINAÇÃO DOS SERVIÇOS | C10: VALOR ONERADO | D10: %
B11: =Orçamento!E12 -> RUA DO CACIMBÃO | C11: =SUM(C12:C18) -> 410073.98 | D11: =C11/$C$27 -> 0.40474489 | H11: =H9/L9 -> 0.960019 | J11: =J9/L9 -> 0.039981
A12: 1.0 | B12: =VLOOKUP(A12,Orçamento!A:K,5,0) -> ADMINISTRAÇÃO LOCAL DA OBRA | C12: =VLOOKUP(A12,Orçamento!A:K,11,0) -> 17736.48 | D12: =C12/$C$27 -> 0.017505987
A13: 2.0 | B13: =VLOOKUP(A13,Orçamento!A:K,5,0) -> SERVIÇOS PRELIMINARES | C13: =VLOOKUP(A13,Orçamento!A:K,11,0) -> 20110.53 | D13: =C13/$C$27 -> 0.019849185
A14: 3.0 | B14: =VLOOKUP(A14,Orçamento!A:K,5,0) -> DRENAGEM | C14: =VLOOKUP(A14,Orçamento!A:K,11,0) -> 89743.98 | D14: =C14/$C$27 -> 0.088577718 | H14: =H9 -> 960019 | J14: =L14-H14 -> 53147.54 | L14: =C27 -> 1013166.5
A15: 4.0 | B15: =VLOOKUP(A15,Orçamento!A:K,5,0) -> TERRAPLENAGEM | C15: =VLOOKUP(A15,Orçamento!A:K,11,0) -> 82368.14 | D15: =C15/$C$27 -> 0.08129773 | H15: =H14/L14 -> 0.94754314 | J15: =J14/L14 -> 0.052456865
A16: 5.0 | B16: =VLOOKUP(A16,Orçamento!A:K,5,0) -> PAVIMENTAÇÃO | C16: =VLOOKUP(A16,Orçamento!A:K,11,0) -> 124382.69 | D16: =C16/$C$27 -> 0.12276628 | F16: cacimbão | H16: =L16*$H$15 -> 388562.78 | I16: =M16*$H$11 -> 0 | J16: =L16*$J$15 -> 21511.195 | L16: =C11 -> 410073.98
A17: 6.0 | B17: =VLOOKUP(A17,Orçamento!A:K,5,0) -> PASSEIOS | C17: =VLOOKUP(A17,Orçamento!A:K,11,0) -> 59080.97 | D17: =C17/$C$27 -> 0.058313187
A18: 7.0 | B18: =VLOOKUP(A18,Orçamento!A:K,5,0) -> SINALIZAÇÃO | C18: =VLOOKUP(A18,Orçamento!A:K,11,0) -> 16651.19 | D18: =C18/$C$27 -> 0.016434801 | F18: ataulfo | H18: =L18*$H$15 -> 571456.22 | J18: =L18*$J$15 -> 31636.345 | L18: =C19 -> 603092.56
B19: =Orçamento!E67 -> RUA COMPOSITOR ATAULFO ALVES | C19: =SUM(C20:C26) -> 603092.56 | D19: =C19/$C$27 -> 0.59525511
A20: =Orçamento!A68 -> 8.0 | B20: =VLOOKUP(A20,Orçamento!A:K,5,0) -> ADMINISTRAÇÃO LOCAL DA OBRA | C20: =VLOOKUP(A20,Orçamento!A:K,11,0) -> 17736.48 | D20: =C20/$C$27 -> 0.017505987
A21: =Orçamento!A71 -> 9.0 | B21: =VLOOKUP(A21,Orçamento!A:K,5,0) -> SERVIÇOS PRELIMINARES | C21: =VLOOKUP(A21,Orçamento!A:K,11,0) -> 20312.16 | D21: =C21/$C$27 -> 0.020048195
A22: =Orçamento!A77 -> 10.0 | B22: =VLOOKUP(A22,Orçamento!A:K,5,0) -> TERRAPLENAGEM E MOVIMENTO DE TERRA | C22: =VLOOKUP(A22,Orçamento!A:K,11,0) -> 205914.16 | D22: =C22/$C$27 -> 0.20323822
A23: =Orçamento!A87 -> 11.0 | B23: =VLOOKUP(A23,Orçamento!A:K,5,0) -> DRENAGEM | C23: =VLOOKUP(A23,Orçamento!A:K,11,0) -> 7264.25 | D23: =C23/$C$27 -> 0.0071698479
A24: =Orçamento!A90 -> 12.0 | B24: =VLOOKUP(A24,Orçamento!A:K,5,0) -> PAVIMENTAÇÃO | C24: =VLOOKUP(A24,Orçamento!A:K,11,0) -> 244208.91 | D24: =C24/$C$27 -> 0.24103531
A25: =Orçamento!A96 -> 13.0 | B25: =VLOOKUP(A25,Orçamento!A:K,5,0) -> PASSEIOS | C25: =VLOOKUP(A25,Orçamento!A:K,11,0) -> 93671.89 | D25: =C25/$C$27 -> 0.092454583
A26: =Orçamento!A102 -> 14.0 | B26: =VLOOKUP(A26,Orçamento!A:K,5,0) -> SINALIZAÇÃO | C26: =VLOOKUP(A26,Orçamento!A:K,11,0) -> 13984.71 | D26: =C26/$C$27 -> 0.013802973
A27: TOTAL GERAL | C27: =C19+C11 -> 1013166.5 | D27: =D11+D19 -> 1

Sheet Orçamento
A1: PREFEITURA MUNICIPAL DE OLINDA
A2: SECRETARIA DE OBRAS
A3: SECRETARIA EXECUTIVA DE OBRAS
A4: =Resumo!A5 -> OBJETO: | B4: =Resumo!B5 -> CONTRATAÇÃO DE EMPRESA ESPECIALIZADA PARA EXECUÇÃO DE OBRAS DE TERRAPLENAGEM, PAVIMENTAÇÃO, DRENAGEM, ACESSIBILIDADE E SINALIZAÇÃO DA RUA CACIMBÃO NO BAIRRO DE SALGADINHO E RUA COMPOSITOR ATAULFO ALVES NO BAIRRO FRAGOSO, NO MUNICÍPIO DE OLINDA-PE, CONTRATO DE REPASSE: 1088.389-47/2023.
A5: DATA BASE: 09/05/2025 | E5: Tabelas de referência: SINAPI (03/2025) e COMPESA (2024.2) | H5: ONERADO
H6: BDI Serviços | J6: SERVIÇOS | K6: 0.2199
A7: CR 1088.389-47/2023 | F7: ENC. SOCIAIS NÃO DESONERADOS: 113,84% (HORA) / 70,11% (MÊS) | L7: =K10-K13-K68 -> 977693.58
A8: PLANILHA ORÇAMENTÁRIA
A10: ITEM | B10: CÓDIGO | C10: FONTE | D10: TIPO | E10: DISCRIMINAÇÃO | F10: UNID | G10: QUANT. | H10: ONERADO | J10: TOTAL | K10: =K12+K67 -> 1013166.5
H11: UNIT. S/ BDI | I11: BDI | J11: UNIT. C/ BDI | K11: TOTAL COM BDI
E12: RUA DO CACIMBÃO | K12: =SUM(K13,K16,K22,K27,K37,K41,K54) -> 410073.98
A13: 1.0 | E13: ADMINISTRAÇÃO LOCAL DA OBRA | K13: =SUM(K14:K15) -> 17736.48
A14: 1.1 | B14: 90776 | C14: SINAPI SERVIÇO | D14: SERVIÇOS | E14: ENCARREGADO GERAL COM ENCARGOS COMPLEMENTARES. | F14: H | G14: =TRUNC(VLOOKUP(A14,'Memória de cálculo'!$A:$N,14,0),2) -> 144 | H14: =VLOOKUP(B14,COMP_MAR_25,4,0) -> 36.19 | I14: =VLOOKUP(D14,$J$6:$K$6,2,0) -> 0.2199 | J14: =ROUND(H14*(I14+1),2) -> 44.15 | K14: =ROUND(G14*J14,2) -> 6357.6 | M14: =G14*H14 -> 5211.36
A15: 1.2 | B15: 90777 | C15: SINAPI SERVIÇO | D15: SERVIÇOS | E15: ENGENHEIRO CIVIL DE OBRA JUNIOR COM ENCARGOS COMPLEMENTARES. | F15: H | G15: =TRUNC(VLOOKUP(A15,'Memória de cálculo'!$A:$N,14,0),2) -> 72 | H15: =VLOOKUP(B15,COMP_MAR_25,4,0) -> 129.55 | I15: =VLOOKUP(D15,$J$6:$K$6,2,0) -> 0.2199 | J15: =ROUND(H15*(I15+1),2) -> 158.04 | K15: =ROUND(G15*J15,2) -> 11378.88 | M15: =G15*H15 -> 9327.6
A16: 2.0 | E16: SERVIÇOS PRELIMINARES | K16: =SUM(K17:K21) -> 20110.53
A17: 2.1 | B17: 103689 | C17: SINAPI SERVIÇO | D17: SERVIÇOS | E17: FORNECIMENTO E INSTALAÇÃO DE PLACA DE OBRA COM CHAPA GALVANIZADA E ESTRUTURA DE MADEIRA. | F17: M2 | G17: =TRUNC(VLOOKUP(A17,'Memória de cálculo'!$A:$N,14,0),2) -> 6 | H17: =VLOOKUP(B17,COMP_MAR_25,4,0) -> 465.89 | I17: =VLOOKUP(D17,$J$6:$K$6,2,0) -> 0.2199 | J17: =ROUND(H17*(I17+1),2) -> 568.34 | K17: =ROUND(G17*J17,2) -> 3410.04 | M17: =G17*H17 -> 2795.34
A18: 2.2 | B18: COMPOSIÇÃO 07 | C18: COMPOSIÇÃO | D18: SERVIÇOS | E18: LOCAÇÃO DE BANHEIRO QUÍMICO COM LIMPEZA DIÁRIA INCLUSO COLETA E DESTINAÇÃO FINAL DE EFLUENTES. | F18: MÊS | G18: =TRUNC(VLOOKUP(A18,'Memória de cálculo'!$A:$N,14,0),2) -> 3 | H18: =VLOOKUP(B18,COMP,7,0) -> 4161.92 | I18: =VLOOKUP(D18,$J$6:$K$6,2,0) -> 0.2199 | J18: =ROUND(H18*(I18+1),2) -> 5077.13 | K18: =ROUND(G18*J18,2) -> 15231.39 | M18: =G18*H18 -> 12485.76
A19: 2.3 | B19: COMPOSIÇÃO 03 | C19: COMPOSIÇÃO | D19: SERVIÇOS | E19: SINALIZAÇÃO DIURNA COM CONES E TELA PLÁSTICA TIPO LARANJA (REF.SINAPI 72947 COM ADAPTAÇÕES). | F19: M | G19: =TRUNC(VLOOKUP(A19,'Memória de cálculo'!$A:$N,14,0),2) -> 36.28 | H19: =VLOOKUP(B19,COMP,7,0) -> 7.73 | I19: =VLOOKUP(D19,$J$6:$K$6,2,0) -> 0.2199 | J19: =ROUND(H19*(I19+1),2) -> 9.43 | K19: =ROUND(G19*J19,2) -> 342.12 | M19: =G19*H19 -> 280.4444
A20: 2.4 | B20: COMPOSIÇÃO 04 | C20: COMPOSIÇÃO | D20: SERVIÇOS | E20: SINALIZAÇÃO DE TRÂNSITO - NOTURNA. | F20: M | G20: =TRUNC(VLOOKUP(A20,'Memória de cálculo'!$A:$N,14,0),2) -> 36.28 | H20: =VLOOKUP(B20,COMP,7,0) -> 3.17 | I20: =VLOOKUP(D20,$J$6:$K$6,2,0) -> 0.2199 | J20: =ROUND(H20*(I20+1),2) -> 3.87 | K20: =ROUND(G20*J20,2) -> 140.4 | M20: =G20*H20 -> 115.0076
A21: 2.5 | B21: COMPOSIÇÃO 05 | C21: COMPOSIÇÃO | D21: SERVIÇOS | E21: CAVALETE METÁLICO (COMP. PRÓPRIA BASEADOS NO QUANTITATIVOS PROJETO DE CAVALETE DE SINALIZAÇÃO EM ANEXO). | F21: UN | G21: =TRUNC(VLOOKUP(A21,'Memória de cálculo'!$A:$N,14,0),2) -> 2 | H21: =VLOOKUP(B21,COMP,7,0) -> 404.37 | I21: =VLOOKUP(D21,$J$6:$K$6,2,0) -> 0.2199 | J21: =ROUND(H21*(I21+1),2) -> 493.29 | K21: =ROUND(G21*J21,2) -> 986.58 | M21: =G21*H21 -> 808.74
A22: 3.0 | E22: DRENAGEM | K22: =SUM(K23:K26) -> 89743.98
A23: 3.1 | B23: 98525 | C23: SINAPI SERVIÇO | D23: SERVIÇOS | E23: LIMPEZA MECANIZADA DE CAMADA VEGETAL, VEGETAÇÃO E PEQUENAS ÁRVORES (DIÂMETRO DE TRONCO MENOR QUE 0,20 M), COM TRATOR DE ESTEIRAS. | F23: M2 | G23: =TRUNC(VLOOKUP(A23,'Memória de cálculo'!$A:$N,14,0),2) -> 745.06 | H23: =VLOOKUP(B23,COMP_MAR_25,4,0) -> 0.66 | I23: =VLOOKUP(D23,$J$6:$K$6,2,0) -> 0.2199 | J23: =ROUND(H23*(I23+1),2) -> 0.81 | K23: =ROUND(G23*J23,2) -> 603.5 | M23: =G23*H23 -> 491.7396
A24: 3.2 | B24: 100980 | C24: SINAPI SERVIÇO | D24: SERVIÇOS | E24: CARGA, MANOBRA E DESCARGA DE SOLOS E MATERIAIS GRANULARES EM CAMINHÃO BASCULANTE 18 M³ - CARGA COM ESCAVADEIRA HIDRÁULICA (CAÇAMBA DE 1,20 M³ / 155 HP) E DESCARGA LIVRE (UNIDADE: M3). | F24: M3 | G24: =TRUNC(VLOOKUP(A24,'Memória de cálculo'!$A:$N,14,0),2) -> 93.13 | H24: =VLOOKUP(B24,COMP_MAR_25,4,0) -> 6.39 | I24: =VLOOKUP(D24,$J$6:$K$6,2,0) -> 0.2199 | J24: =ROUND(H24*(I24+1),2) -> 7.8 | K24: =ROUND(G24*J24,2) -> 726.41 | M24: =G24*H24 -> 595.1007
A25: 3.3 | B25: 95877 | C25: SINAPI SERVIÇO | D25: SERVIÇOS | E25: TRANSPORTE COM CAMINHÃO BASCULANTE DE 18 M³, EM VIA URBANA PAVIMENTADA, DMT ATÉ 30 KM (UNIDADE: M3XKM). | F25: M3XKM | G25: =TRUNC(VLOOKUP(A25,'Memória de cálculo'!$A:$N,14,0),2) -> 428.39 | H25: =VLOOKUP(B25,COMP_MAR_25,4,0) -> 1.85 | I25: =VLOOKUP(D25,$J$6:$K$6,2,0) -> 0.2199 | J25: =ROUND(H25*(I25+1),2) -> 2.26 | K25: =ROUND(G25*J25,2) -> 968.16 | M25: =G25*H25 -> 792.5215
A26: 3.4 | B26: COMPOSIÇÃO 18 | C26: COMPOSIÇÃO | D26: SERVIÇOS | E26: CANALETA DE DRENAGEM EM ALVENARIA DE BLOCO DE CONCRETO, DIMENSÕES INTERNAS 40 X 60CM, COM TAMPA DE CONCRETO ARMADO (0,50 X 1,00M X 0,10M). | F26: M | G26: =TRUNC(VLOOKUP(A26,'Memória de cálculo'!$A:$N,14,0),2) -> 180.13 | H26: =VLOOKUP(B26,COMP,7,0) -> 397.95 | I26: =VLOOKUP(D26,$J$6:$K$6,2,0) -> 0.2199 | J26: =ROUND(H26*(I26+1),2) -> 485.46 | K26: =ROUND(G26*J26,2) -> 87445.91 | M26: =G26*H26 -> 71682.734
A27: 4.0 | E27: TERRAPLENAGEM | K27: =SUM(K28:K36) -> 82368.14
A28: 4.1 | B28: COMPOSIÇÃO 06 | C28: COMPOSIÇÃO | D28: SERVIÇOS | E28: SERVIÇOS TOPOGRÁFICOS PARA PAVIMENTAÇÃO, INCLUSIVE NOTA DE SERVIÇOS, ACOMPANHAMENTO E GREIDE. | F28: M2 | G28: =TRUNC(VLOOKUP(A28,'Memória de cálculo'!$A:$N,14,0),2) -> 980.86 | H28: =VLOOKUP(B28,COMP,7,0) -> 0.35 | I28: =VLOOKUP(D28,$J$6:$K$6,2,0) -> 0.2199 | J28: =ROUND(H28*(I28+1),2) -> 0.43 | K28: =ROUND(G28*J28,2) -> 421.77 | M28: =G28*H28 -> 343.301
A29: 4.2 | B29: 101116 | C29: SINAPI SERVIÇO | D29: SERVIÇOS | E29: ESCAVAÇÃO HORIZONTAL EM SOLO DE 1A CATEGORIA COM TRATOR DE ESTEIRAS (170HP/LÂMINA: 5,20M3). | F29: M3 | G29: =TRUNC(VLOOKUP(A29,'Memória de cálculo'!$A:$N,14,0),2) -> 507.49 | H29: =VLOOKUP(B29,COMP_MAR_25,4,0) -> 2.35 | I29: =VLOOKUP(D29,$J$6:$K$6,2,0) -> 0.2199 | J29: =ROUND(H29*(I29+1),2) -> 2.87 | K29: =ROUND(G29*J29,2) -> 1456.5 | M29: =G29*H29 -> 1192.6015
A30: 4.3 | B30: 100980 | C30: SINAPI SERVIÇO | D30: SERVIÇOS | E30: CARGA, MANOBRA E DESCARGA DE SOLOS E MATERIAIS GRANULARES EM CAMINHÃO BASCULANTE 18 M³ - CARGA COM ESCAVADEIRA HIDRÁULICA (CAÇAMBA DE 1,20 M³ / 155 HP) E DESCARGA LIVRE (UNIDADE: M3). | F30: M3 | G30: =TRUNC(VLOOKUP(A30,'Memória de cálculo'!$A:$N,14,0),2) -> 585 | H30: =VLOOKUP(B30,COMP_MAR_25,4,0) -> 6.39 | I30: =VLOOKUP(D30,$J$6:$K$6,2,0) -> 0.2199 | J30: =ROUND(H30*(I30+1),2) -> 7.8 | K30: =ROUND(G30*J30,2) -> 4563 | M30: =G30*H30 -> 3738.15
A31: 4.4 | B31: 96386 | C31: SINAPI SERVIÇO | D31: SERVIÇOS | E31: EXECUÇÃO E COMPACTAÇÃO DE CORPO DE ATERRO (95% DE ENERGIA DO PROCTOR NORMAL) COM SOLO PREDOMINANTEMENTE ARENOSO ESPESSURA 15CM - EXCLUSIVE MATERIAL, ESCAVAÇÃO, CARGA E TRANSPORTE. | F31: M3 | G31: =TRUNC(VLOOKUP(A31,'Memória de cálculo'!$A:$N,14,0),2) -> 39.49 | H31: =VLOOKUP(B31,COMP_MAR_25,4,0) -> 6.36 | I31: =VLOOKUP(D31,$J$6:$K$6,2,0) -> 0.2199 | J31: =ROUND(H31*(I31+1),2) -> 7.76 | K31: =ROUND(G31*J31,2) -> 306.44 | M31: =G31*H31 -> 251.1564
A32: 4.5 | B32: 95875 | C32: SINAPI SERVIÇO | D32: SERVIÇOS | E32: TRANSPORTE COM CAMINHÃO BASCULANTE DE 10 M³, EM VIA URBANA PAVIMENTADA, DMT ATÉ 30 KM (UNIDADE: M3XKM). | F32: M3XKM | G32: =TRUNC(VLOOKUP(A32,'Memória de cálculo'!$A:$N,14,0),2) -> 2691 | H32: =VLOOKUP(B32,COMP_MAR_25,4,0) -> 2.59 | I32: =VLOOKUP(D32,$J$6:$K$6,2,0) -> 0.2199 | J32: =ROUND(H32*(I32+1),2) -> 3.16 | K32: =ROUND(G32*J32,2) -> 8503.56 | M32: =G32*H32 -> 6969.69
A33: 4.6 | B33: 100576 | C33: SINAPI SERVIÇO | D33: SERVIÇOS | E33: REGULARIZAÇÃO E COMPACTAÇÃO DE SUBLEITO DE SOLO PREDOMINANTEMENTE ARGILOSO, PARA OBRAS DE CONSTRUÇÃO DE PAVIMENTOS. | F33: M2 | G33: =TRUNC(VLOOKUP(A33,'Memória de cálculo'!$A:$N,14,0),2) -> 980.86 | H33: =VLOOKUP(B33,COMP_MAR_25,4,0) -> 1.93 | I33: =VLOOKUP(D33,$J$6:$K$6,2,0) -> 0.2199 | J33: =ROUND(H33*(I33+1),2) -> 2.35 | K33: =ROUND(G33*J33,2) -> 2305.02 | M33: =G33*H33 -> 1893.0598
A34: 4.7 | B34: 96396 | C34: SINAPI SERVIÇO | D34: SERVIÇOS | E34: CONSTRUÇÃO DE BASE E SUB-BASE PARA PAVIMENTAÇÃO DE BRITA GRADUADA SIMPLES, COM ESPESSURA DE 15 CM - EXCLUSIVE CARGA E TRANSPORTE. AF_09/2024 | F34: M3 | G34: =TRUNC(VLOOKUP(A34,'Memória de cálculo'!$A:$N,14,0),2) -> 196.17 | H34: =VLOOKUP(B34,COMP_MAR_25,4,0) -> 172.82 | I34: =VLOOKUP(D34,$J$6:$K$6,2,0) -> 0.2199 | J34: =ROUND(H34*(I34+1),2) -> 210.82 | K34: =ROUND(G34*J34,2) -> 41356.56 | M34: =G34*H34 -> 33902.099
A35: 4.8 | B35: 100974 | C35: SINAPI SERVIÇO | D35: SERVIÇOS | E35: CARGA, MANOBRA E DESCARGA DE SOLOS E MATERIAIS GRANULARES EM CAMINHÃO BASCULANTE 10 M³ - CARGA COM PÁ CARREGADEIRA (CAÇAMBA DE 1,7 A 2,8 M³ / 128 HP) E DESCARGA LIVRE (UNIDADE: M3). | F35: M3 | G35: =TRUNC(VLOOKUP(A35,'Memória de cálculo'!$A:$N,14,0),2) -> 245.21 | H35: =VLOOKUP(B35,COMP_MAR_25,4,0) -> 8.73 | I35: =VLOOKUP(D35,$J$6:$K$6,2,0) -> 0.2199 | J35: =ROUND(H35*(I35+1),2) -> 10.65 | K35: =ROUND(G35*J35,2) -> 2611.49 | M35: =G35*H35 -> 2140.6833
A36: 4.9 | B36: 95875 | C36: SINAPI SERVIÇO | D36: SERVIÇOS | E36: TRANSPORTE COM CAMINHÃO BASCULANTE DE 10 M³, EM VIA URBANA PAVIMENTADA, DMT ATÉ 30 KM (UNIDADE: M3XKM). | F36: M3XKM | G36: =TRUNC(VLOOKUP(A36,'Memória de cálculo'!$A:$N,14,0),2) -> 6596.14 | H36: =VLOOKUP(B36,COMP_MAR_25,4,0) -> 2.59 | I36: =VLOOKUP(D36,$J$6:$K$6,2,0) -> 0.2199 | J36: =ROUND(H36*(I36+1),2) -> 3.16 | K36: =ROUND(G36*J36,2) -> 20843.8 | M36: =G36*H36 -> 17084.003
A37: 5.0 | E37: PAVIMENTAÇÃO | K37: =SUM(K38:K40) -> 124382.69
A38: 5.1 | B38: 101169 | C38: SINAPI SERVIÇO | D38: SERVIÇOS | E38: EXECUÇÃO DE PAVIMENTO EM PARALELEPÍPEDOS, REJUNTAMENTO COM ARGAMASSA TRAÇO 1:3 (CIMENTO E AREIA). | F38: M2 | G38: =TRUNC(VLOOKUP(A38,'Memória de cálculo'!$A:$N,14,0),2) -> 745.06 | H38: =VLOOKUP(B38,COMP_MAR_25,4,0) -> 85.89 | I38: =VLOOKUP(D38,$J$6:$K$6,2,0) -> 0.2199 | J38: =ROUND(H38*(I38+1),2) -> 104.78 | K38: =ROUND(G38*J38,2) -> 78067.39 | M38: =G38*H38 -> 63993.203
A39: 5.2 | B39: 94273 | C39: SINAPI SERVIÇO | D39: SERVIÇOS | E39: ASSENTAMENTO DE GUIA (MEIO-FIO) EM TRECHO RETO, CONFECCIONADA EM CONCRETO PRÉ-FABRICADO, DIMENSÕES 100X15X13X30 CM (COMPRIMENTO X BASE INFERIOR X BASE SUPERIOR X ALTURA). | F39: M | G39: =TRUNC(VLOOKUP(A39,'Memória de cálculo'!$A:$N,14,0),2) -> 712.86 | H39: =VLOOKUP(B39,COMP_MAR_25,4,0) -> 51.25 | I39: =VLOOKUP(D39,$J$6:$K$6,2,0) -> 0.2199 | J39: =ROUND(H39*(I39+1),2) -> 62.52 | K39: =ROUND(G39*J39,2) -> 44568.01 | M39: =G39*H39 -> 36534.075
A40: 5.3 | B40: 94274 | C40: SINAPI SERVIÇO | D40: SERVIÇOS | E40: ASSENTAMENTO DE GUIA (MEIO-FIO) EM TRECHO CURVO, CONFECCIONADA EM CONCRETO PRÉ-FABRICADO, DIMENSÕES 100X15X13X30 CM (COMPRIMENTO X BASE INFERIOR X BASE SUPERIOR X ALTURA). | F40: M | G40: =TRUNC(VLOOKUP(A40,'Memória de cálculo'!$A:$N,14,0),2) -> 26.45 | H40: =VLOOKUP(B40,COMP_MAR_25,4,0) -> 54.15 | I40: =VLOOKUP(D40,$J$6:$K$6,2,0) -> 0.2199 | J40: =ROUND(H40*(I40+1),2) -> 66.06 | K40: =ROUND(G40*J40,2) -> 1747.29 | M40: =G40*H40 -> 1432.2675
A41: 6.0 | E41: PASSEIOS | K41: =SUM(K42:K53) -> 59080.97
A42: 6.1 | B42: 97087 | C42: SINAPI SERVIÇO | D42: SERVIÇOS | E42: CAMADA SEPARADORA PARA EXECUÇÃO DE RADIER, PISO DE CONCRETO OU LAJE SOBRE SOLO, EM LONA PLÁSTICA. | F42: M2 | G42: =TRUNC(VLOOKUP(A42,'Memória de cálculo'!$A:$N,14,0),2) -> 804.01 | H42: =VLOOKUP(B42,COMP_MAR_25,4,0) -> 1.93 | I42: =VLOOKUP(D42,$J$6:$K$6,2,0) -> 0.2199 | J42: =ROUND(H42*(I42+1),2) -> 2.35 | K42: =ROUND(G42*J42,2) -> 1889.42 | M42: =G42*H42 -> 1551.7393
A43: 6.2 | B43: 94990 | C43: SINAPI SERVIÇO | D43: SERVIÇOS | E43: EXECUÇÃO DE PASSEIO (CALÇADA) OU PISO DE CONCRETO COM CONCRETO MOLDADO IN LOCO, FEITO EM OBRA, ACABAMENTO CONVENCIONAL, NÃO ARMADO. | F43: M3 | G43: =TRUNC(VLOOKUP(A43,'Memória de cálculo'!$A:$N,14,0),2) -> 48.23 | H43: =VLOOKUP(B43,COMP_MAR_25,4,0) -> 775.1 | I43: =VLOOKUP(D43,$J$6:$K$6,2,0) -> 0.2199 | J43: =ROUND(H43*(I43+1),2) -> 945.54 | K43: =ROUND(G43*J43,2) -> 45603.39 | M43: =G43*H43 -> 37383.073
A44: 6.3 | B44: 93358 | C44: SINAPI SERVIÇO | D44: SERVIÇOS | E44: ESCAVAÇÃO MANUAL DE VALA. | F44: M3 | G44: =TRUNC(VLOOKUP(A44,'Memória de cálculo'!$A:$N,14,0),2) -> 1.31 | H44: =VLOOKUP(B44,COMP_MAR_25,4,0) -> 90.78 | I44: =VLOOKUP(D44,$J$6:$K$6,2,0) -> 0.2199 | J44: =ROUND(H44*(I44+1),2) -> 110.74 | K44: =ROUND(G44*J44,2) -> 145.07 | M44: =G44*H44 -> 118.9218
A45: 6.4 | B45: 89472 | C45: SINAPI SERVIÇO | D45: SERVIÇOS | E45: ALVENARIA DE BLOCOS DE CONCRETO ESTRUTURAL 14X19X39 CM (ESPESSURA 14 CM), FBK = 14 MPA, UTILIZANDO COLHER DE PEDREIRO. | F45: M2 | G45: =TRUNC(VLOOKUP(A45,'Memória de cálculo'!$A:$N,14,0),2) -> 7.35 | H45: =VLOOKUP(B45,COMP_MAR_25,4,0) -> 116.49 | I45: =VLOOKUP(D45,$J$6:$K$6,2,0) -> 0.2199 | J45: =ROUND(H45*(I45+1),2) -> 142.11 | K45: =ROUND(G45*J45,2) -> 1044.51 | M45: =G45*H45 -> 856.2015
A46: 6.5 | B46: 94963 | C46: SINAPI SERVIÇO | D46: SERVIÇOS | E46: CONCRETO FCK = 15MPA, TRAÇO 1:3,4:3,5 (EM MASSA SECA DE CIMENTO/ AREIA MÉDIA/ BRITA 1) - PREPARO MECÂNICO COM BETONEIRA 400 L. | F46: M3 | G46: =TRUNC(VLOOKUP(A46,'Memória de cálculo'!$A:$N,14,0),2) -> 0.36 | H46: =VLOOKUP(B46,COMP_MAR_25,4,0) -> 440.79 | I46: =VLOOKUP(D46,$J$6:$K$6,2,0) -> 0.2199 | J46: =ROUND(H46*(I46+1),2) -> 537.72 | K46: =ROUND(G46*J46,2) -> 193.58 | M46: =G46*H46 -> 158.6844
A47: 6.6 | B47: 87878 | C47: SINAPI SERVIÇO | D47: SERVIÇOS | E47: CHAPISCO APLICADO EM ALVENARIAS E ESTRUTURAS DE CONCRETO INTERNAS, COM COLHER DE PEDREIRO. ARGAMASSA TRAÇO 1:3 COM PREPARO MANUAL. | F47: M2 | G47: =TRUNC(VLOOKUP(A47,'Memória de cálculo'!$A:$N,14,0),2) -> 19.11 | H47: =VLOOKUP(B47,COMP_MAR_25,4,0) -> 4.98 | I47: =VLOOKUP(D47,$J$6:$K$6,2,0) -> 0.2199 | J47: =ROUND(H47*(I47+1),2) -> 6.08 | K47: =ROUND(G47*J47,2) -> 116.19 | M47: =G47*H47 -> 95.1678
A48: 6.7 | B48: 87529 | C48: SINAPI SERVIÇO | D48: SERVIÇOS | E48: MASSA ÚNICA, EM ARGAMASSA TRAÇO 1:2:8, PREPARO MECÂNICO, APLICADA MANUALMENTE EM PAREDES INTERNAS DE AMBIENTES COM ÁREA ENTRE 5M² E 10M², E = 17,5MM, COM TALISCAS. | F48: M2 | G48: =TRUNC(VLOOKUP(A48,'Memória de cálculo'!$A:$N,14,0),2) -> 19.11 | H48: =VLOOKUP(B48,COMP_MAR_25,4,0) -> 39.86 | I48: =VLOOKUP(D48,$J$6:$K$6,2,0) -> 0.2199 | J48: =ROUND(H48*(I48+1),2) -> 48.63 | K48: =ROUND(G48*J48,2) -> 929.32 | M48: =G48*H48 -> 761.7246
A49: 6.8 | B49: COMPOSIÇÃO 27 | C49: COMPOSIÇÃO | D49: SERVIÇOS | E49: ESPALHAMENTO DE TERRA VEGETAL PARA O PLANTIO. | F49: M2 | G49: =TRUNC(VLOOKUP(A49,'Memória de cálculo'!$A:$N,14,0),2) -> 11.4 | H49: =VLOOKUP(B49,COMP,7,0) -> 3.27 | I49: =VLOOKUP(D49,$J$6:$K$6,2,0) -> 0.2199 | J49: =ROUND(H49*(I49+1),2) -> 3.99 | K49: =ROUND(G49*J49,2) -> 45.49 | M49: =G49*H49 -> 37.278
A50: 6.9 | B50: 98504 | C50: SINAPI SERVIÇO | D50: SERVIÇOS | E50: PLANTIO DE GRAMA BATATAIS EM PLACAS. | F50: M2 | G50: =TRUNC(VLOOKUP(A50,'Memória de cálculo'!$A:$N,14,0),2) -> 11.4 | H50: =VLOOKUP(B50,COMP_MAR_25,4,0) -> 20.26 | I50: =VLOOKUP(D50,$J$6:$K$6,2,0) -> 0.2199 | J50: =ROUND(H50*(I50+1),2) -> 24.72 | K50: =ROUND(G50*J50,2) -> 281.81 | M50: =G50*H50 -> 230.964
A51: 6.10 | B51: 104641 | C51: SINAPI SERVIÇO | D51: SERVIÇOS | E51: PINTURA LÁTEX ACRÍLICA ECONÔMICA, APLICAÇÃO MANUAL EM PAREDES, DUAS DEMÃOS. | F51: M2 | G51: =TRUNC(VLOOKUP(A51,'Memória de cálculo'!$A:$N,14,0),2) -> 19.11 | H51: =VLOOKUP(B51,COMP_MAR_25,4,0) -> 10.25 | I51: =VLOOKUP(D51,$J$6:$K$6,2,0) -> 0.2199 | J51: =ROUND(H51*(I51+1),2) -> 12.5 | K51: =ROUND(G51*J51,2) -> 238.88 | M51: =G51*H51 -> 195.8775
A52: 6.11 | B52: 104658 | C52: SINAPI SERVIÇO | D52: SERVIÇOS | E52: PISO PODOTÁTIL DE ALERTA OU DIRECIONAL, DE CONCRETO, ASSENTADO SOBRE ARGAMASSA. | F52: M2 | G52: =TRUNC(VLOOKUP(A52,'Memória de cálculo'!$A:$N,14,0),2) -> 9.6 | H52: =VLOOKUP(B52,COMP_MAR_25,4,0) -> 143.35 | I52: =VLOOKUP(D52,$J$6:$K$6,2,0) -> 0.2199 | J52: =ROUND(H52*(I52+1),2) -> 174.87 | K52: =ROUND(G52*J52,2) -> 1678.75 | M52: =G52*H52 -> 1376.16
A53: 6.12 | B53: 105002 | C53: SINAPI SERVIÇO | D53: SERVIÇOS | E53: RAMPA DE ACESSIBILIDADE EM CONCRETO MOLDADO IN LOCO, EM CALÇADA NOVA COM LARGURA MAIOR OU IGUAL À 3,00 M, FCK 25MPA, COM PISO PODOTÁTIL. | F53: UN | G53: =TRUNC(VLOOKUP(A53,'Memória de cálculo'!$A:$N,14,0),2) -> 8 | H53: =VLOOKUP(B53,COMP_MAR_25,4,0) -> 708.52 | I53: =VLOOKUP(D53,$J$6:$K$6,2,0) -> 0.2199 | J53: =ROUND(H53*(I53+1),2) -> 864.32 | K53: =ROUND(G53*J53,2) -> 6914.56 | L53: =SUM(G14:G65) -> 17042.43 | M53: =G53*H53 -> 5668.16
A54: 7.0 | E54: SINALIZAÇÃO | K54: =SUM(K55:K65) -> 16651.19
A55: 7.1 | B55: COMPOSIÇÃO 08 | C55: COMPOSIÇÃO | D55: SERVIÇOS | E55: FORNECIMENTO E INSTALAÇÃO DE PLACA DE SINALIZAÇÃO EM CHAPA DE AÇO EM SUPORTE DE MADEIRA. | F55: M2 | G55: =TRUNC(VLOOKUP(A55,'Memória de cálculo'!$A:$N,14,0),2) -> 4.97 | H55: =VLOOKUP(B55,COMP,7,0) -> 951.6 | I55: =VLOOKUP(D55,$J$6:$K$6,2,0) -> 0.2199 | J55: =ROUND(H55*(I55+1),2) -> 1160.86 | K55: =ROUND(G55*J55,2) -> 5769.47 | M55: =G55*H55 -> 4729.452
A56: 7.2 | B56: 103694 | C56: SINAPI SERVIÇO | D56: SERVIÇOS | E56: FORNECIMENTO E INSTALAÇÃO DE SUPORTE DE MADEIRA PARA PLACAS DE SINALIZAÇÃO, EM SOLO, COM H= DE 2,5 M E SEÇÃO DE 7,5 X 7,5 CM. | F56: UN | G56: =TRUNC(VLOOKUP(A56,'Memória de cálculo'!$A:$N,14,0),2) -> 14 | H56: =VLOOKUP(B56,COMP_MAR_25,4,0) -> 113.27 | I56: =VLOOKUP(D56,$J$6:$K$6,2,0) -> 0.2199 | J56: =ROUND(H56*(I56+1),2) -> 138.18 | K56: =ROUND(G56*J56,2) -> 1934.52 | M56: =G56*H56 -> 1585.78
A57: 7.3 | B57: COMPOSIÇÃO 11 | C57: COMPOSIÇÃO | D57: SERVIÇOS | E57: PLACA DE INDICAÇÃO DE LOMBADA N°16 COM PINTURA REFLETIVA. | F57: UN | G57: =TRUNC(VLOOKUP(A57,'Memória de cálculo'!$A:$N,14,0),2) -> 4 | H57: =VLOOKUP(B57,COMP,7,0) -> 1165.78 | I57: =VLOOKUP(D57,$J$6:$K$6,2,0) -> 0.2199 | J57: =ROUND(H57*(I57+1),2) -> 1422.14 | K57: =ROUND(G57*J57,2) -> 5688.56 | M57: =G57*H57 -> 4663.12
A58: 7.4 | B58: COMPOSIÇÃO 12 | C58: COMPOSIÇÃO | D58: SERVIÇOS | E58: PLACA DE INDICAÇÃO DE LOMBADA A FRENTE COM PINTURA REFLETIVA. | F58: UN | G58: =TRUNC(VLOOKUP(A58,'Memória de cálculo'!$A:$N,14,0),2) -> 4 | H58: =VLOOKUP(B58,COMP,7,0) -> 467.68 | I58: =VLOOKUP(D58,$J$6:$K$6,2,0) -> 0.2199 | J58: =ROUND(H58*(I58+1),2) -> 570.52 | K58: =ROUND(G58*J58,2) -> 2282.08 | M58: =G58*H58 -> 1870.72
A59: 7.5 | B59: COMPOSIÇÃO 10 | C59: COMPOSIÇÃO | D59: SERVIÇOS | E59: EXECUÇÃO DE LOMBADA. | F59: M3 | G59: =TRUNC(VLOOKUP(A59,'Memória de cálculo'!$A:$N,14,0),2) -> 0.72 | H59: =VLOOKUP(B59,COMP,7,0) -> 580.98 | I59: =VLOOKUP(D59,$J$6:$K$6,2,0) -> 0.2199 | J59: =ROUND(H59*(I59+1),2) -> 708.74 | K59: =ROUND(G59*J59,2) -> 510.29 | M59: =G59*H59 -> 418.3056
A60: 7.6 | B60: COMPOSIÇÃO 02 | C60: COMPOSIÇÃO | D60: SERVIÇOS | E60: PLACA EM CHAPA ESMALTADA DIM 45X20CM PARA IDENTIFICAÇÃO DE LOGRADOUROS. | F60: UN | G60: =TRUNC(VLOOKUP(A60,'Memória de cálculo'!$A:$N,14,0),2) -> 2 | H60: =VLOOKUP(B60,COMP,7,0) -> 145.77 | I60: =VLOOKUP(D60,$J$6:$K$6,2,0) -> 0.2199 | J60: =ROUND(H60*(I60+1),2) -> 177.82 | K60: =ROUND(G60*J60,2) -> 355.64 | M60: =G60*H60 -> 291.54
A61: 7.7 | B61: 93358 | C61: SINAPI SERVIÇO | D61: SERVIÇOS | E61: ESCAVAÇÃO MANUAL DE VALA. | F61: M3 | G61: =TRUNC(VLOOKUP(A61,'Memória de cálculo'!$A:$N,14,0),2) -> 0.28 | H61: =VLOOKUP(B61,COMP_MAR_25,4,0) -> 90.78 | I61: =VLOOKUP(D61,$J$6:$K$6,2,0) -> 0.2199 | J61: =ROUND(H61*(I61+1),2) -> 110.74 | K61: =ROUND(G61*J61,2) -> 31.01 | M61: =G61*H61 -> 25.4184
A62: 7.8 | B62: 94963 | C62: SINAPI SERVIÇO | D62: SERVIÇOS | E62: CONCRETO FCK = 15MPA, TRAÇO 1:3,4:3,5 (EM MASSA SECA DE CIMENTO/ AREIA MÉDIA/ BRITA 1) - PREPARO MECÂNICO COM BETONEIRA 400 L. | F62: M3 | G62: =TRUNC(VLOOKUP(A62,'Memória de cálculo'!$A:$N,14,0),2) -> 0.14 | H62: =VLOOKUP(B62,COMP_MAR_25,4,0) -> 440.79 | I62: =VLOOKUP(D62,$J$6:$K$6,2,0) -> 0.2199 | J62: =ROUND(H62*(I62+1),2) -> 537.72 | K62: =ROUND(G62*J62,2) -> 75.28 | M62: =G62*H62 -> 61.7106
A63: 7.9 | B63: 93382 | C63: SINAPI SERVIÇO | D63: SERVIÇOS | E63: REATERRO MANUAL DE VALAS, COM COMPACTADOR DE SOLOS DE PERCUSSÃO. | F63: M3 | G63: =TRUNC(VLOOKUP(A63,'Memória de cálculo'!$A:$N,14,0),2) -> 0.08 | H63: =VLOOKUP(B63,COMP_MAR_25,4,0) -> 26.39 | I63: =VLOOKUP(D63,$J$6:$K$6,2,0) -> 0.2199 | J63: =ROUND(H63*(I63+1),2) -> 32.19 | K63: =ROUND(G63*J63,2) -> 2.58 | M63: =G63*H63 -> 2.1112
A64: 7.10 | B64: 100974 | C64: SINAPI SERVIÇO | D64: SERVIÇOS | E64: CARGA, MANOBRA E DESCARGA DE SOLOS E MATERIAIS GRANULARES EM CAMINHÃO BASCULANTE 10 M³ - CARGA COM PÁ CARREGADEIRA (CAÇAMBA DE 1,7 A 2,8 M³ / 128 HP) E DESCARGA LIVRE (UNIDADE: M3). | F64: M3 | G64: =TRUNC(VLOOKUP(A64,'Memória de cálculo'!$A:$N,14,0),2) -> 0.07 | H64: =VLOOKUP(B64,COMP_MAR_25,4,0) -> 8.73 | I64: =VLOOKUP(D64,$J$6:$K$6,2,0) -> 0.2199 | J64: =ROUND(H64*(I64+1),2) -> 10.65 | K64: =ROUND(G64*J64,2) -> 0.75 | M64: =G64*H64 -> 0.6111
A65: 7.11 | B65: 95875 | C65: SINAPI SERVIÇO | D65: SERVIÇOS | E65: TRANSPORTE COM CAMINHÃO BASCULANTE DE 10 M³, EM VIA URBANA PAVIMENTADA, DMT ATÉ 30 KM (UNIDADE: M3XKM). | F65: M3XKM | G65: =TRUNC(VLOOKUP(A65,'Memória de cálculo'!$A:$N,14,0),2) -> 0.32 | H65: =VLOOKUP(B65,COMP_MAR_25,4,0) -> 2.59 | I65: =VLOOKUP(D65,$J$6:$K$6,2,0) -> 0.2199 | J65: =ROUND(H65*(I65+1),2) -> 3.16 | K65: =ROUND(G65*J65,2) -> 1.01 | M65: =G65*H65 -> 0.8288
E67: RUA COMPOSITOR ATAULFO ALVES | K67: =SUM(K68,K71,K77,K87,K90,K96,K102) -> 603092.56
A68: 8.0 | E68: ADMINISTRAÇÃO LOCAL DA OBRA | K68: =SUM(K69:K70) -> 17736.48
A69: 8.1 | B69: 90776 | C69: SINAPI SERVIÇO | D69: SERVIÇOS | E69: ENCARREGADO GERAL COM ENCARGOS COMPLEMENTARES. | F69: H | G69: =TRUNC(VLOOKUP(A69,'RUA COMPOSITOR ATAULFO ALVES'!$A:$N,14,0),2) -> 144 | H69: =VLOOKUP(B69,COMP_MAR_25,4,0) -> 36.19 | I69: =VLOOKUP(D69,$J$6:$K$6,2,0) -> 0.2199 | J69: =ROUND(H69*(I69+1),2) -> 44.15 | K69: =ROUND(G69*J69,2) -> 6357.6 | M69: =G69*H69 -> 5211.36
A70: 8.2 | B70: 90777 | C70: SINAPI SERVIÇO | D70: SERVIÇOS | E70: ENGENHEIRO CIVIL DE OBRA JUNIOR COM ENCARGOS COMPLEMENTARES. | F70: H | G70: =TRUNC(VLOOKUP(A70,'RUA COMPOSITOR ATAULFO ALVES'!$A:$N,14,0),2) -> 72 | H70: =VLOOKUP(B70,COMP_MAR_25,4,0) -> 129.55 | I70: =VLOOKUP(D70,$J$6:$K$6,2,0) -> 0.2199 | J70: =ROUND(H70*(I70+1),2) -> 158.04 | K70: =ROUND(G70*J70,2) -> 11378.88 | M70: =G70*H70 -> 9327.6
A71: 9.0 | E71: SERVIÇOS PRELIMINARES | K71: =SUM(K72:K76) -> 20312.16
A72: 9.1 | B72: 103689 | C72: SINAPI SERVIÇO | D72: SERVIÇOS | E72: FORNECIMENTO E INSTALAÇÃO DE PLACA DE OBRA COM CHAPA GALVANIZADA E ESTRUTURA DE MADEIRA. | F72: M2 | G72: =TRUNC(VLOOKUP(A72,'RUA COMPOSITOR ATAULFO ALVES'!$A:$N,14,0),2) -> 6 | H72: =VLOOKUP(B72,COMP_MAR_25,4,0) -> 465.89 | I72: =VLOOKUP(D72,$J$6:$K$6,2,0) -> 0.2199 | J72: =ROUND(H72*(I72+1),2) -> 568.34 | K72: =ROUND(G72*J72,2) -> 3410.04 | M72: =G72*H72 -> 2795.34
A73: 9.2 | B73: COMPOSIÇÃO 07 | C73: COMPOSIÇÃO | D73: SERVIÇOS | E73: LOCAÇÃO DE BANHEIRO QUÍMICO COM LIMPEZA DIÁRIA INCLUSO COLETA E DESTINAÇÃO FINAL DE EFLUENTES. | F73: MÊS | G73: =TRUNC(VLOOKUP(A73,'RUA COMPOSITOR ATAULFO ALVES'!$A:$N,14,0),2) -> 3 | H73: =VLOOKUP(B73,COMP,7,0) -> 4161.92 | I73: =VLOOKUP(D73,$J$6:$K$6,2,0) -> 0.2199 | J73: =ROUND(H73*(I73+1),2) -> 5077.13 | K73: =ROUND(G73*J73,2) -> 15231.39 | M73: =G73*H73 -> 12485.76
A74: 9.3 | B74: COMPOSIÇÃO 03 | C74: COMPOSIÇÃO | D74: SERVIÇOS | E74: SINALIZAÇÃO DIURNA COM CONES E TELA PLÁSTICA TIPO LARANJA (REF.SINAPI 72947 COM ADAPTAÇÕES). | F74: M | G74: =TRUNC(VLOOKUP(A74,'RUA COMPOSITOR ATAULFO ALVES'!$A:$N,14,0),2) -> 51.44 | H74: =VLOOKUP(B74,COMP,7,0) -> 7.73 | I74: =VLOOKUP(D74,$J$6:$K$6,2,0) -> 0.2199 | J74: =ROUND(H74*(I74+1),2) -> 9.43 | K74: =ROUND(G74*J74,2) -> 485.08 | M74: =G74*H74 -> 397.6312
A75: 9.4 | B75: COMPOSIÇÃO 04 | C75: COMPOSIÇÃO | D75: SERVIÇOS | E75: SINALIZAÇÃO DE TRÂNSITO - NOTURNA. | F75: M | G75: =TRUNC(VLOOKUP(A75,'RUA COMPOSITOR ATAULFO ALVES'!$A:$N,14,0),2) -> 51.44 | H75: =VLOOKUP(B75,COMP,7,0) -> 3.17 | I75: =VLOOKUP(D75,$J$6:$K$6,2,0) -> 0.2199 | J75: =ROUND(H75*(I75+1),2) -> 3.87 | K75: =ROUND(G75*J75,2) -> 199.07 | M75: =G75*H75 -> 163.0648
A76: 9.5 | B76: COMPOSIÇÃO 05 | C76: COMPOSIÇÃO | D76: SERVIÇOS | E76: CAVALETE METÁLICO (COMP. PRÓPRIA BASEADOS NO QUANTITATIVOS PROJETO DE CAVALETE DE SINALIZAÇÃO EM ANEXO). | F76: UN | G76: =TRUNC(VLOOKUP(A76,'RUA COMPOSITOR ATAULFO ALVES'!$A:$N,14,0),2) -> 2 | H76: =VLOOKUP(B76,COMP,7,0) -> 404.37 | I76: =VLOOKUP(D76,$J$6:$K$6,2,0) -> 0.2199 | J76: =ROUND(H76*(I76+1),2) -> 493.29 | K76: =ROUND(G76*J76,2) -> 986.58 | M76: =G76*H76 -> 808.74
A77: 10.0 | E77: TERRAPLENAGEM E MOVIMENTO DE TERRA | K77: =SUM(K78:K86) -> 205914.16
A78: 10.1 | B78: COMPOSIÇÃO 06 | C78: COMPOSIÇÃO | D78: SERVIÇOS | E78: SERVIÇOS TOPOGRÁFICOS PARA PAVIMENTAÇÃO, INCLUSIVE NOTA DE SERVIÇOS, ACOMPANHAMENTO E GREIDE. | F78: M2 | G78: =TRUNC(VLOOKUP(A78,'RUA COMPOSITOR ATAULFO ALVES'!$A:$N,14,0),2) -> 3096.31 | H78: =VLOOKUP(B78,COMP,7,0) -> 0.35 | I78: =VLOOKUP(D78,$J$6:$K$6,2,0) -> 0.2199 | J78: =ROUND(H78*(I78+1),2) -> 0.43 | K78: =ROUND(G78*J78,2) -> 1331.41 | M78: =G78*H78 -> 1083.7085
A79: 10.2 | B79: 101116 | C79: SINAPI SERVIÇO | D79: SERVIÇOS | E79: ESCAVAÇÃO HORIZONTAL EM SOLO DE 1A CATEGORIA COM TRATOR DE ESTEIRAS (170HP/LÂMINA: 5,20M3). | F79: M3 | G79: =TRUNC(VLOOKUP(A79,'RUA COMPOSITOR ATAULFO ALVES'!$A:$N,14,0),2) -> 1313.75 | H79: =VLOOKUP(B79,COMP_MAR_25,4,0) -> 2.35 | I79: =VLOOKUP(D79,$J$6:$K$6,2,0) -> 0.2199 | J79: =ROUND(H79*(I79+1),2) -> 2.87 | K79: =ROUND(G79*J79,2) -> 3770.46 | M79: =G79*H79 -> 3087.3125
A80: 10.3 | B80: 100980 | C80: SINAPI SERVIÇO | D80: SERVIÇOS | E80: CARGA, MANOBRA E DESCARGA DE SOLOS E MATERIAIS GRANULARES EM CAMINHÃO BASCULANTE 18 M³ - CARGA COM ESCAVADEIRA HIDRÁULICA (CAÇAMBA DE 1,20 M³ / 155 HP) E DESCARGA LIVRE (UNIDADE: M3). | F80: M3 | G80: =TRUNC(VLOOKUP(A80,'RUA COMPOSITOR ATAULFO ALVES'!$A:$N,14,0),2) -> 1612.5 | H80: =VLOOKUP(B80,COMP_MAR_25,4,0) -> 6.39 | I80: =VLOOKUP(D80,$J$6:$K$6,2,0) -> 0.2199 | J80: =ROUND(H80*(I80+1),2) -> 7.8 | K80: =ROUND(G80*J80,2) -> 12577.5 | M80: =G80*H80 -> 10303.875
A81: 10.4 | B81: 96386 | C81: SINAPI SERVIÇO | D81: SERVIÇOS | E81: EXECUÇÃO E COMPACTAÇÃO DE CORPO DE ATERRO (95% DE ENERGIA DO PROCTOR NORMAL) COM SOLO PREDOMINANTEMENTE ARENOSO ESPESSURA 15CM - EXCLUSIVE MATERIAL, ESCAVAÇÃO, CARGA E TRANSPORTE. | F81: M3 | G81: =TRUNC(VLOOKUP(A81,'RUA COMPOSITOR ATAULFO ALVES'!$A:$N,14,0),2) -> 38.21 | H81: =VLOOKUP(B81,COMP_MAR_25,4,0) -> 6.36 | I81: =VLOOKUP(D81,$J$6:$K$6,2,0) -> 0.2199 | J81: =ROUND(H81*(I81+1),2) -> 7.76 | K81: =ROUND(G81*J81,2) -> 296.51 | M81: =G81*H81 -> 243.0156
A82: 10.5 | B82: 95877 | C82: SINAPI SERVIÇO | D82: SERVIÇOS | E82: TRANSPORTE COM CAMINHÃO BASCULANTE DE 18 M³, EM VIA URBANA PAVIMENTADA, DMT ATÉ 30 KM (UNIDADE: M3XKM). | F82: M3XKM | G82: =TRUNC(VLOOKUP(A82,'RUA COMPOSITOR ATAULFO ALVES'!$A:$N,14,0),2) -> 18543.75 | H82: =VLOOKUP(B82,COMP_MAR_25,4,0) -> 1.85 | I82: =VLOOKUP(D82,$J$6:$K$6,2,0) -> 0.2199 | J82: =ROUND(H82*(I82+1),2) -> 2.26 | K82: =ROUND(G82*J82,2) -> 41908.88 | M82: =G82*H82 -> 34305.938
A83: 10.6 | B83: 100576 | C83: SINAPI SERVIÇO | D83: SERVIÇOS | E83: REGULARIZAÇÃO E COMPACTAÇÃO DE SUBLEITO DE SOLO PREDOMINANTEMENTE ARGILOSO, PARA OBRAS DE CONSTRUÇÃO DE PAVIMENTOS. | F83: M2 | G83: =TRUNC(VLOOKUP(A83,'RUA COMPOSITOR ATAULFO ALVES'!$A:$N,14,0),2) -> 3096.31 | H83: =VLOOKUP(B83,COMP_MAR_25,4,0) -> 1.93 | I83: =VLOOKUP(D83,$J$6:$K$6,2,0) -> 0.2199 | J83: =ROUND(H83*(I83+1),2) -> 2.35 | K83: =ROUND(G83*J83,2) -> 7276.33 | M83: =G83*H83 -> 5975.8783
A84: 10.7 | B84: 96396 | C84: SINAPI SERVIÇO | D84: SERVIÇOS | E84: CONSTRUÇÃO DE BASE E SUB-BASE PARA PAVIMENTAÇÃO DE BRITA GRADUADA SIMPLES, COM ESPESSURA DE 15 CM - EXCLUSIVE CARGA E TRANSPORTE. | F84: M3 | G84: =TRUNC(VLOOKUP(A84,'RUA COMPOSITOR ATAULFO ALVES'!$A:$N,14,0),2) -> 445.14 | H84: =VLOOKUP(B84,COMP_MAR_25,4,0) -> 172.82 | I84: =VLOOKUP(D84,$J$6:$K$6,2,0) -> 0.2199 | J84: =ROUND(H84*(I84+1),2) -> 210.82 | K84: =ROUND(G84*J84,2) -> 93844.41 | M84: =G84*H84 -> 76929.095
A85: 10.8 | B85: 100974 | C85: SINAPI SERVIÇO | D85: SERVIÇOS | E85: CARGA, MANOBRA E DESCARGA DE SOLOS E MATERIAIS GRANULARES EM CAMINHÃO BASCULANTE 10 M³ - CARGA COM PÁ CARREGADEIRA (CAÇAMBA DE 1,7 A 2,8 M³ / 128 HP) E DESCARGA LIVRE (UNIDADE: M3). | F85: M3 | G85: =TRUNC(VLOOKUP(A85,'RUA COMPOSITOR ATAULFO ALVES'!$A:$N,14,0),2) -> 556.42 | H85: =VLOOKUP(B85,COMP_MAR_25,4,0) -> 8.73 | I85: =VLOOKUP(D85,$J$6:$K$6,2,0) -> 0.2199 | J85: =ROUND(H85*(I85+1),2) -> 10.65 | K85: =ROUND(G85*J85,2) -> 5925.87 | M85: =G85*H85 -> 4857.5466
A86: 10.9 | B86: 95877 | C86: SINAPI SERVIÇO | D86: SERVIÇOS | E86: TRANSPORTE COM CAMINHÃO BASCULANTE DE 18 M³, EM VIA URBANA PAVIMENTADA, DMT ATÉ 30 KM (UNIDADE: M3XKM). | F86: M3XKM | G86: =TRUNC(VLOOKUP(A86,'RUA COMPOSITOR ATAULFO ALVES'!$A:$N,14,0),2) -> 17249.02 | H86: =VLOOKUP(B86,COMP_MAR_25,4,0) -> 1.85 | I86: =VLOOKUP(D86,$J$6:$K$6,2,0) -> 0.2199 | J86: =ROUND(H86*(I86+1),2) -> 2.26 | K86: =ROUND(G86*J86,2) -> 38982.79 | M86: =G86*H86 -> 31910.687
A87: 11.0 | E87: DRENAGEM | K87: =SUM(K88:K89) -> 7264.25
A88: 11.1 | B88: COMPOSIÇÃO 26 | C88: COMPOSIÇÃO | D88: SERVIÇOS | E88: CAIXA COM GRELHA SIMPLES RETANGULAR, ALVENARIA COM BLOCO DE CONCRETO 22X11X8CM, DE UMA VEZ, DIMENSÕES INTERNAS DE 0,72X0,30X1,00M. | F88: UN | G88: =TRUNC(VLOOKUP(A88,'RUA COMPOSITOR ATAULFO ALVES'!$A:$N,14,0),2) -> 4 | H88: =VLOOKUP(B88,COMP,7,0) -> 1176.05 | I88: =VLOOKUP(D88,$J$6:$K$6,2,0) -> 0.2199 | J88: =ROUND(H88*(I88+1),2) -> 1434.66 | K88: =ROUND(G88*J88,2) -> 5738.64 | M88: =G88*H88 -> 4704.2
A89: 11.2 | B89: 92210 | C89: SINAPI SERVIÇO | D89: SERVIÇOS | E89: TUBO DE CONCRETO PARA REDES COLETORAS DE ÁGUAS PLUVIAIS, DIÂMETRO DE 400 MM, JUNTA RÍGIDA, INSTALADO EM LOCAL COM BAIXO NÍVEL DE INTERFERÊNCIAS - FORNECIMENTO E ASSENTAMENTO. | F89: M | G89: =TRUNC(VLOOKUP(A89,'RUA COMPOSITOR ATAULFO ALVES'!$A:$N,14,0),2) -> 9.45 | H89: =VLOOKUP(B89,COMP_MAR_25,4,0) -> 132.34 | I89: =VLOOKUP(D89,$J$6:$K$6,2,0) -> 0.2199 | J89: =ROUND(H89*(I89+1),2) -> 161.44 | K89: =ROUND(G89*J89,2) -> 1525.61 | M89: =G89*H89 -> 1250.613
A90: 12.0 | E90: PAVIMENTAÇÃO | K90: =SUM(K91:K95) -> 244208.91
A91: 12.1 | B91: 101169 | C91: SINAPI SERVIÇO | D91: SERVIÇOS | E91: EXECUÇÃO DE PAVIMENTO EM PARALELEPÍPEDOS, REJUNTAMENTO COM ARGAMASSA TRAÇO 1:3 (CIMENTO E AREIA). | F91: M2 | G91: =TRUNC(VLOOKUP(A91,'RUA COMPOSITOR ATAULFO ALVES'!$A:$N,14,0),2) -> 1747.76 | H91: =VLOOKUP(B91,COMP_MAR_25,4,0) -> 85.89 | I91: =VLOOKUP(D91,$J$6:$K$6,2,0) -> 0.2199 | J91: =ROUND(H91*(I91+1),2) -> 104.78 | K91: =ROUND(G91*J91,2) -> 183130.29 | M91: =G91*H91 -> 150115.11
A92: 12.2 | B92: 94273 | C92: SINAPI SERVIÇO | D92: SERVIÇOS | E92: ASSENTAMENTO DE GUIA (MEIO-FIO) EM TRECHO RETO, CONFECCIONADA EM CONCRETO PRÉ-FABRICADO, DIMENSÕES 100X15X13X30 CM (COMPRIMENTO X BASE INFERIOR X BASE SUPERIOR X ALTURA). | F92: M | G92: =TRUNC(VLOOKUP(A92,'RUA COMPOSITOR ATAULFO ALVES'!$A:$N,14,0),2) -> 440.58 | H92: =VLOOKUP(B92,COMP_MAR_25,4,0) -> 51.25 | I92: =VLOOKUP(D92,$J$6:$K$6,2,0) -> 0.2199 | J92: =ROUND(H92*(I92+1),2) -> 62.52 | K92: =ROUND(G92*J92,2) -> 27545.06 | M92: =G92*H92 -> 22579.725
A93: 12.3 | B93: 94274 | C93: SINAPI SERVIÇO | D93: SERVIÇOS | E93: ASSENTAMENTO DE GUIA (MEIO-FIO) EM TRECHO CURVO, CONFECCIONADA EM CONCRETO PRÉ-FABRICADO, DIMENSÕES 100X15X13X30 CM (COMPRIMENTO X BASE INFERIOR X BASE SUPERIOR X ALTURA). | F93: M | G93: =TRUNC(VLOOKUP(A93,'RUA COMPOSITOR ATAULFO ALVES'!$A:$N,14,0),2) -> 100.33 | H93: =VLOOKUP(B93,COMP_MAR_25,4,0) -> 54.15 | I93: =VLOOKUP(D93,$J$6:$K$6,2,0) -> 0.2199 | J93: =ROUND(H93*(I93+1),2) -> 66.06 | K93: =ROUND(G93*J93,2) -> 6627.8 | M93: =G93*H93 -> 5432.8695
A94: 12.4 | B94: 94281 | C94: SINAPI SERVIÇO | D94: SERVIÇOS | E94: EXECUÇÃO DE SARJETA DE CONCRETO USINADO, MOLDADA IN LOCO EM TRECHO RETO, 30 CM BASE X 15 CM ALTURA. | F94: M | G94: =TRUNC(VLOOKUP(A94,'RUA COMPOSITOR ATAULFO ALVES'!$A:$N,14,0),2) -> 394.03 | H94: =VLOOKUP(B94,COMP_MAR_25,4,0) -> 42.94 | I94: =VLOOKUP(D94,$J$6:$K$6,2,0) -> 0.2199 | J94: =ROUND(H94*(I94+1),2) -> 52.38 | K94: =ROUND(G94*J94,2) -> 20639.29 | M94: =G94*H94 -> 16919.648
A95: 12.5 | B95: 94282 | C95: SINAPI SERVIÇO | D95: SERVIÇOS | E95: EXECUÇÃO DE SARJETA DE CONCRETO USINADO, MOLDADA IN LOCO EM TRECHO CURVO, 30 CM BASE X 15 CM ALTURA. | F95: M | G95: =TRUNC(VLOOKUP(A95,'RUA COMPOSITOR ATAULFO ALVES'!$A:$N,14,0),2) -> 101.58 | H95: =VLOOKUP(B95,COMP_MAR_25,4,0) -> 50.57 | I95: =VLOOKUP(D95,$J$6:$K$6,2,0) -> 0.2199 | J95: =ROUND(H95*(I95+1),2) -> 61.69 | K95: =ROUND(G95*J95,2) -> 6266.47 | M95: =G95*H95 -> 5136.9006
A96: 13.0 | E96: PASSEIOS | K96: =SUM(K97:K101) -> 93671.89
A97: 13.1 | B97: 97087 | C97: SINAPI SERVIÇO | D97: SERVIÇOS | E97: CAMADA SEPARADORA PARA EXECUÇÃO DE RADIER, PISO DE CONCRETO OU LAJE SOBRE SOLO, EM LONA PLÁSTICA. | F97: M2 | G97: =TRUNC(VLOOKUP(A97,'RUA COMPOSITOR ATAULFO ALVES'!$A:$N,14,0),2) -> 1348.55 | H97: =VLOOKUP(B97,COMP_MAR_25,4,0) -> 1.93 | I97: =VLOOKUP(D97,$J$6:$K$6,2,0) -> 0.2199 | J97: =ROUND(H97*(I97+1),2) -> 2.35 | K97: =ROUND(G97*J97,2) -> 3169.09 | M97: =G97*H97 -> 2602.7015
A98: 13.2 | B98: 94990 | C98: SINAPI SERVIÇO | D98: SERVIÇOS | E98: EXECUÇÃO DE PASSEIO (CALÇADA) OU PISO DE CONCRETO COM CONCRETO MOLDADO IN LOCO, FEITO EM OBRA, ACABAMENTO CONVENCIONAL, NÃO ARMADO. | F98: M3 | G98: =TRUNC(VLOOKUP(A98,'RUA COMPOSITOR ATAULFO ALVES'!$A:$N,14,0),2) -> 80.91 | H98: =VLOOKUP(B98,COMP_MAR_25,4,0) -> 775.1 | I98: =VLOOKUP(D98,$J$6:$K$6,2,0) -> 0.2199 | J98: =ROUND(H98*(I98+1),2) -> 945.54 | K98: =ROUND(G98*J98,2) -> 76503.64 | M98: =G98*H98 -> 62713.341
A99: 13.3 | B99: COMPOSIÇÃO 13 | C99: COMPOSIÇÃO | D99: SERVIÇOS | E99: RAMPA DE ENTRADA DE CARRO - MÃO DE OBRA COMPLEMENTAR PARA REBAIXAMENTO DO PASSEIO E MEIO-FIO. | F99: UN | G99: =TRUNC(VLOOKUP(A99,'RUA COMPOSITOR ATAULFO ALVES'!$A:$N,14,0),2) -> 17 | H99: =VLOOKUP(B99,COMP,7,0) -> 153.87 | I99: =VLOOKUP(D99,$J$6:$K$6,2,0) -> 0.2199 | J99: =ROUND(H99*(I99+1),2) -> 187.71 | K99: =ROUND(G99*J99,2) -> 3191.07 | M99: =G99*H99 -> 2615.79
A100: 13.4 | B100: 104658 | C100: SINAPI SERVIÇO | D100: SERVIÇOS | E100: PISO PODOTÁTIL DE ALERTA OU DIRECIONAL, DE CONCRETO, ASSENTADO SOBRE ARGAMASSA. | F100: M2 | G100: =TRUNC(VLOOKUP(A100,'RUA COMPOSITOR ATAULFO ALVES'!$A:$N,14,0),2) -> 12.38 | H100: =VLOOKUP(B100,COMP_MAR_25,4,0) -> 143.35 | I100: =VLOOKUP(D100,$J$6:$K$6,2,0) -> 0.2199 | J100: =ROUND(H100*(I100+1),2) -> 174.87 | K100: =ROUND(G100*J100,2) -> 2164.89 | M100: =G100*H100 -> 1774.673
A101: 13.5 | B101: 105002 | C101: SINAPI SERVIÇO | D101: SERVIÇOS | E101: RAMPA DE ACESSIBILIDADE EM CONCRETO MOLDADO IN LOCO, EM CALÇADA NOVA COM LARGURA MAIOR OU IGUAL À 3,00 M, FCK 25MPA, COM PISO PODOTÁTIL. | F101: UN | G101: =TRUNC(VLOOKUP(A101,'RUA COMPOSITOR ATAULFO ALVES'!$A:$N,14,0),2) -> 10 | H101: =VLOOKUP(B101,COMP_MAR_25,4,0) -> 708.52 | I101: =VLOOKUP(D101,$J$6:$K$6,2,0) -> 0.2199 | J101: =ROUND(H101*(I101+1),2) -> 864.32 | K101: =ROUND(G101*J101,2) -> 8643.2 | M101: =G101*H101 -> 7085.2
A102: 14.0 | E102: SINALIZAÇÃO | K102: =SUM(K103:K107) -> 13984.71
...

Sheet Memória de cálculo
A1: =Orçamento!A1 -> PREFEITURA MUNICIPAL DE OLINDA
A2: =Orçamento!A2 -> SECRETARIA DE OBRAS
A3: =Orçamento!A3 -> SECRETARIA EXECUTIVA DE OBRAS
A4: OBJETO: | B4: =Resumo!B5 -> CONTRATAÇÃO DE EMPRESA ESPECIALIZADA PARA EXECUÇÃO DE OBRAS DE TERRAPLENAGEM, PAVIMENTAÇÃO, DRENAGEM, ACESSIBILIDADE E SINALIZAÇÃO DA RUA CACIMBÃO NO BAIRRO DE SALGADINHO E RUA COMPOSITOR ATAULFO ALVES NO BAIRRO FRAGOSO, NO MUNICÍPIO DE OLINDA-PE, CONTRATO DE REPASSE: 1088.389-47/2023.
A5: =[41]Resumo!A6 -> Localização: | B5: =Resumo!B6 -> OLINDA - PE | L5: CR 1088.389-47/2023
A6: MEMÓRIA DE CÁLCULO
A8: ITEM | B8: CÓDIGO | C8: FONTE | D8: DESCRIÇÃO | E8: UND. | F8: TAXA | G8: COMP. | H8: LARG. | I8: ALT. | J8: ÁREA (M2) | K8: VOL. (M3) | L8: PESO (T/KG) | M8: QUANT. | N8: TOTAL
A9: =Orçamento!E12 -> RUA DO CACIMBÃO
A10: 1.0 | D10: =VLOOKUP(A10,Orçamento!A:G,5,0) -> ADMINISTRAÇÃO LOCAL DA OBRA
A11: 1.1 | B11: =VLOOKUP(A11,Orçamento!A:G,2,0) -> 90776 | C11: =VLOOKUP(A11,Orçamento!A:G,3,0) -> SINAPI SERVIÇO | D11: =VLOOKUP(A11,Orçamento!A:G,5,0) -> ENCARREGADO GERAL COM ENCARGOS COMPLEMENTARES. | E11: =VLOOKUP(A11,Orçamento!A:G,6,0) -> H | F11: HORAS POR SEMANA | M11: SEMANAS | N11: =SUM(N12:N13) -> 144
N12: =PRODUCT(F12:M12) -> 0
D13: Rua do Cacimbão | F13: 12 | M13: =4*3 -> 12 | N13: =TRUNC(PRODUCT(F13:M13),2) -> 144
A15: 1.2 | B15: =VLOOKUP(A15,Orçamento!A:G,2,0) -> 90777 | C15: =VLOOKUP(A15,Orçamento!A:G,3,0) -> SINAPI SERVIÇO | D15: =VLOOKUP(A15,Orçamento!A:G,5,0) -> ENGENHEIRO CIVIL DE OBRA JUNIOR COM ENCARGOS COMPLEMENTARES. | E15: =VLOOKUP(A15,Orçamento!A:G,6,0) -> H | F15: HORAS POR SEMANA | M15: SEMANAS | N15: =SUM(N16:N18) -> 72
N16: =PRODUCT(F16:M16) -> 0
D17: Rua do Cacimbão | F17: 6 | M17: =3*4 -> 12 | N17: =TRUNC(PRODUCT(F17:M17),2) -> 72
N18: =PRODUCT(F18:M18) -> 0
A19: 2.0 | D19: =VLOOKUP(A19,Orçamento!$A:$K,5,FALSE) -> SERVIÇOS PRELIMINARES
A21: 2.1 | B21: =VLOOKUP(A21,Orçamento!$A:$K,2,FALSE) -> 103689 | C21: =VLOOKUP(A21,Orçamento!$A:$K,3,FALSE) -> SINAPI SERVIÇO | D21: =VLOOKUP(A21,Orçamento!$A:$K,5,FALSE) -> FORNECIMENTO E INSTALAÇÃO DE PLACA DE OBRA COM CHAPA GALVANIZADA E ESTRUTURA DE MADEIRA. | E21: =VLOOKUP(A21,Orçamento!$A:$K,6,FALSE) -> M2 | N21: =SUM(N22) -> 6
G22: 2 | I22: 3 | N22: =TRUNC(PRODUCT(F22:M22),2) -> 6 | O22: ok
A24: 2.2 | B24: =VLOOKUP(A24,Orçamento!$A:$K,2,FALSE) -> COMPOSIÇÃO 07 | C24: =VLOOKUP(A24,Orçamento!$A:$K,3,FALSE) -> COMPOSIÇÃO | D24: =VLOOKUP(A24,Orçamento!$A:$K,5,FALSE) -> LOCAÇÃO DE BANHEIRO QUÍMICO COM LIMPEZA DIÁRIA INCLUSO COLETA E DESTINAÇÃO FINAL DE EFLUENTES. | E24: =VLOOKUP(A24,Orçamento!$A:$K,6,FALSE) -> MÊS | F24: PERÍODO DA OBRA (3 MESES) | N24: =SUM(N25) -> 3
M25: 3 | N25: =TRUNC(PRODUCT(F25:M25),2) -> 3
A27: 2.3 | B27: =VLOOKUP(A27,Orçamento!$A:$K,2,FALSE) -> COMPOSIÇÃO 03 | C27: =VLOOKUP(A27,Orçamento!$A:$K,3,FALSE) -> COMPOSIÇÃO | D27: =VLOOKUP(A27,Orçamento!$A:$K,5,FALSE) -> SINALIZAÇÃO DIURNA COM CONES E TELA PLÁSTICA TIPO LARANJA (REF.SINAPI 72947 COM ADAPTAÇÕES). | E27: =VLOOKUP(A27,Orçamento!$A:$K,6,FALSE) -> M | N27: =SUM(N28) -> 36.28
D28: Comprimento Total Sinalização Diurna - Extensão da via x 20% | F28: 0.2 | G28: 181.4 | N28: =TRUNC(PRODUCT(F28:M28),2) -> 36.28
A30: 2.4 | B30: =VLOOKUP(A30,Orçamento!$A:$K,2,FALSE) -> COMPOSIÇÃO 04 | C30: =VLOOKUP(A30,Orçamento!$A:$K,3,FALSE) -> COMPOSIÇÃO | D30: =VLOOKUP(A30,Orçamento!$A:$K,5,FALSE) -> SINALIZAÇÃO DE TRÂNSITO - NOTURNA. | E30: =VLOOKUP(A30,Orçamento!$A:$K,6,FALSE) -> M | N30: =SUM(N31) -> 36.28
D31: Comprimento Total Sinalização Diurna - Extensão da via x 20% Considera-se o mesmo da Sinalização Diurna | F31: 0.2 | G31: 181.4 | N31: =TRUNC(PRODUCT(F31:M31),2) -> 36.28
A33: 2.5 | B33: =VLOOKUP(A33,Orçamento!$A:$K,2,FALSE) -> COMPOSIÇÃO 05 | C33: =VLOOKUP(A33,Orçamento!$A:$K,3,FALSE) -> COMPOSIÇÃO | D33: =VLOOKUP(A33,Orçamento!$A:$K,5,FALSE) -> CAVALETE METÁLICO (COMP. PRÓPRIA BASEADOS NO QUANTITATIVOS PROJETO DE CAVALETE DE SINALIZAÇÃO EM ANEXO). | E33: =VLOOKUP(A33,Orçamento!$A:$K,6,FALSE) -> UN | N33: =SUM(N34) -> 2 | O33: OK
D34: 2 cavaletes por rua | M34: 2 | N34: =TRUNC(PRODUCT(F34:M34),2) -> 2
A36: 3.0 | D36: =VLOOKUP(A36,Orçamento!$A:$K,5,FALSE) -> DRENAGEM
A37: 3.1 | B37: =VLOOKUP(A37,Orçamento!$A:$K,2,FALSE) -> 98525 | C37: =VLOOKUP(A37,Orçamento!$A:$K,3,FALSE) -> SINAPI SERVIÇO | D37: =VLOOKUP(A37,Orçamento!$A:$K,5,FALSE) -> LIMPEZA MECANIZADA DE CAMADA VEGETAL, VEGETAÇÃO E PEQUENAS ÁRVORES (DIÂMETRO DE TRONCO MENOR QUE 0,20 M), COM TRATOR DE ESTEIRAS. | E37: =VLOOKUP(A37,Orçamento!$A:$K,6,FALSE) -> M2 | N37: =SUM(N38:N38) -> 745.06
D38: Rua Cacimbão | G38: 181.4 | H38: 4.1073 | N38: =TRUNC(PRODUCT(F38:M38),2) -> 745.06
A40: 3.2 | B40: =VLOOKUP(A40,Orçamento!$A:$K,2,FALSE) -> 100980 | C40: =VLOOKUP(A40,Orçamento!$A:$K,3,FALSE) -> SINAPI SERVIÇO | D40: =VLOOKUP(A40,Orçamento!$A:$K,5,FALSE) -> CARGA, MANOBRA E DESCARGA DE SOLOS E MATERIAIS GRANULARES EM CAMINHÃO BASCULANTE 18 M³ - CARGA COM ESCAVADEIRA HIDRÁULICA (CAÇAMBA DE 1,20 M³ / 155 HP) E DESCARGA LIVRE (UNIDADE: M3). | E40: =VLOOKUP(A40,Orçamento!$A:$K,6,FALSE) -> M3 | F40: EMPOLAMENTO | N40: =SUM(N41:N41) -> 93.13
D41: Camada vegetal + volume de bota fora escavação da canaleta | F41: 1.25 | K41: =N37 -> 745.06 | L41: 0.1 | N41: =TRUNC(PRODUCT(F41:M41),2) -> 93.13
A43: 3.3 | B43: =VLOOKUP(A43,Orçamento!$A:$K,2,FALSE) -> 95877 | C43: =VLOOKUP(A43,Orçamento!$A:$K,3,FALSE) -> SINAPI SERVIÇO | D43: =VLOOKUP(A43,Orçamento!$A:$K,5,FALSE) -> TRANSPORTE COM CAMINHÃO BASCULANTE DE 18 M³, EM VIA URBANA PAVIMENTADA, DMT ATÉ 30 KM (UNIDADE: M3XKM). | E43: =VLOOKUP(A43,Orçamento!$A:$K,6,FALSE) -> M3XKM | F43: DMT(KM) - ATERRO INOVE | N43: =SUM(N44:N44) -> 428.39
D44: Rua Cacimbão | F44: 4.6 | K44: =N40 -> 93.13 | N44: =TRUNC(PRODUCT(F44:M44),2) -> 428.39
A46: 3.4 | B46: =VLOOKUP(A46,Orçamento!$A:$K,2,FALSE) -> COMPOSIÇÃO 18 | C46: =VLOOKUP(A46,Orçamento!$A:$K,3,FALSE) -> COMPOSIÇÃO | D46: =VLOOKUP(A46,Orçamento!$A:$K,5,FALSE) -> CANALETA DE DRENAGEM EM ALVENARIA DE BLOCO DE CONCRETO, DIMENSÕES INTERNAS 40 X 60CM, COM TAMPA DE CONCRETO ARMADO (0,50 X 1,00M X 0,10M). | E46: =VLOOKUP(A46,Orçamento!$A:$K,6,FALSE) -> M | N46: =SUM(N47:N48) -> 180.13
D47: Rua Cacimbão - Conforme projeto de drenagem | G47: 180.13 | N47: =TRUNC(PRODUCT(F47:M47),2) -> 180.13
N48: =PRODUCT(F48:M48) -> 0
A49: 4.0 | D49: =VLOOKUP(A49,Orçamento!$A:$K,5,FALSE) -> TERRAPLENAGEM
A50: 4.1 | B50: =VLOOKUP(A50,Orçamento!$A:$K,2,FALSE) -> COMPOSIÇÃO 06 | C50: =VLOOKUP(A50,Orçamento!$A:$K,3,FALSE) -> COMPOSIÇÃO | D50: =VLOOKUP(A50,Orçamento!$A:$K,5,FALSE) -> SERVIÇOS TOPOGRÁFICOS PARA PAVIMENTAÇÃO, INCLUSIVE NOTA DE SERVIÇOS, ACOMPANHAMENTO E GREIDE. | E50: =VLOOKUP(A50,Orçamento!$A:$K,6,FALSE) -> M2 | N50: =SUM(N51:N51) -> 980.86
D51: Rua do Cacimbão - E0+3.51 A E9+4.91 | G51: 181.4 | H51: 5.4072 | N51: =TRUNC(PRODUCT(F51:M51),2) -> 980.86
A53: 4.2 | B53: =VLOOKUP(A53,Orçamento!$A:$K,2,FALSE) -> 101116 | C53: =VLOOKUP(A53,Orçamento!$A:$K,3,FALSE) -> SINAPI SERVIÇO | D53: =VLOOKUP(A53,Orçamento!$A:$K,5,FALSE) -> ESCAVAÇÃO HORIZONTAL EM SOLO DE 1A CATEGORIA COM TRATOR DE ESTEIRAS (170HP/LÂMINA: 5,20M3). | E53: =VLOOKUP(A53,Orçamento!$A:$K,6,FALSE) -> M3 | N53: =SUM(N54:N54) -> 507.49
D54: Rua Cacimbão - Conforme mapa de cubação | K54: 507.49 | N54: =TRUNC(PRODUCT(F54:M54),2) -> 507.49
A56: 4.3 | B56: =VLOOKUP(A56,Orçamento!$A:$K,2,FALSE) -> 100980 | C56: =VLOOKUP(A56,Orçamento!$A:$K,3,FALSE) -> SINAPI SERVIÇO | D56: =VLOOKUP(A56,Orçamento!$A:$K,5,FALSE) -> CARGA, MANOBRA E DESCARGA DE SOLOS E MATERIAIS GRANULARES EM CAMINHÃO BASCULANTE 18 M³ - CARGA COM ESCAVADEIRA HIDRÁULICA (CAÇAMBA DE 1,20 M³ / 155 HP) E DESCARGA LIVRE (UNIDADE: M3). | E56: =VLOOKUP(A56,Orçamento!$A:$K,6,FALSE) -> M3 | F56: EMPOLAMENTO | N56: =SUM(N57:N57) -> 585
D57: Rua do Cacimbão - E0+3.51 A E9+4.91 | F57: 1.25 | K57: =SUM(K58:K59) -> 468 | N57: =TRUNC(PRODUCT(F57:M57),2) -> 585
K58: =N53 -> 507.49
K59: =-K62 -> -39.49
A61: 4.4 | B61: =VLOOKUP(A61,Orçamento!$A:$K,2,FALSE) -> 96386 | C61: =VLOOKUP(A61,Orçamento!$A:$K,3,FALSE) -> SINAPI SERVIÇO | D61: =VLOOKUP(A61,Orçamento!$A:$K,5,FALSE) -> EXECUÇÃO E COMPACTAÇÃO DE CORPO DE ATERRO (95% DE ENERGIA DO PROCTOR NORMAL) COM SOLO PREDOMINANTEMENTE ARENOSO ESPESSURA 15CM - EXCLUSIVE MATERIAL, ESCAVAÇÃO, CARGA E TRANSPORTE. | E61: =VLOOKUP(A61,Orçamento!$A:$K,6,FALSE) -> M3 | N61: =SUM(N62:N62) -> 39.49
D62: Rua Cacimbão - Conforme mapa de cubação | K62: 39.49 | N62: =PRODUCT(F62:M62) -> 39.49
O63: OK
A64: 4.5 | B64: =VLOOKUP(A64,Orçamento!$A:$K,2,FALSE) -> 95875 | C64: =VLOOKUP(A64,Orçamento!$A:$K,3,FALSE) -> SINAPI SERVIÇO | D64: =VLOOKUP(A64,Orçamento!$A:$K,5,FALSE) -> TRANSPORTE COM CAMINHÃO BASCULANTE DE 10 M³, EM VIA URBANA PAVIMENTADA, DMT ATÉ 30 KM (UNIDADE: M3XKM). | E64: =VLOOKUP(A64,Orçamento!$A:$K,6,FALSE) -> M3XKM | F64: DMT - ATERRO INOVE | N64: =SUM(N65:N65) -> 2691
D65: Rua Cacimbão | F65: 4.6 | K65: =N56 -> 585 | N65: =TRUNC(PRODUCT(F65:M65),2) -> 2691
A67: 4.6 | B67: =VLOOKUP(A67,Orçamento!$A:$K,2,FALSE) -> 100576 | C67: =VLOOKUP(A67,Orçamento!$A:$K,3,FALSE) -> SINAPI SERVIÇO | D67: =VLOOKUP(A67,Orçamento!$A:$K,5,FALSE) -> REGULARIZAÇÃO E COMPACTAÇÃO DE SUBLEITO DE SOLO PREDOMINANTEMENTE ARGILOSO, PARA OBRAS DE CONSTRUÇÃO DE PAVIMENTOS. | E67: =VLOOKUP(A67,Orçamento!$A:$K,6,FALSE) -> M2 | N67: =SUM(N68:N68) -> 980.86
D68: Rua do Cacimbão - E0+3.51 A E9+4.91 | G68: 181.4 | H68: 5.4072 | N68: =TRUNC(PRODUCT(F68:M68),2) -> 980.86
A70: 4.7 | B70: =VLOOKUP(A70,Orçamento!$A:$K,2,FALSE) -> 96396 | C70: =VLOOKUP(A70,Orçamento!$A:$K,3,FALSE) -> SINAPI SERVIÇO | D70: =VLOOKUP(A70,Orçamento!$A:$K,5,FALSE) -> CONSTRUÇÃO DE BASE E SUB-BASE PARA PAVIMENTAÇÃO DE BRITA GRADUADA SIMPLES, COM ESPESSURA DE 15 CM - EXCLUSIVE CARGA E TRANSPORTE. AF_09/2024 | E70: =VLOOKUP(A70,Orçamento!$A:$K,6,FALSE) -> M3 | N70: =SUM(N71:N71) -> 196.17
D71: BGS | G71: =G68 -> 181.4 | H71: 5.4072 | I71: 0.2 | N71: =TRUNC(PRODUCT(F71:M71),2) -> 196.17
A73: 4.8 | B73: =VLOOKUP(A73,Orçamento!$A:$K,2,FALSE) -> 100974 | C73: =VLOOKUP(A73,Orçamento!$A:$K,3,FALSE) -> SINAPI SERVIÇO | D73: =VLOOKUP(A73,Orçamento!$A:$K,5,FALSE) -> CARGA, MANOBRA E DESCARGA DE SOLOS E MATERIAIS GRANULARES EM CAMINHÃO BASCULANTE 10 M³ - CARGA COM PÁ CARREGADEIRA (CAÇAMBA DE 1,7 A 2,8 M³ / 128 HP) E DESCARGA LIVRE (UNIDADE: M3). | E73: =VLOOKUP(A73,Orçamento!$A:$K,6,FALSE) -> M3 | F73: EMPOLAMENTO | N73: =SUM(N74:N74) -> 245.21
D74: Base em BGS | F74: 1.25 | K74: =N70 -> 196.17 | N74: =TRUNC(PRODUCT(F74:M74),2) -> 245.21
A76: 4.9 | B76: =VLOOKUP(A76,Orçamento!$A:$K,2,FALSE) -> 95875 | C76: =VLOOKUP(A76,Orçamento!$A:$K,3,FALSE) -> SINAPI SERVIÇO | D76: =VLOOKUP(A76,Orçamento!$A:$K,5,FALSE) -> TRANSPORTE COM CAMINHÃO BASCULANTE DE 10 M³, EM VIA URBANA PAVIMENTADA, DMT ATÉ 30 KM (UNIDADE: M3XKM). | E76: =VLOOKUP(A76,Orçamento!$A:$K,6,FALSE) -> M3XKM | F76: DMT - PEDREIRA GUARANY | N76: =SUM(N77:N77) -> 6596.14
D77: Base em BGS | F77: 26.9 | K77: =N73 -> 245.21 | N77: =TRUNC(PRODUCT(F77:M77),2) -> 6596.14
O78: ok
A79: 5.0 | D79: =VLOOKUP(A79,Orçamento!$A:$K,5,FALSE) -> PAVIMENTAÇÃO
A80: 5.1 | B80: =VLOOKUP(A80,Orçamento!$A:$K,2,FALSE) -> 101169 | C80: =VLOOKUP(A80,Orçamento!$A:$K,3,FALSE) -> SINAPI SERVIÇO | D80: =VLOOKUP(A80,Orçamento!$A:$K,5,FALSE) -> EXECUÇÃO DE PAVIMENTO EM PARALELEPÍPEDOS, REJUNTAMENTO COM ARGAMASSA TRAÇO 1:3 (CIMENTO E AREIA). | E80: =VLOOKUP(A80,Orçamento!$A:$K,6,FALSE) -> M2 | N80: =SUM(N81:N81) -> 745.06
D81: Rua do Cacimbão - E0+3.51 A E9+4.91 - Quantitativo extraído do projeto de pavimentação | G81: 181.4 | H81: 4.1073 | N81: =TRUNC(PRODUCT(F81:M81),2) -> 745.06
A84: 5.2 | B84: =VLOOKUP(A84,Orçamento!$A:$K,2,FALSE) -> 94273 | C84: =VLOOKUP(A84,Orçamento!$A:$K,3,FALSE) -> SINAPI SERVIÇO | D84: =VLOOKUP(A84,Orçamento!$A:$K,5,FALSE) -> ASSENTAMENTO DE GUIA (MEIO-FIO) EM TRECHO RETO, CONFECCIONADA EM CONCRETO PRÉ-FABRICADO, DIMENSÕES 100X15X13X30 CM (COMPRIMENTO X BASE INFERIOR X BASE SUPERIOR X ALTURA). | E84: =VLOOKUP(A84,Orçamento!$A:$K,6,FALSE) -> M | N84: =SUM(N85:N89) -> 712.86
D85: Rua Cacimbão - Quantitativo extraído do projeto de pavimentação - Lado direito | G85: 169.74 | N85: =TRUNC(PRODUCT(F85:M85),2) -> 169.74
G86: 174.27 | N86: =TRUNC(PRODUCT(F86:M86),2) -> 174.27
D87: Rua Cacimbão - Quantitativo extraído do projeto de pavimentação - Lado esquerdo | G87: 171.67 | N87: =TRUNC(PRODUCT(F87:M87),2) -> 171.67
G88: 172.8 | N88: =TRUNC(PRODUCT(F88:M88),2) -> 172.8
D89: Rua Cacimbão - Quantitativo extraído do projeto de pavimentação - Recrava | G89: 24.385 | N89: =TRUNC(PRODUCT(F89:M89),2) -> 24.38
O90: ok
A91: 5.3 | B91: =VLOOKUP(A91,Orçamento!$A:$K,2,FALSE) -> 94274 | C91: =VLOOKUP(A91,Orçamento!$A:$K,3,FALSE) -> SINAPI SERVIÇO | D91: =VLOOKUP(A91,Orçamento!$A:$K,5,FALSE) -> ASSENTAMENTO DE GUIA (MEIO-FIO) EM TRECHO CURVO, CONFECCIONADA EM CONCRETO PRÉ-FABRICADO, DIMENSÕES 100X15X13X30 CM (COMPRIMENTO X BASE INFERIOR X BASE SUPERIOR X ALTURA). | E91: =VLOOKUP(A91,Orçamento!$A:$K,6,FALSE) -> M | I91: =G86-G92 -> 160.72 | J91: =G88-G94 -> 159.9 | M91: =0.8*180.13 -> 144.104 | N91: =SUM(N92:N94) -> 26.45
D92: Rua Cacimbão - Quantitativo extraído do projeto de pavimentação - Lado direito | G92: 13.55 | N92: =TRUNC(PRODUCT(F92:M92),2) -> 13.55
D94: Rua Cacimbão - Quantitativo extraído do projeto de pavimentação - Lado esquerdo | G94: 12.9 | N94: =TRUNC(PRODUCT(F94:M94),2) -> 12.9
A96: 6.0 | D96: =VLOOKUP(A96,Orçamento!$A:$K,5,FALSE) -> PASSEIOS
A97: 6.1 | B97: =VLOOKUP(A97,Orçamento!$A:$K,2,FALSE) -> 97087 | C97: =VLOOKUP(A97,Orçamento!$A:$K,3,FALSE) -> SINAPI SERVIÇO | D97: =VLOOKUP(A97,Orçamento!$A:$K,5,FALSE) -> CAMADA SEPARADORA PARA EXECUÇÃO DE RADIER, PISO DE CONCRETO OU LAJE SOBRE SOLO, EM LONA PLÁSTICA. | E97: =VLOOKUP(A97,Orçamento!$A:$K,6,FALSE) -> M2 | N97: =SUM(N98:N99) -> 804.01
D98: Lado direito | G98: 181.4 | H98: 2.2531 | N98: =TRUNC(PRODUCT(F98:M98),2) -> 408.71
D99: Lado esquerdo | G99: 181.4 | H99: 2.1792 | N99: =TRUNC(PRODUCT(F99:M99),2) -> 395.3
A101: 6.2 | B101: =VLOOKUP(A101,Orçamento!$A:$K,2,FALSE) -> 94990 | C101: =VLOOKUP(A101,Orçamento!$A:$K,3,FALSE) -> SINAPI SERVIÇO | D101: =VLOOKUP(A101,Orçamento!$A:$K,5,FALSE) -> EXECUÇÃO DE PASSEIO (CALÇADA) OU PISO DE CONCRETO COM CONCRETO MOLDADO IN LOCO, FEITO EM OBRA, ACABAMENTO CONVENCIONAL, NÃO ARMADO. | E101: =VLOOKUP(A101,Orçamento!$A:$K,6,FALSE) -> M3 | N101: =SUM(N102:N103) -> 48.23
D102: Lado direito | G102: 181.4 | H102: 2.2531 | I102: 0.06 | N102: =TRUNC(PRODUCT(F102:M102),2) -> 24.52
D103: Lado esquerdo | G103: 181.4 | H103: 2.1792 | I103: 0.06 | N103: =TRUNC(PRODUCT(F103:M103),2) -> 23.71
A105: 6.3 | B105: =VLOOKUP(A105,Orçamento!$A:$K,2,FALSE) -> 93358 | C105: =VLOOKUP(A105,Orçamento!$A:$K,3,FALSE) -> SINAPI SERVIÇO | D105: =VLOOKUP(A105,Orçamento!$A:$K,5,FALSE) -> ESCAVAÇÃO MANUAL DE VALA. | E105: =VLOOKUP(A105,Orçamento!$A:$K,6,FALSE) -> M3 | N105: =SUM(N106:N108) -> 1.31
D106: Alegrete de 1,20 x 1,20m | G106: =TRUNC((1.2*2+1*2)*0.3*0.15*1,2) -> 0.19 | N106: =TRUNC(PRODUCT(F106:M106),2) -> 0.19
D107: Alegrete de 1,50 x 1,50m | G107: =(1.5*2+1.3*2)*0.3*0.15*2 -> 0.504 | N107: =TRUNC(PRODUCT(F107:M107),2) -> 0.5
D108: Alegrete de 5,60 x 1,50m | G108: =(5.6*2+1.3*2)*0.3*0.15*1 -> 0.621 | N108: =TRUNC(PRODUCT(F108:M108),2) -> 0.62
A110: 6.4 | B110: =VLOOKUP(A110,Orçamento!$A:$K,2,FALSE) -> 89472 | C110: =VLOOKUP(A110,Orçamento!$A:$K,3,FALSE) -> SINAPI SERVIÇO | D110: =VLOOKUP(A110,Orçamento!$A:$K,5,FALSE) -> ALVENARIA DE BLOCOS DE CONCRETO ESTRUTURAL 14X19X39 CM (ESPESSURA 14 CM), FBK = 14 MPA, UTILIZANDO COLHER DE PEDREIRO. | E110: =VLOOKUP(A110,Orçamento!$A:$K,6,FALSE) -> M2 | N110: =SUM(N111:N113) -> 7.35
D111: Alegrete de 1,20 x 1,20m | G111: =(1.2*2+1*2) -> 4.4 | H111: 0.25 | M111: 1 | N111: =TRUNC(PRODUCT(F111:M111),2) -> 1.1
D112: Alegrete de 1,50 x 1,50m | G112: =(1.5*2+1.3*2) -> 5.6 | H112: 0.25 | M112: 2 | N112: =TRUNC(PRODUCT(F112:M112),2) -> 2.8
D113: Alegrete de 5,60 x 1,50m | G113: =(5.6*2+1.3*2) -> 13.8 | H113: 0.25 | M113: 1 | N113: =TRUNC(PRODUCT(F113:M113),2) -> 3.45
A115: 6.5 | B115: =VLOOKUP(A115,Orçamento!$A:$K,2,FALSE) -> 94963 | C115: =VLOOKUP(A115,Orçamento!$A:$K,3,FALSE) -> SINAPI SERVIÇO | D115: =VLOOKUP(A115,Orçamento!$A:$K,5,FALSE) -> CONCRETO FCK = 15MPA, TRAÇO 1:3,4:3,5 (EM MASSA SECA DE CIMENTO/ AREIA MÉDIA/ BRITA 1) - PREPARO MECÂNICO COM BETONEIRA 400 L. | E115: =VLOOKUP(A115,Orçamento!$A:$K,6,FALSE) -> M3 | N115: =SUM(N116:N118) -> 0.36
D116: Alegrete de 1,20 x 1,20m | G116: =TRUNC((1.2*2+1*2),2) -> 4.4 | H116: 0.25 | I116: 0.05 | M116: 1 | N116: =TRUNC(PRODUCT(F116:M116),2) -> 0.05
D117: Alegrete de 1,50 x 1,50m | G117: =(1.5*2+1.3*2) -> 5.6 | H117: 0.25 | I117: 0.05 | M117: 2 | N117: =TRUNC(PRODUCT(F117:M117),2) -> 0.14
D118: Alegrete de 5,60 x 1,50m | G118: =(5.6*2+1.3*2) -> 13.8 | H118: 0.25 | I118: 0.05 | M118: 1 | N118: =TRUNC(PRODUCT(F118:M118),2) -> 0.17
A120: 6.6 | B120: =VLOOKUP(A120,Orçamento!$A:$K,2,FALSE) -> 87878 | C120: =VLOOKUP(A120,Orçamento!$A:$K,3,FALSE) -> SINAPI SERVIÇO | D120: =VLOOKUP(A120,Orçamento!$A:$K,5,FALSE) -> CHAPISCO APLICADO EM ALVENARIAS E ESTRUTURAS DE CONCRETO INTERNAS, COM COLHER DE PEDREIRO. ARGAMASSA TRAÇO 1:3 COM PREPARO MANUAL. | E120: =VLOOKUP(A120,Orçamento!$A:$K,6,FALSE) -> M2 | N120: =SUM(N121:N126) -> 19.11
D121: Alegrete de 1,20 x 1,20m | G121: =(1.2*2+1*2) -> 4.4 | H121: 0.25 | M121: 2 | N121: =TRUNC(PRODUCT(F121:M121),2) -> 2.2
D122: Alegrete de 1,50 x 1,50m | G122: =(1.5*2+1.3*2) -> 5.6 | H122: 0.25 | M122: 4 | N122: =TRUNC(PRODUCT(F122:M122),2) -> 5.6
D123: Alegrete de 5,60 x 1,50m | G123: =(5.6*2+1.3*2) -> 13.8 | H123: 0.25 | M123: 2 | N123: =TRUNC(PRODUCT(F123:M123),2) -> 6.9
D124: Alegrete de 1,20 x 1,20m | G124: =(1.2*2+1*2) -> 4.4 | H124: 0.15 | M124: 1 | N124: =TRUNC(PRODUCT(F124:M124),2) -> 0.66
D125: Alegrete de 1,50 x 1,50m | G125: =(1.5*2+1.3*2) -> 5.6 | H125: 0.15 | M125: 2 | N125: =TRUNC(PRODUCT(F125:M125),2) -> 1.68
D126: Alegrete de 5,60 x 1,50m | G126: =(5.6*2+1.3*2) -> 13.8 | H126: 0.15 | M126: 1 | N126: =TRUNC(PRODUCT(F126:M126),2) -> 2.07
A128: 6.7 | B128: =VLOOKUP(A128,Orçamento!$A:$K,2,FALSE) -> 87529 | C128: =VLOOKUP(A128,Orçamento!$A:$K,3,FALSE) -> SINAPI SERVIÇO | D128: =VLOOKUP(A128,Orçamento!$A:$K,5,FALSE) -> MASSA ÚNICA, EM ARGAMASSA TRAÇO 1:2:8, PREPARO MECÂNICO, APLICADA MANUALMENTE EM PAREDES INTERNAS DE AMBIENTES COM ÁREA ENTRE 5M² E 10M², E = 17,5MM, COM TALISCAS. | E128: =VLOOKUP(A128,Orçamento!$A:$K,6,FALSE) -> M2 | N128: =SUM(N129:N134) -> 19.11
...

Sheet COMPOSIÇÕES 
A1: =Orçamento!A1 -> PREFEITURA MUNICIPAL DE OLINDA
A2: =Orçamento!A2 -> SECRETARIA DE OBRAS
A3: =Orçamento!A3 -> SECRETARIA EXECUTIVA DE OBRAS
A4: =Resumo!A5 -> OBJETO: | B4: =Resumo!B5 -> CONTRATAÇÃO DE EMPRESA ESPECIALIZADA PARA EXECUÇÃO DE OBRAS DE TERRAPLENAGEM, PAVIMENTAÇÃO, DRENAGEM, ACESSIBILIDADE E SINALIZAÇÃO DA RUA CACIMBÃO NO BAIRRO DE SALGADINHO E RUA COMPOSITOR ATAULFO ALVES NO BAIRRO FRAGOSO, NO MUNICÍPIO DE OLINDA-PE, CONTRATO DE REPASSE: 1088.389-47/2023.
A5: =Resumo!A6 -> Localização: | B5: =Resumo!B6 -> OLINDA - PE | E5: CR 1088.389-47/2023
A6: COMPOSIÇÕES
A8: CÓDIGO | B8: FONTE | C8: DISCRIMINAÇÃO | D8: UNID. | E8: QUANT. | F8: ONERADO
F9: UNIT. | G9: TOTAL
A11: COMPOSIÇÃO 02 | C11: PLACA EM CHAPA ESMALTADA DIM 45X20CM PARA IDENTIFICAÇÃO DE LOGRADOUROS. | D11: UN | G11: =SUM(G13:G16) -> 145.77
A12: Os consumos foram baseados na COMPOSIÇÃO 2555/orse MAIO/2022
A13: 88309 | B13: SINAPI SERVIÇO | C13: PEDREIRO COM ENCARGOS COMPLEMENTARES. | D13: H | E13: 0.2 | F13: =VLOOKUP(A13,COMP_MAR_25,4,0) -> 28.34 | G13: =TRUNC($E13*F13,2) -> 5.66
A14: 88316 | B14: SINAPI SERVIÇO | C14: SERVENTE COM ENCARGOS COMPLEMENTARES. | D14: H | E14: 0.2 | F14: =VLOOKUP(A14,COMP_MAR_25,4,0) -> 22.95 | G14: =TRUNC($E14*F14,2) -> 4.59
A15: 13521 | B15: SINAPI INSUMO | C15: PLACA DE ACO ESMALTADA PARA IDENTIFICACAO DE RUA, *45 CM X 20* CM. | D15: UN | E15: 1 | F15: =VLOOKUP(A15,INSU_MAR_25,4,0) -> 132 | G15: =TRUNC($E15*F15,2) -> 132
A16: 4350 | B16: SINAPI INSUMO | C16: BUCHA DE NYLON, DIAMETRO DO FURO 8 MM, COMPRIMENTO 40 MM, COM PARAFUSO DE ROSCA SOBERBA, CABECA CHATA, FENDA SIMPLES, 4,8 X 50 MM. | D16: UN | E16: 4 | F16: =VLOOKUP(A16,INSU_MAR_25,4,0) -> 0.88 | G16: =TRUNC($E16*F16,2) -> 3.52
A18: COMPOSIÇÃO 03 | C18: SINALIZAÇÃO DIURNA COM CONES E TELA PLÁSTICA TIPO LARANJA (REF.SINAPI 72947 COM ADAPTAÇÕES). | D18: M | G18: =SUM(G19:G32) -> 7.73
A19: 88316 | B19: SINAPI SERVIÇO | C19: SERVENTE COM ENCARGOS COMPLEMENTARES. | D19: H | E19: 0.11 | F19: =VLOOKUP(A19,COMP_MAR_25,4,0) -> 22.95 | G19: =TRUNC($E19*F19,2) -> 2.52
A20: 88262 | B20: SINAPI SERVIÇO | C20: CARPINTEIRO DE FORMAS COM ENCARGOS COMPLEMENTARES. | D20: H | E20: 0.01 | F20: =VLOOKUP(A20,COMP_MAR_25,4,0) -> 27.92 | G20: =TRUNC($E20*F20,2) -> 0.27
A21: 88309 | B21: SINAPI SERVIÇO | C21: PEDREIRO COM ENCARGOS COMPLEMENTARES. | D21: H | E21: 0.0024 | F21: =VLOOKUP(A21,COMP_MAR_25,4,0) -> 28.34 | G21: =TRUNC($E21*F21,2) -> 0.06
A22: 37524 | B22: SINAPI INSUMO | C22: TELA PLASTICA LARANJA, TIPO TAPUME PARA SINALIZACAO, MALHA RETANGULAR, ROLO 1.20 X 50 M (L X C). | D22: M | E22: 0.094 | F22: =VLOOKUP(A22,INSU_MAR_25,4,0) -> 2.96 | G22: =TRUNC($E22*F22,2) -> 0.27
A23: 34498 | B23: SINAPI INSUMO | C23: CONE DE SINALIZACAO EM PVC FLEXIVEL, H = 70 / 76 CM (NBR 15071). | D23: UN | E23: 0.01 | F23: =VLOOKUP(A23,INSU_MAR_25,4,0) -> 142.54 | G23: =TRUNC($E23*F23,2) -> 1.42
A24: 20209 | B24: SINAPI INSUMO | C24: CAIBRO APARELHADO *7,5 X 7,5* CM, EM MACARANDUBA/MASSARANDUBA, ANGELIM OU EQUIVALENTE DA REGIAO. | D24: M | E24: 0.09 | F24: =VLOOKUP(A24,INSU_MAR_25,4,0) -> 29.7 | G24: =TRUNC($E24*F24,2) -> 2.67
A25: 5061 | B25: SINAPI INSUMO | C25: PREGO DE ACO POLIDO COM CABECA 18 X 27 (2 1/2 X 10). | D25: KG | E25: 0.001 | F25: =VLOOKUP(A25,INSU_MAR_25,4,0) -> 15.7 | G25: =TRUNC($E25*F25,2) -> 0.01
A26: 10567 | B26: SINAPI INSUMO | C26: TABUA *2,5 X 23* CM EM PINUS, MISTA OU EQUIVALENTE DA REGIAO - BRUTA. | D26: M | E26: 0.01 | F26: =VLOOKUP(A26,INSU_MAR_25,4,0) -> 12.04 | G26: =TRUNC($E26*F26,2) -> 0.12
A27: 4718 | B27: SINAPI INSUMO | C27: PEDRA BRITADA N. 2 (19 A 38 MM) POSTO PEDREIRA/FORNECEDOR, SEM FRETE. | D27: M3 | E27: 0.001 | F27: =VLOOKUP(A27,INSU_MAR_25,4,0) -> 101.14 | G27: =TRUNC($E27*F27,2) -> 0.1
A28: 4721 | B28: SINAPI INSUMO | C28: PEDRA BRITADA N. 1 (9,5 A 19 MM) POSTO PEDREIRA/FORNECEDOR, SEM FRETE. | D28: M3 | E28: 0.001 | F28: =VLOOKUP(A28,INSU_MAR_25,4,0) -> 100.61 | G28: =TRUNC($E28*F28,2) -> 0.1
A29: 2692 | B29: SINAPI INSUMO | C29: DESMOLDANTE PROTETOR PARA FORMAS DE MADEIRA, DE BASE OLEOSA EMULSIONADA EM AGUA. | D29: L | E29: 0.01 | F29: =VLOOKUP(A29,INSU_MAR_25,4,0) -> 7.19 | G29: =TRUNC($E29*F29,2) -> 0.07
A30: 4512 | B30: SINAPI INSUMO | C30: SARRAFO *2,5 X 5* CM EM PINUS, MISTA OU EQUIVALENTE DA REGIAO - BRUTA. | D30: M | E30: 0.01 | F30: =VLOOKUP(A30,INSU_MAR_25,4,0) -> 2.58 | G30: =TRUNC($E30*F30,2) -> 0.02
A31: 20209 | B31: SINAPI INSUMO | C31: CAIBRO APARELHADO *7,5 X 7,5* CM, EM MACARANDUBA/MASSARANDUBA, ANGELIM OU EQUIVALENTE DA REGIAO. | D31: M | E31: 0.001 | F31: =VLOOKUP(A31,INSU_MAR_25,4,0) -> 29.7 | G31: =TRUNC($E31*F31,2) -> 0.02
A32: 1379 | B32: SINAPI INSUMO | C32: CIMENTO PORTLAND COMPOSTO CP II-32. | D32: KG | E32: 0.123 | F32: =VLOOKUP(A32,INSU_MAR_25,4,0) -> 0.7 | G32: =TRUNC($E32*F32,2) -> 0.08
A34: COMPOSIÇÃO 04 | C34: SINALIZAÇÃO DE TRÂNSITO - NOTURNA | D34: M | G34: =SUM(G36:G42) -> 3.17
A35: Apropriada
A36: 939 | B36: SINAPI INSUMO | C36: FIO DE COBRE, SOLIDO, CLASSE 1, ISOLACAO EM PVC/A, ANTICHAMA BWF-B, 450/750V, SECAO NOMINAL 2,5 MM2. | D36: M | E36: 0.3 | F36: =VLOOKUP(A36,INSU_MAR_25,4,0) -> 2.62 | G36: =TRUNC($E36*F36,2) -> 0.78
A37: 2705 | B37: SINAPI INSUMO | C37: ENERGIA ELETRICA ATE 2000 KWH INDUSTRIAL, SEM DEMANDA. | D37: KWH | E37: 0.24 | F37: =VLOOKUP(A37,INSU_MAR_25,4,0) -> 0.97 | G37: =TRUNC($E37*F37,2) -> 0.23
A38: 38194 | B38: SINAPI INSUMO | C38: LAMPADA LED 10 W BIVOLT BRANCA, FORMATO TRADICIONAL (BASE E27). | D38: UN | E38: 0.009 | F38: =VLOOKUP(A38,INSU_MAR_25,4,0) -> 7.18 | G38: =TRUNC($E38*F38,2) -> 0.06
A39: 4815 | B39: SINAPI INSUMO | C39: BALDE VERMELHO PARA SINALIZACAO DE VIAS. | D39: UN | E39: 0.009 | F39: =VLOOKUP(A39,INSU_MAR_25,4,0) -> 7.05 | G39: =TRUNC($E39*F39,2) -> 0.06
A40: 12294 | B40: SINAPI INSUMO | C40: SOQUETE DE PORCELANA BASE E27, PARA USO AO TEMPO, PARA LAMPADAS. | D40: UN | E40: 0.05 | F40: =VLOOKUP(A40,INSU_MAR_25,4,0) -> 11.93 | G40: =TRUNC($E40*F40,2) -> 0.59
A41: 88264 | B41: SINAPI SERVIÇO | C41: ELETRICISTA COM ENCARGOS COMPLEMENTARES. | D41: H | E41: 0.05 | F41: =VLOOKUP(A41,COMP_MAR_25,4,0) -> 28.71 | G41: =TRUNC($E41*F41,2) -> 1.43
A42: 88316 | B42: SINAPI SERVIÇO | C42: SERVENTE COM ENCARGOS COMPLEMENTARES. | D42: H | E42: 0.001 | F42: =VLOOKUP(A42,COMP_MAR_25,4,0) -> 22.95 | G42: =TRUNC($E42*F42,2) -> 0.02
A44: COMPOSIÇÃO 05 | C44: CAVALETE METÁLICO (COMP. PRÓPRIA BASEADOS NO QUANTITATIVOS PROJETO DE CAVALETE DE SINALIZAÇÃO EM ANEXO). | D44: UN | G44: =SUM(G46:G52) -> 404.37
A45: Apropriada
A46: 88315 | B46: SINAPI SERVIÇO | C46: SERRALHEIRO COM ENCARGOS COMPLEMENTARES. | D46: H | E46: 5.2 | F46: =VLOOKUP(A46,COMP_MAR_25,4,0) -> 28.14 | G46: =TRUNC($E46*F46,2) -> 146.32
A47: 21003 | B47: SINAPI INSUMO | C47: TUBO ACO CARBONO COM COSTURA, NBR 5580, CLASSE L, DN = 40 MM, E = 3,0 MM, 3,34 KG/M. | D47: M | E47: 5 | F47: =VLOOKUP(A47,INSU_MAR_25,4,0) -> 37.42 | G47: =TRUNC($E47*F47,2) -> 187.1
A48: 1325 | B48: SINAPI INSUMO | C48: CHAPA DE ACO FINA A FRIO BITOLA MSG 20, E = 0,90 MM (7,20 KG/M2). | D48: KG | E48: 0.4 | F48: =VLOOKUP(A48,INSU_MAR_25,4,0) -> 8.81 | G48: =TRUNC($E48*F48,2) -> 3.52
A49: 4777 | B49: SINAPI INSUMO | C49: CANTONEIRA ACO ABAS IGUAIS (QUALQUER BITOLA), ESPESSURA ENTRE 1/8" E 1/4". | D49: KG | E49: 3.5 | F49: =VLOOKUP(A49,INSU_MAR_25,4,0) -> 8.02 | G49: =TRUNC($E49*F49,2) -> 28.07
A50: 11002 | B50: SINAPI INSUMO | C50: ELETRODO REVESTIDO AWS - E6013, DIAMETRO IGUAL A 2,50 MM. | D50: KG | E50: 0.3 | F50: =VLOOKUP(A50,INSU_MAR_25,4,0) -> 28.81 | G50: =TRUNC($E50*F50,2) -> 8.64
A51: 7307 | B51: SINAPI INSUMO | C51: FUNDO ANTICORROSIVO PARA METAIS FERROSOS (ZARCAO). | D51: L | E51: 0.26 | F51: =VLOOKUP(A51,INSU_MAR_25,4,0) -> 49.25 | G51: =TRUNC($E51*F51,2) -> 12.8
A52: 7311 | B52: SINAPI INSUMO | C52: TINTA ESMALTE SINTETICO PREMIUM ACETINADO. | D52: L | E52: 0.38 | F52: =VLOOKUP(A52,INSU_MAR_25,4,0) -> 47.16 | G52: =TRUNC($E52*F52,2) -> 17.92
A54: COMPOSIÇÃO 06 | C54: SERVIÇOS TOPOGRÁFICOS PARA PAVIMENTAÇÃO, INCLUSIVE NOTA DE SERVIÇOS, ACOMPANHAMENTO E GREIDE. | D54: M2 | G54: =SUM(G56:G60) -> 0.35
A55: Apropriada
A56: 88253 | B56: SINAPI SERVIÇO | C56: AUXILIAR DE TOPÓGRAFO COM ENCARGOS COMPLEMENTARES. | D56: H | E56: 0.0025 | F56: =VLOOKUP(A56,COMP_MAR_25,4,0) -> 15.75 | G56: =TRUNC($E56*F56,2) -> 0.03
A57: 88288 | B57: SINAPI SERVIÇO | C57: NIVELADOR COM ENCARGOS COMPLEMENTARES. | D57: H | E57: 0.0025 | F57: =VLOOKUP(A57,COMP_MAR_25,4,0) -> 19.17 | G57: =TRUNC($E57*F57,2) -> 0.04
A58: 88316 | B58: SINAPI SERVIÇO | C58: SERVENTE COM ENCARGOS COMPLEMENTARES. | D58: H | E58: 0.0075 | F58: =VLOOKUP(A58,COMP_MAR_25,4,0) -> 22.95 | G58: =TRUNC($E58*F58,2) -> 0.17
A59: 90775 | B59: SINAPI SERVIÇO | C59: DESENHISTA PROJETISTA COM ENCARGOS COMPLEMENTARES. | D59: H | E59: 0.002 | F59: =VLOOKUP(A59,COMP_MAR_25,4,0) -> 24.62 | G59: =TRUNC($E59*F59,2) -> 0.04
A60: 92145 | B60: SINAPI SERVIÇO | C60: CAMINHONETE CABINE SIMPLES COM MOTOR 1.6 FLEX, CÂMBIO MANUAL, POTÊNCIA 101/104 CV, 2 PORTAS - CHP DIURNO. | D60: CHP | E60: 0.001 | F60: =VLOOKUP(A60,COMP_MAR_25,4,0) -> 79.24 | G60: =TRUNC($E60*F60,2) -> 0.07
A62: COMPOSIÇÃO 07 | C62: LOCAÇÃO DE BANHEIRO QUÍMICO COM LIMPEZA DIÁRIA INCLUSO COLETA E DESTINAÇÃO FINAL DE EFLUENTES. | D62: MÊS | G62: =SUM(G64) -> 4161.92
A63: Apropriada
A64: 01.08.41U | B64: COMPESA SERVIÇO | C64: LOCAÇÃO DE BANHEIRO QUÍMICO COM LIMPEZA DIÁRIA INCLUSO COLETA E DESTINAÇÃO FINAL DE EFLUENTES. | D64: UN | E64: 1 | F64: 4161.92 | G64: =TRUNC($E64*F64,2) -> 4161.92
A66: COMPOSIÇÃO 08 | C66: FORNECIMENTO E INSTALAÇÃO DE PLACA DE SINALIZAÇÃO EM CHAPA DE AÇO EM SUPORTE DE MADEIRA. | D66: M2 | G66: =SUM(G68:G71) -> 951.6
A67: Apropriada
A68: 5069 | B68: SINAPI INSUMO | C68: PREGO DE ACO POLIDO COM CABECA 17 X 27 (2 1/2 X 11). | D68: KG | E68: 0.0303 | F68: =VLOOKUP(A68,INSU_MAR_25,4,0) -> 16.28 | G68: =TRUNC($E68*F68,2) -> 0.49
A69: 34723 | B69: SINAPI INSUMO | C69: PLACA DE SINALIZACAO EM CHAPA DE ACO NUM 16 COM PINTURA REFLETIVA. | D69: M2 | E69: 1 | F69: =VLOOKUP(A69,INSU_MAR_25,4,0) -> 924 | G69: =TRUNC($E69*F69,2) -> 924
A70: 88309 | B70: SINAPI SERVIÇO | C70: PEDREIRO COM ENCARGOS COMPLEMENTARES. | D70: H | E70: 0.2791 | F70: =VLOOKUP(A70,COMP_MAR_25,4,0) -> 28.34 | G70: =TRUNC($E70*F70,2) -> 7.9
A71: 88316 | B71: SINAPI SERVIÇO | C71: SERVENTE COM ENCARGOS COMPLEMENTARES. | D71: H | E71: 0.8373 | F71: =VLOOKUP(A71,COMP_MAR_25,4,0) -> 22.95 | G71: =TRUNC($E71*F71,2) -> 19.21
A73: COMPOSIÇÃO 09 | C73: PISO TÁTIL DE ALERTA , DE CONCRETO, COLORIDO PARA DEFICIENTES VISUAIS, DIMENSÕES 40X40X2,5CM. | D73: M2 | G73: =SUM(G75:G78) -> 98.15
A74: Apropriada
A75: 88256 | B75: SINAPI SERVIÇO | C75: AZULEJISTA OU LADRILHISTA COM ENCARGOS COMPLEMENTARES. | D75: H | E75: 0.3 | F75: =VLOOKUP(A75,COMP_MAR_25,4,0) -> 28.2 | G75: =TRUNC($E75*F75,2) -> 8.46
A76: 88316 | B76: SINAPI SERVIÇO | C76: SERVENTE COM ENCARGOS COMPLEMENTARES. | D76: H | E76: 0.2 | F76: =VLOOKUP(A76,COMP_MAR_25,4,0) -> 22.95 | G76: =TRUNC($E76*F76,2) -> 4.59
A77: 34353 | B77: SINAPI INSUMO | C77: ARGAMASSA COLANTE AC II. | D77: KG | E77: 4.8 | F77: =VLOOKUP(A77,INSU_MAR_25,4,0) -> 1.86 | G77: =TRUNC($E77*F77,2) -> 8.92
A78: 36178 | B78: SINAPI INSUMO | C78: PISO TATIL / PODOTATIL, LADRILHO HIDRAULICO/CONCRETO, *40 X 40* CM, E= 2,5* CM, PADRAO TATIL ALERTA OU DIRECIONAL, COR NATURAL. | D78: UN | E78: =1/(0.4*0.4) -> 6.25 | F78: =VLOOKUP(A78,INSU_MAR_25,4,0) -> 12.19 | G78: =TRUNC($E78*F78,2) -> 76.18
A80: COMPOSIÇÃO 10 | C80: EXECUÇÃO DE LOMBADA | D80: M3 | G80: =SUM(G82) -> 580.98
A81: Apropriada
A82: 97096 | B82: SINAPI SERVIÇO | C82: CONCRETAGEM DE RADIER, PISO DE CONCRETO OU LAJE SOBRE SOLO, FCK 30 MPA - LANÇAMENTO, ADENSAMENTO E ACABAMENTO. | D82: M3 | E82: 1 | F82: =VLOOKUP(A82,COMP_MAR_25,4,0) -> 580.98 | G82: =TRUNC($E82*F82,2) -> 580.98
A84: COMPOSIÇÃO 11 | C84: PLACA DE INDICAÇÃO DE LOMBADA N°16 COM PINTURA REFLETIVA. | D84: UN | G84: =SUM(G86:G89) -> 1165.78
A85: Apropriada
A86: 88309 | B86: SINAPI SERVIÇO | C86: PEDREIRO COM ENCARGOS COMPLEMENTARES. | D86: H | E86: 0.2 | F86: =VLOOKUP(A86,COMP_MAR_25,4,0) -> 28.34 | G86: =TRUNC($E86*F86,2) -> 5.66
A87: 88316 | B87: SINAPI SERVIÇO | C87: SERVENTE COM ENCARGOS COMPLEMENTARES. | D87: H | E87: 0.2 | F87: =VLOOKUP(A87,COMP_MAR_25,4,0) -> 22.95 | G87: =TRUNC($E87*F87,2) -> 4.59
A88: 34721 | B88: SINAPI INSUMO | C88: PLACA DE SINALIZACAO EM CHAPA DE ALUMINIO COM PINTURA REFLETIVA, E = 2 MM. | D88: M2 | E88: 1 | F88: =VLOOKUP(A88,INSU_MAR_25,4,0) -> 1152.01 | G88: =TRUNC($E88*F88,2) -> 1152.01
A89: 4350 | B89: SINAPI INSUMO | C89: BUCHA DE NYLON, DIAMETRO DO FURO 8 MM, COMPRIMENTO 40 MM, COM PARAFUSO DE ROSCA SOBERBA, CABECA CHATA, FENDA SIMPLES, 4,8 X 50 MM. | D89: UN | E89: 4 | F89: =VLOOKUP(A89,INSU_MAR_25,4,0) -> 0.88 | G89: =TRUNC($E89*F89,2) -> 3.52
A91: COMPOSIÇÃO 12 | C91: PLACA DE INDICAÇÃO DE LOMBADA A FRENTE COM PINTURA REFLETIVA | D91: UN | G91: =SUM(G93:G96) -> 467.68
A92: Apropriada
A93: 88309 | B93: SINAPI SERVIÇO | C93: PEDREIRO COM ENCARGOS COMPLEMENTARES. | D93: H | E93: 0.1 | F93: =VLOOKUP(A93,COMP_MAR_25,4,0) -> 28.34 | G93: =TRUNC($E93*F93,2) -> 2.83
A94: 88316 | B94: SINAPI SERVIÇO | C94: SERVENTE COM ENCARGOS COMPLEMENTARES. | D94: H | E94: 0.1 | F94: =VLOOKUP(A94,COMP_MAR_25,4,0) -> 22.95 | G94: =TRUNC($E94*F94,2) -> 2.29
A95: 34721 | B95: SINAPI INSUMO | C95: PLACA DE SINALIZACAO EM CHAPA DE ALUMINIO COM PINTURA REFLETIVA, E = 2 MM. | D95: M2 | E95: 0.4 | F95: =VLOOKUP(A95,INSU_MAR_25,4,0) -> 1152.01 | G95: =TRUNC($E95*F95,2) -> 460.8
A96: 4350 | B96: SINAPI INSUMO | C96: BUCHA DE NYLON, DIAMETRO DO FURO 8 MM, COMPRIMENTO 40 MM, COM PARAFUSO DE ROSCA SOBERBA, CABECA CHATA, FENDA SIMPLES, 4,8 X 50 MM. | D96: UN | E96: 2 | F96: =VLOOKUP(A96,INSU_MAR_25,4,0) -> 0.88 | G96: =TRUNC($E96*F96,2) -> 1.76
A98: COMPOSIÇÃO 13 | C98: RAMPA DE ENTRADA DE CARRO - MÃO DE OBRA COMPLEMENTAR PARA REBAIXAMENTO DO PASSEIO E MEIO-FIO. | D98: UN | G98: =SUM(G100:G101) -> 153.87
A99: Apropriada
A100: 88309 | B100: SINAPI SERVIÇO | C100: PEDREIRO COM ENCARGOS COMPLEMENTARES. | D100: H | E100: 3 | F100: =VLOOKUP(A100,COMP_MAR_25,4,0) -> 28.34 | G100: =TRUNC($E100*F100,2) -> 85.02
A101: 88316 | B101: SINAPI SERVIÇO | C101: SERVENTE COM ENCARGOS COMPLEMENTARES. | D101: H | E101: 3 | F101: =VLOOKUP(A101,COMP_MAR_25,4,0) -> 22.95 | G101: =TRUNC($E101*F101,2) -> 68.85
A103: COMPOSIÇÃO 14 | C103: EXECUÇÃO DE IMPRIMAÇÃO COM ASFALTO DILUÍDO CM-30. | D103: M2 | G103: =SUM(G105:G112) -> 0.65
A104: Apropriada
A105: 5839 | B105: SINAPI SERVIÇO | C105: VASSOURA MECÂNICA REBOCÁVEL COM ESCOVA CILÍNDRICA, LARGURA ÚTIL DE VARRIMENTO DE 2,44 M - CHP DIURNO. | D105: CHP | E105: 0.0019 | F105: =VLOOKUP(A105,COMP_MAR_25,4,0) -> 9.62 | G105: =TRUNC($E105*F105,2) -> 0.01
A106: 5841 | B106: SINAPI SERVIÇO | C106: VASSOURA MECÂNICA REBOCÁVEL COM ESCOVA CILÍNDRICA, LARGURA ÚTIL DE VARRIMENTO DE 2,44 M - CHI DIURNO. | D106: CHI | E106: 0.0017 | F106: =VLOOKUP(A106,COMP_MAR_25,4,0) -> 4.84 | G106: =TRUNC($E106*F106,2) -> 0
A107: 1400017U | B107: INSUMO COMPESA | C107: ASFALTO DILUÍDO DE PETROLEO CM-30 (COM ICMS). | D107: KG | E107: 0.0017 | F107: 5.88 | G107: =TRUNC($E107*F107,2) -> 0
A108: 83362 | B108: SINAPI SERVIÇO | C108: ESPARGIDOR DE ASFALTO PRESSURIZADO, TANQUE 6 M3 COM ISOLAÇÃO TÉRMICA, AQUECIDO COM 2 MAÇARICOS, COM BARRA ESPARGIDORA 3,60 M, MONTADO SOBRE CAMINHÃO TOCO, PBT 14.300 KG, POTÊNCIA 185 CV - CHP DIURNO. | D108: CHP | E108: 0.0014 | F108: =VLOOKUP(A108,COMP_MAR_25,4,0) -> 279.38 | G108: =TRUNC($E108*F108,2) -> 0.39
A109: 88316 | B109: SINAPI SERVIÇO | C109: SERVENTE COM ENCARGOS COMPLEMENTARES. | D109: H | E109: 0.001 | F109: =VLOOKUP(A109,COMP_MAR_25,4,0) -> 22.95 | G109: =TRUNC($E109*F109,2) -> 0.02
A110: 89035 | B110: SINAPI SERVIÇO | C110: TRATOR DE PNEUS, POTÊNCIA 85 CV, TRAÇÃO 4X4, PESO COM LASTRO DE 4.675 KG - CHP DIURNO. | D110: CHP | E110: 0.001 | F110: =VLOOKUP(A110,COMP_MAR_25,4,0) -> 131.09 | G110: =TRUNC($E110*F110,2) -> 0.13
A111: 89036 | B111: SINAPI SERVIÇO | C111: TRATOR DE PNEUS, POTÊNCIA 85 CV, TRAÇÃO 4X4, PESO COM LASTRO DE 4.675 KG - CHI DIURNO. | D111: CHI | E111: 0.001 | F111: =VLOOKUP(A111,COMP_MAR_25,4,0) -> 42.24 | G111: =TRUNC($E111*F111,2) -> 0.04
A112: 91486 | B112: SINAPI SERVIÇO | C112: ESPARGIDOR DE ASFALTO PRESSURIZADO, TANQUE 6 M3 COM ISOLAÇÃO TÉRMICA, AQUECIDO COM 2 MAÇARICOS, COM BARRA ESPARGIDORA 3,60 M, MONTADO SOBRE CAMINHÃO TOCO, PBT 14.300 KG, POTÊNCIA 185 CV - CHI DIURNO. | D112: CHI | E112: 0.001 | F112: =VLOOKUP(A112,COMP_MAR_25,4,0) -> 67.02 | G112: =TRUNC($E112*F112,2) -> 0.06
A114: COMPOSIÇÃO 15 | C114: TRANSPORTE COM CAMINHÃO BASCULANTE 10 M3 DE MASSA ASFALTICA PARA PAVIMENTAÇÃO URBANA. | D114: M3xKM | G114: =SUM(G116:G116) -> 1.66
A115: Apropriada
...

Sheet COMPOSIÇÕES AUX.
A1: =Orçamento!A1 -> PREFEITURA MUNICIPAL DE OLINDA
A2: =Orçamento!A2 -> SECRETARIA DE OBRAS
A3: =Orçamento!A3 -> SECRETARIA EXECUTIVA DE OBRAS
A4: =Resumo!A5 -> OBJETO: | B4: =Resumo!B5 -> CONTRATAÇÃO DE EMPRESA ESPECIALIZADA PARA EXECUÇÃO DE OBRAS DE TERRAPLENAGEM, PAVIMENTAÇÃO, DRENAGEM, ACESSIBILIDADE E SINALIZAÇÃO DA RUA CACIMBÃO NO BAIRRO DE SALGADINHO E RUA COMPOSITOR ATAULFO ALVES NO BAIRRO FRAGOSO, NO MUNICÍPIO DE OLINDA-PE, CONTRATO DE REPASSE: 1088.389-47/2023.
A5: =Resumo!A6 -> Localização: | B5: =Resumo!B6 -> OLINDA - PE | D5: CR 1088.389-47/2023
A6: COMPOSIÇÕES AUXILIARES
A8: CÓDIGO | B8: FONTE | C8: DISCRIMINAÇÃO | D8: UNID. | E8: QUANT. | F8: ONERADO
F9: UNIT. | G9: TOTAL
A10: AUX.001 | B10: AUXILIAR | C10: CONCRETAGEM, FCK 25 MPA, COM USO DE JERICA, LANÇAMENTO, ADENSAMENTO E ACABAMENTO. | D10: M3 | G10: =SUM(G12:G16) -> 684.88
A11: x
A12: 88309 | B12: SINAPI SERVIÇO | C12: PEDREIRO COM ENCARGOS COMPLEMENTARES. | D12: H | E12: 2.386 | F12: =VLOOKUP(A12,COMP_MAR_25,4,0) -> 28.34 | G12: =TRUNC($E12*F12,2) -> 67.61 | I12: 1.16
A13: 88316 | B13: SINAPI SERVIÇO | C13: SERVENTE COM ENCARGOS COMPLEMENTARES. | D13: H | E13: 2.45 | F13: =VLOOKUP(A13,COMP_MAR_25,4,0) -> 22.95 | G13: =TRUNC($E13*F13,2) -> 56.22 | I13: 2.425
A14: 90586 | B14: SINAPI SERVIÇO | C14: VIBRADOR DE IMERSÃO, DIÂMETRO DE PONTEIRA 45MM, MOTOR ELÉTRICO TRIFÁSICO POTÊNCIA DE 2 CV - CHP DIURNO. | D14: CHP | E14: 0.314 | F14: =VLOOKUP(A14,COMP_MAR_25,4,0) -> 1.36 | G14: =TRUNC($E14*F14,2) -> 0.42 | I14: 2.882
A15: 90587 | B15: SINAPI SERVIÇO | C15: VIBRADOR DE IMERSÃO, DIÂMETRO DE PONTEIRA 45MM, MOTOR ELÉTRICO TRIFÁSICO POTÊNCIA DE 2 CV - CHI DIURNO. | D15: CHI | E15: 0.911 | F15: =VLOOKUP(A15,COMP_MAR_25,4,0) -> 0.53 | G15: =TRUNC($E15*F15,2) -> 0.48 | I15: 1.101
A16: 94971 | B16: SINAPI SERVIÇO | C16: CONCRETO FCK = 25MPA, TRAÇO 1:2,3:2,7 (EM MASSA SECA DE CIMENTO/ AREIA MÉDIA/ BRITA 1) - PREPARO MECÂNICO COM BETONEIRA 600 L. | D16: M3 | E16: 1.15 | F16: =VLOOKUP(A16,COMP_MAR_25,4,0) -> 487.09 | G16: =TRUNC($E16*F16,2) -> 560.15 | I16: 0.34
A18: AUX.002 | B18: AUXILIAR | C18: MEIO-FIO OU GUIA DE CONCRETO PRE-MOLDADO, TIPO CHAPEU PARA BOCA DE LOBO, DIMENSOES *1,20* X 0,15 X 0,40 M. | D18: UN | G18: =SUM(G20:G32) -> 129.04
A19: Apropriada
A20: 94971 | B20: SINAPI SERVIÇO | C20: CONCRETO FCK = 25MPA, TRAÇO 1:2,3:2,7 (EM MASSA SECA DE CIMENTO/ AREIA MÉDIA/ BRITA 1) - PREPARO MECÂNICO COM BETONEIRA 600 L. | D20: M3 | E20: =((0.12*1.2*0.15)+(0.15*0.25*0.2*2))*1.1 -> 0.04026 | F20: =VLOOKUP(A20,COMP_MAR_25,4,0) -> 487.09 | G20: =TRUNC($E20*F20,2) -> 19.61
A21: 1345 | B21: SINAPI INSUMO | C21: CHAPA/PAINEL DE MADEIRA COMPENSADA PLASTIFICADA (MADEIRITE PLASTIFICADO) PARA FORMA DE CONCRETO, DE 2200 X 1100 MM, E = *17* MM. | D21: M2 | E21: =(((0.15*0.14*2)+(0.25*0.2*4)+(0.25*0.15*2)+(((((0.15+0.12)/2)*0.25)+(0.15*0.12))*2)+(0.8*0.15))*1.1)/4 -> 0.1486375 | F21: =VLOOKUP(A21,INSU_MAR_25,4,0) -> 74.05 | G21: =TRUNC($E21*F21,2) -> 11
A22: 2692 | B22: SINAPI INSUMO | C22: DESMOLDANTE PROTETOR PARA FORMAS DE MADEIRA, DE BASE OLEOSA EMULSIONADA EM AGUA. | D22: L | E22: =0.01*E21 -> 0.001486375 | F22: =VLOOKUP(A22,INSU_MAR_25,4,0) -> 7.19 | G22: =TRUNC($E22*F22,2) -> 0.01
A23: 5073 | B23: SINAPI INSUMO | C23: PREGO DE ACO POLIDO COM CABECA 17 X 24 (2 1/4 X 11). | D23: KG | E23: =0.069*E21 -> 0.010255988 | F23: =VLOOKUP(A23,INSU_MAR_25,4,0) -> 16.28 | G23: =TRUNC($E23*F23,2) -> 0.16
A24: 5074 | B24: SINAPI INSUMO | C24: PREGO DE ACO POLIDO COM CABECA 15 X 18 (1 1/2 X 13). | D24: KG | E24: =0.013*E21 -> 0.0019322875 | F24: =VLOOKUP(A24,INSU_MAR_25,4,0) -> 17.89 | G24: =TRUNC($E24*F24,2) -> 0.03
A25: 20247 | B25: SINAPI INSUMO | C25: PREGO DE ACO POLIDO COM CABECA 15 X 15 (1 1/4 X 13). | D25: KG | E25: =0.016*E21 -> 0.0023782 | F25: =VLOOKUP(A25,INSU_MAR_25,4,0) -> 17.68 | G25: =TRUNC($E25*F25,2) -> 0.04
A26: 40304 | B26: SINAPI INSUMO | C26: PREGO DE ACO POLIDO COM CABECA DUPLA 17 X 27 (2 1/2 X 11). | D26: KG | E26: =0.024*E21 -> 0.0035673 | F26: =VLOOKUP(A26,INSU_MAR_25,4,0) -> 19.71 | G26: =TRUNC($E26*F26,2) -> 0.07
A27: 88239 | B27: SINAPI SERVIÇO | C27: AJUDANTE DE CARPINTEIRO COM ENCARGOS COMPLEMENTARES. | D27: H | E27: =1.423*E21 -> 0.21151116 | F27: =VLOOKUP(A27,COMP_MAR_25,4,0) -> 23.69 | G27: =TRUNC($E27*F27,2) -> 5.01
A28: 88262 | B28: SINAPI SERVIÇO | C28: CARPINTEIRO DE FORMAS COM ENCARGOS COMPLEMENTARES. | D28: H | E28: =3.787*E21 -> 0.56289021 | F28: =VLOOKUP(A28,COMP_MAR_25,4,0) -> 27.92 | G28: =TRUNC($E28*F28,2) -> 15.71
A29: 91692 | B29: SINAPI SERVIÇO | C29: SERRA CIRCULAR DE BANCADA COM MOTOR ELÉTRICO POTÊNCIA DE 5HP, COM COIFA PARA DISCO 10" - CHP DIURNO. | D29: CHP | E29: =0.072*E21 -> 0.0107019 | F29: =VLOOKUP(A29,COMP_MAR_25,4,0) -> 25.84 | G29: =TRUNC($E29*F29,2) -> 0.27
A30: 91693 | B30: SINAPI SERVIÇO | C30: SERRA CIRCULAR DE BANCADA COM MOTOR ELÉTRICO POTÊNCIA DE 5HP, COM COIFA PARA DISCO 10" - CHI DIURNO. | D30: CHI | E30: =0.141*E21 -> 0.020957887 | F30: =VLOOKUP(A30,COMP_MAR_25,4,0) -> 24.46 | G30: =TRUNC($E30*F30,2) -> 0.51
A31: 92915 | B31: SINAPI SERVIÇO | C31: ARMAÇÃO DE ESTRUTURAS DIVERSAS DE CONCRETO ARMADO, EXCETO VIGAS, PILARES, LAJES E FUNDAÇÕES, UTILIZANDO AÇO CA-60 DE 5,0 MM - MONTAGEM. | D31: KG | E31: 2 | F31: =VLOOKUP(A31,COMP_MAR_25,4,0) -> 17.13 | G31: =TRUNC($E31*F31,2) -> 34.26
A32: 92917 | B32: SINAPI SERVIÇO | C32: ARMAÇÃO DE ESTRUTURAS DIVERSAS DE CONCRETO ARMADO, EXCETO VIGAS, PILARES, LAJES E FUNDAÇÕES, UTILIZANDO AÇO CA-50 DE 8,0 MM - MONTAGEM. | D32: KG | E32: 3 | F32: =VLOOKUP(A32,COMP_MAR_25,4,0) -> 14.12 | G32: =TRUNC($E32*F32,2) -> 42.36
A34: AUX.003 | B34: AUXILIAR | C34: CONCRETO ESTRUTURAL FCK 20MPA. | D34: M3 | G34: =SUM(G35:G37) -> 548.06
A35: 88304 | B35: SINAPI SERVIÇO | C35: OPERADOR DE USINA DE ASFALTO, DE SOLOS OU DE CONCRETO COM ENCARGOS COMPLEMENTARES. | D35: H | E35: 0.971 | F35: =VLOOKUP(A35,COMP_MAR_25,4,0) -> 29.08 | G35: =TRUNC($E35*F35,2) -> 28.23
A36: 88243 | B36: SINAPI SERVIÇO | C36: AJUDANTE ESPECIALIZADO COM ENCARGOS COMPLEMENTARES. | D36: H | E36: 0.971 | F36: =VLOOKUP(A36,COMP_MAR_25,4,0) -> 23.92 | G36: =TRUNC($E36*F36,2) -> 23.22
A37: 1524 | B37: SINAPI INSUMO | C37: CONCRETO USINADO BOMBEAVEL, CLASSE DE RESISTENCIA C20, BRITA 0 E 1, SLUMP = 100 +/- 20 MM, COM BOMBEAMENTO (DISPONIBILIZACAO DE BOMBA), SEM O LANCAMENTO (NBR 8953). | D37: M3 | E37: 1 | F37: =VLOOKUP(A37,INSU_MAR_25,4,0) -> 496.61 | G37: =TRUNC($E37*F37,2) -> 496.61
A39: AUX.004 | B39: AUXILIAR | C39: TAMPA DE CONCRETO ARMADO (0,50 X 1,00 X 0,10M) PARA CANALETA EM ALVENARIA DE BLOCOS ESTRUTURAIS. | D39: UND | G39: =SUM(G40:G44) -> 73.38
A40: 1527 | B40: SINAPI INSUMO | C40: CONCRETO USINADO BOMBEAVEL, CLASSE DE RESISTENCIA C25, BRITA 0 E 1, SLUMP = 100 +/- 20 MM, COM BOMBEAMENTO (DISPONIBILIZACAO DE BOMBA), SEM O LANCAMENTO (NBR 8953). | D40: M3 | E40: =H40*$I$40 -> 0.05 | F40: =VLOOKUP(A40,INSU_MAR_25,4,0) -> 512.38 | G40: =TRUNC($E40*F40,2) -> 25.61 | H40: 0.1 | I40: 0.5 | J40: (m2)
A41: 92921 | B41: SINAPI SERVIÇO | C41: ARMAÇÃO DE ESTRUTURAS DIVERSAS DE CONCRETO ARMADO, EXCETO VIGAS, PILARES, LAJES E FUNDAÇÕES, UTILIZANDO AÇO CA-50 DE 12,5 MM - MONTAGEM. | D41: KG | E41: =H41*$I$40 -> 1.25 | F41: =VLOOKUP(A41,COMP_MAR_25,4,0) -> 10.11 | G41: =TRUNC($E41*F41,2) -> 12.63 | H41: 2.5
A42: 88262 | B42: SINAPI SERVIÇO | C42: CARPINTEIRO DE FORMAS COM ENCARGOS COMPLEMENTARES. | D42: H | E42: =H42*$I$40 -> 0.5 | F42: =VLOOKUP(A42,COMP_MAR_25,4,0) -> 27.92 | G42: =TRUNC($E42*F42,2) -> 13.96 | H42: 1
A43: 6212 | B43: SINAPI INSUMO | C43: TABUA *2,5 X 30 CM EM PINUS, MISTA OU EQUIVALENTE DA REGIAO - BRUTA. | D43: M | E43: =H43*$I$40 -> 1 | F43: =VLOOKUP(A43,INSU_MAR_25,4,0) -> 17.67 | G43: =TRUNC($E43*F43,2) -> 17.67 | H43: 2
A44: 5068 | B44: SINAPI INSUMO | C44: PREGO DE ACO POLIDO COM CABECA 17 X 21 (2 X 11). | D44: KG | E44: =H44*$I$40 -> 0.22 | F44: =VLOOKUP(A44,INSU_MAR_25,4,0) -> 15.97 | G44: =TRUNC($E44*F44,2) -> 3.51 | H44: 0.44
A46: AUX.005 | B46: AUXILIAR | C46: ARMAÇÃO DE CINTA DE ALVENARIA ESTRUTURAL; DIÂMETRO DE 5,0 MM. | D46: KG | G46: =SUM(G47:G49) -> 10.4
A47: 43061 | B47: SINAPI INSUMO | C47: ACO CA-60, 4,2 MM OU 5,0 MM, DOBRADO E CORTADO. | D47: KG | E47: 1 | F47: =VLOOKUP(A47,INSU_MAR_25,4,0) -> 8.26 | G47: =TRUNC($E47*F47,2) -> 8.26
A48: 88238 | B48: SINAPI SERVIÇO | C48: AJUDANTE DE ARMADOR COM ENCARGOS COMPLEMENTARES. | D48: H | E48: 0.0325 | F48: =VLOOKUP(A48,COMP_MAR_25,4,0) -> 23.86 | G48: =TRUNC($E48*F48,2) -> 0.77
A49: 88245 | B49: SINAPI SERVIÇO | C49: ARMADOR COM ENCARGOS COMPLEMENTARES. | D49: H | E49: 0.0488 | F49: =VLOOKUP(A49,COMP_MAR_25,4,0) -> 28.14 | G49: =TRUNC($E49*F49,2) -> 1.37
A51: AUX.006 | B51: AUXILIAR | C51: ARMAÇÃO DE CINTA DE ALVENARIA ESTRUTURAL; DIÂMETRO DE 6,3 MM. | D51: KG | G51: =SUM(G52:G54) -> 11.92
A52: 34449 | B52: SINAPI INSUMO | C52: ACO CA-50, 6,3 MM, DOBRADO E CORTADO. | D52: KG | E52: 1 | F52: =VLOOKUP(A52,INSU_MAR_25,4,0) -> 9.78 | G52: =TRUNC($E52*F52,2) -> 9.78
A53: 88238 | B53: SINAPI SERVIÇO | C53: AJUDANTE DE ARMADOR COM ENCARGOS COMPLEMENTARES. | D53: H | E53: 0.0325 | F53: =VLOOKUP(A53,COMP_MAR_25,4,0) -> 23.86 | G53: =TRUNC($E53*F53,2) -> 0.77
A54: 88245 | B54: SINAPI SERVIÇO | C54: ARMADOR COM ENCARGOS COMPLEMENTARES. | D54: H | E54: 0.0488 | F54: =VLOOKUP(A54,COMP_MAR_25,4,0) -> 28.14 | G54: =TRUNC($E54*F54,2) -> 1.37
A56: AUX.007 | B56: AUXILIAR | C56: ARMAÇÃO DE CINTA DE ALVENARIA ESTRUTURAL; DIÂMETRO DE 10,0 MM. | D56: KG | G56: =SUM(G57:G59) -> 11.65
A57: 92803 | B57: SINAPI SERVIÇO | C57: CORTE E DOBRA DE AÇO CA-50, DIÂMETRO DE 10,0 MM. | D57: KG | E57: 1 | F57: =VLOOKUP(A57,COMP_MAR_25,4,0) -> 9.51 | G57: =TRUNC($E57*F57,2) -> 9.51
A58: 88238 | B58: SINAPI SERVIÇO | C58: AJUDANTE DE ARMADOR COM ENCARGOS COMPLEMENTARES. | D58: H | E58: 0.0325 | F58: =VLOOKUP(A58,COMP_MAR_25,4,0) -> 23.86 | G58: =TRUNC($E58*F58,2) -> 0.77
A59: 88245 | B59: SINAPI SERVIÇO | C59: ARMADOR COM ENCARGOS COMPLEMENTARES. | D59: H | E59: 0.0488 | F59: =VLOOKUP(A59,COMP_MAR_25,4,0) -> 28.14 | G59: =TRUNC($E59*F59,2) -> 1.37
A61: AUX.008 | B61: AUXILIAR | C61: ARMAÇÃO DE CINTA DE ALVENARIA ESTRUTURAL; DIÂMETRO DE 12,5 MM | D61: KG | G61: =SUM(G62:G64) -> 10.29
A62: 92804 | B62: SINAPI SERVIÇO | C62: CORTE E DOBRA DE AÇO CA-50, DIÂMETRO DE 12,5 MM. | D62: KG | E62: 1 | F62: =VLOOKUP(A62,COMP_MAR_25,4,0) -> 8.15 | G62: =TRUNC($E62*F62,2) -> 8.15
A63: 88238 | B63: SINAPI SERVIÇO | C63: AJUDANTE DE ARMADOR COM ENCARGOS COMPLEMENTARES. | D63: H | E63: 0.0325 | F63: =VLOOKUP(A63,COMP_MAR_25,4,0) -> 23.86 | G63: =TRUNC($E63*F63,2) -> 0.77
A64: 88245 | B64: SINAPI SERVIÇO | C64: ARMADOR COM ENCARGOS COMPLEMENTARES. | D64: H | E64: 0.0488 | F64: =VLOOKUP(A64,COMP_MAR_25,4,0) -> 28.14 | G64: =TRUNC($E64*F64,2) -> 1.37
A66: AUX.009 | B66: AUXILIAR | C66: CONCRETAGEM DE RADIER, PISO DE CONCRETO OU LAJE SOBRE SOLO, FCK 25 MPA - LANÇAMENTO, ADENSAMENTO E ACABAMENTO. | D66: M3 | G66: =SUM(G67:G71) -> 537.47
A67: 94971 | B67: SINAPI SERVIÇO | C67: CONCRETO FCK = 25MPA, TRAÇO 1:2,3:2,7 (EM MASSA SECA DE CIMENTO/ AREIA MÉDIA/ BRITA 1) - PREPARO MECÂNICO COM BETONEIRA 600 L. | D67: M3 | E67: =1.06 -> 1.06 | F67: =VLOOKUP(A67,COMP_MAR_25,4,0) -> 487.09 | G67: =TRUNC($E67*F67,2) -> 516.31
A68: 88309 | B68: SINAPI SERVIÇO | C68: PEDREIRO COM ENCARGOS COMPLEMENTARES. | D68: H | E68: =0.411 -> 0.411 | F68: =VLOOKUP(A68,COMP_MAR_25,4,0) -> 28.34 | G68: =TRUNC($E68*F68,2) -> 11.64
A69: 88316 | B69: SINAPI SERVIÇO | C69: SERVENTE COM ENCARGOS COMPLEMENTARES. | D69: H | E69: =0.411 -> 0.411 | F69: =VLOOKUP(A69,COMP_MAR_25,4,0) -> 22.95 | G69: =TRUNC($E69*F69,2) -> 9.43
A70: 90586 | B70: SINAPI SERVIÇO | C70: VIBRADOR DE IMERSÃO, DIÂMETRO DE PONTEIRA 45MM, MOTOR ELÉTRICO TRIFÁSICO POTÊNCIA DE 2 CV - CHP DIURNO. | D70: CHP | E70: =0.053 -> 0.053 | F70: =VLOOKUP(A70,COMP_MAR_25,4,0) -> 1.36 | G70: =TRUNC($E70*F70,2) -> 0.07
A71: 90587 | B71: SINAPI SERVIÇO | C71: VIBRADOR DE IMERSÃO, DIÂMETRO DE PONTEIRA 45MM, MOTOR ELÉTRICO TRIFÁSICO POTÊNCIA DE 2 CV - CHI DIURNO. | D71: CHI | E71: =0.049 -> 0.049 | F71: =VLOOKUP(A71,COMP_MAR_25,4,0) -> 0.53 | G71: =TRUNC($E71*F71,2) -> 0.02
A73: AUX.010 | B73: AUXILIAR | C73: ALVENARIA TIJOLO CERÂMICO MACIÇO (5X9X19), ESP = 0,19M (DOBRADA), COM ARGAMASSA TRAÇO T5 - 1:2:8 (CIMENTO / CAL / AREIA) C/ JUNTA DE 2,0CM - R1. | D73: M2 | G73: =SUM(G75:G78) -> 225.94
A74: REF. 00157/ORSE SET/2023
A75: 88309 | B75: SINAPI SERVIÇO | C75: PEDREIRO COM ENCARGOS COMPLEMENTARES. | D75: H | E75: =2.42 -> 2.42 | F75: =VLOOKUP(A75,COMP_MAR_25,4,0) -> 28.34 | G75: =TRUNC($E75*F75,2) -> 68.58
A76: 88316 | B76: SINAPI SERVIÇO | C76: SERVENTE COM ENCARGOS COMPLEMENTARES. | D76: H | E76: =1.81 -> 1.81 | F76: =VLOOKUP(A76,COMP_MAR_25,4,0) -> 22.95 | G76: =TRUNC($E76*F76,2) -> 41.53
A77: 7258 | B77: SINAPI INSUMO | C77: TIJOLO CERAMICO MACICO COMUM DE *5 X 10 X 20* CM (L X A X C). | D77: UN | E77: =130 -> 130 | F77: =VLOOKUP(A77,INSU_MAR_25,4,0) -> 0.47 | G77: =TRUNC($E77*F77,2) -> 61.1
A78: 87292 | B78: SINAPI SERVIÇO | C78: ARGAMASSA TRAÇO 1:2:8 (EM VOLUME DE CIMENTO, CAL E AREIA MÉDIA ÚMIDA) PARA EMBOÇO/MASSA ÚNICA/ASSENTAMENTO DE ALVENARIA DE VEDAÇÃO, PREPARO MECÂNICO COM BETONEIRA 400 L. | D78: M3 | E78: =0.079 -> 0.079 | F78: =VLOOKUP(A78,COMP_MAR_25,4,0) -> 692.82 | G78: =TRUNC($E78*F78,2) -> 54.73

Sheet BDI
A1: Prefeitura Municipal de Olinda - PMO Secretaria de Obras - SO Secretaria Executiva de Habitação - Coordenação de Pavimentação | D1: Prefeitura Municipal de Olinda - PMO Secretaria de Obras - SO Secretaria Executiva de Obras - SEO
A2: DESONERADO | D2: NÃO DESONERADO
A3: COMPOSIÇÃO DO BDI (ACÓRDÃO 2.622 / 2013 - TCU) | D3: COMPOSIÇÃO DO BDI (ACÓRDÃO 2.622 / 2013 - TCU)
A5: 1. TIPO DE OBRA: RODOVIAS E FERROVIAS | D5: 1. TIPO DE OBRA: RODOVIAS E FERROVIAS
A8: 2. VALORES REFERENCIAIS PARA COMPOSIÇÃO DE BDI | D8: 2. VALORES REFERENCIAIS PARA COMPOSIÇÃO DE BDI
A11: ADMINISTRAÇÃO CENTRAL ( AC ) | C11: 0.038 | D11: ADMINISTRAÇÃO CENTRAL ( AC ) | F11: 0.038
A13: RISCO ( R ) | C13: 0.005 | D13: RISCO ( R ) | F13: 0.005
A15: SEGUROS E GARANTIAS ( SG ) | C15: 0.0032 | D15: SEGUROS E GARANTIAS ( SG ) | F15: 0.0032
A17: DESPESAS FINANCEIRAS ( DF ) | C17: 0.0102 | D17: DESPESAS FINANCEIRAS ( DF ) | F17: 0.0102
A19: LUCRO BRUTO ( L ) | C19: 0.0664 | D19: LUCRO BRUTO ( L ) | F19: 0.0664
A21: TRIBUTOS ( T ) | C21: =SUM(B22:B24) -> 0.0766 | D21: TRIBUTOS ( T ) | F21: =SUM(E22:E24) -> 0.0761
A22: PIS | B22: 0.0065 | D22: PIS | E22: 0.0065
A23: COFINS | B23: 0.03 | D23: COFINS | E23: 0.03
A24: ISS (Adotado no Município) | B24: 0.0401 | D24: ISS (Adotado no Município) | E24: 0.0396
A26: 3. FÓRMULA BDI (ACÓRDÃO Nº 2.369 / 2011 - TCU) | D26: 3. FÓRMULA BDI (ACÓRDÃO Nº 2.369 / 2011 - TCU)
A28: ONDE: | D28: ONDE:
A29: AC = TAXA DE ADMINISTRAÇÃO CENTRAL | D29: AC = TAXA DE ADMINISTRAÇÃO CENTRAL
A30: R = RISCOS | D30: R = RISCOS
A31: SG = SEGUROS E GARANTIAS | D31: SG = SEGUROS E GARANTIAS
A32: DF = DESPESAS FINANCEIRAS | D32: DF = DESPESAS FINANCEIRAS
A33: L = TAXA DE LUCRO | D33: L = TAXA DE LUCRO
A34: T = TAXA DE TRIBUTOS | D34: T = TAXA DE TRIBUTOS
A36: 4. VALOR DO BDI PARA O TIPO DE OBRA ADOTADO | D36: 4. VALOR DO BDI PARA O TIPO DE OBRA ADOTADO
A38: BDI = | B38: =(((1+C11+C13+C15)*(1+C17)*(1+C19))/(1-C21))-1 -> 0.22054093 | D38: BDI = | E38: =(((1+F11+F13+F15)*(1+F17)*(1+F19))/(1-F21))-1 -> 0.21988039 | I38: 0.21988039

Sheet Cronograma
A1: =Orçamento!A1 -> PREFEITURA MUNICIPAL DE OLINDA
A2: =Orçamento!A2 -> SECRETARIA DE OBRAS
A3: =Orçamento!A3 -> SECRETARIA EXECUTIVA DE OBRAS
A5: OBJETO: | B5: =Resumo!B5 -> CONTRATAÇÃO DE EMPRESA ESPECIALIZADA PARA EXECUÇÃO DE OBRAS DE TERRAPLENAGEM, PAVIMENTAÇÃO, DRENAGEM, ACESSIBILIDADE E SINALIZAÇÃO DA RUA CACIMBÃO NO BAIRRO DE SALGADINHO E RUA COMPOSITOR ATAULFO ALVES NO BAIRRO FRAGOSO, NO MUNICÍPIO DE OLINDA-PE, CONTRATO DE REPASSE: 1088.389-47/2023.
A6: =[42]Resumo!A6 -> Localização: | B6: =Resumo!B6 -> OLINDA - PE | H6: CR 1088.389-47/2023
A7: CRONOGRAMA FÍSICO-FINANCEIRO
A8: ITEM | B8: DESCRIÇÃO | C8: VALOR DO ITEM | D8: DIAS
D9: 30 | E9: 60 | F9: 90 | G9: 120 | H9: 150 | I9: 180
B11: =Resumo!B11 -> RUA DO CACIMBÃO
A12: 1.0 | B12: =VLOOKUP(A12,Resumo!A:C,2,0) -> ADMINISTRAÇÃO LOCAL DA OBRA | C12: =VLOOKUP(A12,Resumo!A:C,3,0) -> 17736.48 | D12: =L16 -> 0.37411456 | E12: =M12/K12 -> 0.33559061 | F12: =N12/K12 -> 0.29029483 | K12: =SUM(C14:C25) -> 392337.5 | L12: =D15+D17+D19+D21+D23+D25 -> 146779.17 | M12: =E15+E17+E19+E21+E23+E25 -> 131664.78 | N12: =F15+F17+F19+F21+F23+F25 -> 113893.55
D13: =C12*$D$12 -> 6635.4754 | E13: =C12*$E$12 -> 5952.1961 | F13: =C12*$F$12 -> 5148.8084 | L13: =L12/$K$12 -> 0.37411456 | M13: =M12/$K$12 -> 0.33559061 | N13: =N12/$K$12 -> 0.29029483
A14: 2.0 | B14: =VLOOKUP(A14,Resumo!A:C,2,0) -> SERVIÇOS PRELIMINARES | C14: =VLOOKUP(A14,Resumo!A:C,3,0) -> 20110.53 | D14: 1
D15: =D14*$C$14 -> 20110.53 | K15: =D13+E13+F13 -> 17736.48 | L15: =D15+D17+D19+D21 -> 146779.17 | M15: =E17+E19+E21+E23 -> 131664.78 | N15: =F17+F21+F23+F25 -> 113893.55
A16: 3.0 | B16: =VLOOKUP(A16,Resumo!A:C,2,0) -> DRENAGEM | C16: =VLOOKUP(A16,Resumo!A:C,3,0) -> 89743.98 | D16: 0.4 | E16: 0.4 | F16: 0.2 | L16: =L15/K12 -> 0.37411456 | M16: =M15/K12 -> 0.33559061 | N16: =N15/K12 -> 0.29029483 | O16: =SUM(L16:N16) -> 1
D17: =D16*$C$16 -> 35897.592 | E17: =E16*$C$16 -> 35897.592 | F17: =F16*$C$16 -> 17948.796
A18: 4.0 | B18: =VLOOKUP(A18,Resumo!A:C,2,0) -> TERRAPLENAGEM | C18: =VLOOKUP(A18,Resumo!A:C,3,0) -> 82368.14 | D18: 0.8 | E18: 0.2 | K18: =D12+E12+F12 -> 1
D19: =D18*$C$18 -> 65894.512 | E19: =E18*$C$18 -> 16473.628
A20: 5.0 | B20: =VLOOKUP(A20,Resumo!A:C,2,0) -> PAVIMENTAÇÃO | C20: =VLOOKUP(A20,Resumo!A:C,3,0) -> 124382.69 | D20: 0.2 | E20: 0.4 | F20: 0.4 | L20: =D21+D19+D17+D15 -> 146779.17 | M20: =L20/K12 -> 0.37411456
D21: =D20*$C$20 -> 24876.538 | E21: =E20*$C$20 -> 49753.076 | F21: =F20*$C$20 -> 49753.076
A22: 6.0 | B22: =VLOOKUP(A22,Resumo!A:C,2,0) -> PASSEIOS | C22: =VLOOKUP(A22,Resumo!A:C,3,0) -> 59080.97 | E22: 0.5 | F22: 0.5
E23: =E22*$C$22 -> 29540.485 | F23: =F22*$C$22 -> 29540.485
A24: 7.0 | B24: =VLOOKUP(A24,Resumo!A:C,2,0) -> SINALIZAÇÃO | C24: =VLOOKUP(A24,Resumo!A:C,3,0) -> 16651.19 | F24: 1
F25: =F24*$C$24 -> 16651.19
B26: =Resumo!B19 -> RUA COMPOSITOR ATAULFO ALVES
A27: =Orçamento!A68 -> 8.0 | B27: =VLOOKUP(A27,Resumo!A:C,2,0) -> ADMINISTRAÇÃO LOCAL DA OBRA | C27: =VLOOKUP(A27,Resumo!A:C,3,0) -> 17736.48 | G27: =L27/K27 -> 0.26877829 | H27: =M27/K27 -> 0.39008397 | I27: =N27/K27 -> 0.34113774 | K27: =SUM(C29:C40) -> 585356.08 | L27: =G30+G32+G34+G36+G38+G40 -> 157331.01 | M27: =H30+H32+H34+H36+H38+H40 -> 228338.02 | N27: =I30+I32+I34+I36+I38+I40 -> 199687.05
G28: =C27*$G$27 -> 4767.1808 | H28: =C27*$H$27 -> 6918.7165 | I28: =C27*$I$27 -> 6050.5827 | L28: =L27/K27 -> 0.26877829 | M28: =M27/K27 -> 0.39008397 | N28: =N27/K27 -> 0.34113774
A29: =Orçamento!A71 -> 9.0 | B29: =VLOOKUP(A29,Resumo!A:C,2,0) -> SERVIÇOS PRELIMINARES | C29: =VLOOKUP(A29,Resumo!A:C,3,0) -> 20312.16 | G29: 1
G30: =G29*$C$29 -> 20312.16 | K30: =G28+H28+I28 -> 17736.48 | L30: =K15+K30 -> 35472.96
A31: =Orçamento!A77 -> 10.0 | B31: =VLOOKUP(A31,Resumo!A:C,2,0) -> TERRAPLENAGEM E MOVIMENTO DE TERRA | C31: =VLOOKUP(A31,Resumo!A:C,3,0) -> 205914.16 | G31: 0.4 | H31: 0.4 | I31: 0.2
G32: =G31*$C$31 -> 82365.664 | H32: =H31*$C$31 -> 82365.664 | I32: =I31*$C$31 -> 41182.832 | K32: =G27+H27+I27 -> 1 | L32: =K18+K32 -> 2
A33: =Orçamento!A87 -> 11.0 | B33: =VLOOKUP(A33,Resumo!A:C,2,0) -> DRENAGEM | C33: =VLOOKUP(A33,Resumo!A:C,3,0) -> 7264.25 | G33: 0.8 | H33: 0.2
G34: =G33*$C$33 -> 5811.4 | H34: =H33*$C$33 -> 1452.85
A35: =Orçamento!A90 -> 12.0 | B35: =VLOOKUP(A35,Resumo!A:C,2,0) -> PAVIMENTAÇÃO | C35: =VLOOKUP(A35,Resumo!A:C,3,0) -> 244208.91 | G35: 0.2 | H35: 0.4 | I35: 0.4
G36: =G35*$C$35 -> 48841.782 | H36: =H35*$C$35 -> 97683.564 | I36: =I35*$C$35 -> 97683.564
A37: =Orçamento!A96 -> 13.0 | B37: =VLOOKUP(A37,Resumo!A:C,2,0) -> PASSEIOS | C37: =VLOOKUP(A37,Resumo!A:C,3,0) -> 93671.89 | H37: 0.5 | I37: 0.5
H38: =H37*$C$37 -> 46835.945 | I38: =I37*$C$37 -> 46835.945
A39: =Orçamento!A102 -> 14.0 | B39: =VLOOKUP(A39,Resumo!A:C,2,0) -> SINALIZAÇÃO | C39: =VLOOKUP(A39,Resumo!A:C,3,0) -> 13984.71 | I39: 1
I40: =I39*$C$39 -> 13984.71
B41: TOTAL ADMINISTRAÇÃO DA OBRA | C41: =C12+C27 -> 35472.96
B42: TOTAL DOS SERVIÇOS SEM ADMINISTRAÇÃO DA OBRA | C42: =C14+C16+C18+C20+C22+C24+C29+C31+C33+C35+C37+C39 -> 977693.58
B43: $ PARCIAL | D43: =D25+D23+D21+D19+D17+D15+D13 -> 153414.65 | E43: =E25+E23+E21+E19+E17+E15+E13 -> 137616.98 | F43: =F25+F23+F21+F19+F17+F15+F13 -> 119042.36 | G43: =G28+G30+G32+G34+G36+G38+G40 -> 162098.19 | H43: =H28+H30+H32+H34+H36+H38+H40 -> 235256.74 | I43: =I28+I30+I32+I34+I36+I38+I40 -> 205737.63
B44: $ ACUMULADO | D44: =D43 -> 153414.65 | E44: =D44+E43 -> 291031.62 | F44: =E44+F43 -> 410073.98 | G44: =F44+G43 -> 572172.17 | H44: =G44+H43 -> 807428.91 | I44: =H44+I43 -> 1013166.5
B45: % PARCIAL | D45: =D43/$C$47 -> 0.15142096 | E45: =E43/$C$47 -> 0.13582858 | F45: =F43/$C$47 -> 0.11749535 | G45: =G43/$C$47 -> 0.15999165 | H45: =H43/$C$47 -> 0.23219948 | I45: =I43/$C$47 -> 0.20306398
B46: % ACUMULADO | D46: =D45 -> 0.15142096 | E46: =D46+E45 -> 0.28724954 | F46: =E46+F45 -> 0.40474489 | G46: =G45+F46 -> 0.56473654 | H46: =G46+H45 -> 0.79693602 | I46: =H46+I45 -> 1
B47: TOTAL GERAL | C47: =C41+C42 -> 1013166.5

Sheet Enc. sociais mão de obra
A1: Encargos Sociais – Pernambuco
A2: PERNAMBUCO VIGÊNCIA A PARTIR DE 01/2025
A4: ENCARGOS SOCIAIS SOBRE A MÃO DE OBRA
A5: CÓDIGO | B5: DESCRIÇÃO | C5: COM DESONERAÇÃO | E5: SEM DESONERAÇÃO
C6: HORISTA % | D6: MENSALISTA % | E6: HORISTA % | F6: MENSALISTA %
A7: GRUPO A
A8: A1 | B8: INSS | C8: 0.05 | D8: 0.05 | E8: 0.2 | F8: 0.2
A9: A2 | B9: SESI | C9: 0.015 | D9: 0.015 | E9: 0.015 | F9: 0.015
A10: A3 | B10: SENAI | C10: 0.01 | D10: 0.01 | E10: 0.01 | F10: 0.01
A11: A4 | B11: INCRA | C11: 0.002 | D11: 0.002 | E11: 0.002 | F11: 0.002
A12: A5 | B12: SEBRAE | C12: 0.006 | D12: 0.006 | E12: 0.006 | F12: 0.006
A13: A6 | B13: Salário Educação | C13: 0.025 | D13: 0.025 | E13: 0.025 | F13: 0.025
A14: A7 | B14: Seguro Contra Acidentes de Trabalho | C14: 0.03 | D14: 0.03 | E14: 0.03 | F14: 0.03
A15: A8 | B15: FGTS | C15: 0.08 | D15: 0.08 | E15: 0.08 | F15: 0.08
A16: A9 | B16: SECONCI | C16: 0 | D16: 0 | E16: 0 | F16: 0
A17: A | B17: Total | C17: =SUM(C8:C16) -> 0.218 | D17: =SUM(D8:D16) -> 0.218 | E17: =SUM(E8:E16) -> 0.368 | F17: =SUM(F8:F16) -> 0.368
A18: GRUPO B
A19: B1 | B19: Repouso Semanal Remunerado | C19: 0.1801 | D19: Não incide | E19: 0.1801 | F19: Não incide
A20: B2 | B20: Feriados | C20: 0.0432 | D20: Não incide | E20: 0.0432 | F20: Não incide
A21: B3 | B21: Auxílio - Enfermidade | C21: 0.0086 | D21: 0.0065 | E21: 0.0086 | F21: 0.0065
A22: B4 | B22: 13º Salário | C22: 0.1097 | D22: 0.0833 | E22: 0.1097 | F22: 0.0833
A23: B5 | B23: Licença Paternidade | C23: 0.0007 | D23: 0.0005 | E23: 0.0007 | F23: 0.0005
A24: B6 | B24: Faltas Justificadas | C24: 0.0073 | D24: 0.0056 | E24: 0.0073 | F24: 0.0056
A25: B7 | B25: Dias de Chuvas | C25: 0.0196 | D25: Não incide | E25: 0.0196 | F25: Não incide
A26: B8 | B26: Auxílio Acidente de Trabalho | C26: 0.001 | D26: 0.0007 | E26: 0.001 | F26: 0.0007
A27: B9 | B27: Férias Gozadas | C27: 0.0995 | D27: 0.0756 | E27: 0.0995 | F27: 0.0756
A28: B10 | B28: Salário Maternidade | C28: 0.0003 | D28: 0.0003 | E28: 0.0003 | F28: 0.0003
A29: B | B29: Total | C29: =SUM(C19:C28) -> 0.47 | D29: =SUM(D19:D28) -> 0.1725 | E29: =SUM(E19:E28) -> 0.47 | F29: =SUM(F19:F28) -> 0.1725
A30: GRUPO C
A31: C1 | B31: Aviso Prévio Indenizado | C31: 0.0477 | D31: 0.0363 | E31: 0.0477 | F31: 0.0363
A32: C2 | B32: Aviso Prévio Trabalhado | C32: 0.0011 | D32: 0.0009 | E32: 0.0011 | F32: 0.0009
A33: C3 | B33: Férias Indenizadas | C33: 0.0398 | D33: 0.0303 | E33: 0.0398 | F33: 0.0303
A34: C4 | B34: Depósito Rescisão Sem Justa Causa | C34: 0.0306 | D34: 0.0233 | E34: 0.0306 | F34: 0.0233
A35: C5 | B35: Indenização Adicional | C35: 0.004 | D35: 0.0031 | E35: 0.004 | F35: 0.0031
A36: C | B36: Total | C36: =SUM(C31:C35) -> 0.1232 | D36: =SUM(D31:D35) -> 0.0939 | E36: =SUM(E31:E35) -> 0.1232 | F36: =SUM(F31:F35) -> 0.0939
A37: GRUPO D
A38: D1 | B38: Reincidência de Grupo A sobre Grupo B (sem considerar INNS sobre 13º, conforme Lei nº 14.973/2024) | C38: 0.097 | D38: 0.0334 | E38: 0.173 | F38: 0.0635
A39: D2 | B39: Reincidência de Grupo A sobre Aviso Prévio Trabalhado e Reincidência do FGTS sobre Aviso Prévio Indenizado | C39: 0.0041 | D39: 0.0031 | E39: 0.0042 | F39: 0.0032
A40: D | B40: Total | C40: =SUM(C38:C39) -> 0.1011 | D40: =SUM(D38:D39) -> 0.0365 | E40: =SUM(E38:E39) -> 0.1772 | F40: =SUM(F38:F39) -> 0.0667
A41: TOTAL(A+B+C+D) | C41: =SUM(C40,C36,C29,C17) -> 0.9123 | D41: =SUM(D40,D36,D29,D17) -> 0.5209 | E41: =SUM(E40,E36,E29,E17) -> 1.1384 | F41: =SUM(F40,F36,F29,F17) -> 0.7011
A42: Fonte: Informação Dias de Chuva – INMET

Sheet Planilha1
A4: CÓDIGO | B4: DESCRIÇÃO | C4: QUANTIDADE | D4: PREÇO UNIT C/ BDI (R$) | E4: PREÇO TOTAL (R$) | F4: % | G4: % ACUM. | H4: =SUM(E5:E50) -> 1013166.5
A5: 101169 | B5: =VLOOKUP(A5,Orçamento!B:K,4,FALSE) -> EXECUÇÃO DE PAVIMENTO EM PARALELEPÍPEDOS, REJUNTAMENTO COM ARGAMASSA TRAÇO 1:3 (CIMENTO E AREIA). | C5: =M5 -> 2492.82 | D5: =N5 -> 104.78 | E5: =C5*D5 -> 261197.68 | F5: =E5/(SUM($E$5:$E$50)) -> 0.2578033 | G5: =SUM(F5,G4) -> 0.2578033 | M5: =SUMIF(Orçamento!B:B,A5,Orçamento!G:G) -> 2492.82 | N5: =VLOOKUP(A5,Orçamento!B:K,9,FALSE) -> 104.78
A6: 96396 | B6: =VLOOKUP(A6,Orçamento!B:K,4,FALSE) -> CONSTRUÇÃO DE BASE E SUB-BASE PARA PAVIMENTAÇÃO DE BRITA GRADUADA SIMPLES, COM ESPESSURA DE 15 CM - EXCLUSIVE CARGA E TRANSPORTE. AF_09/2024 | C6: =M6 -> 641.31 | D6: =N6 -> 210.82 | E6: =C6*D6 -> 135200.97 | F6: =E6/(SUM($E$5:$E$50)) -> 0.13344398 | G6: =SUM(F6,G5) -> 0.39124728 | M6: =SUMIF(Orçamento!B:B,A6,Orçamento!G:G) -> 641.31 | N6: =VLOOKUP(A6,Orçamento!B:K,9,FALSE) -> 210.82
A7: 94990 | B7: =VLOOKUP(A7,Orçamento!B:K,4,FALSE) -> EXECUÇÃO DE PASSEIO (CALÇADA) OU PISO DE CONCRETO COM CONCRETO MOLDADO IN LOCO, FEITO EM OBRA, ACABAMENTO CONVENCIONAL, NÃO ARMADO. | C7: =M7 -> 129.14 | D7: =N7 -> 945.54 | E7: =C7*D7 -> 122107.04 | F7: =E7/(SUM($E$5:$E$50)) -> 0.1205202 | G7: =SUM(F7,G6) -> 0.51176748 | M7: =SUMIF(Orçamento!B:B,A7,Orçamento!G:G) -> 129.14 | N7: =VLOOKUP(A7,Orçamento!B:K,9,FALSE) -> 945.54
A8: COMPOSIÇÃO 18 | B8: =VLOOKUP(A8,Orçamento!B:K,4,FALSE) -> CANALETA DE DRENAGEM EM ALVENARIA DE BLOCO DE CONCRETO, DIMENSÕES INTERNAS 40 X 60CM, COM TAMPA DE CONCRETO ARMADO (0,50 X 1,00M X 0,10M). | C8: =M8 -> 180.13 | D8: =N8 -> 485.46 | E8: =C8*D8 -> 87445.91 | F8: =E8/(SUM($E$5:$E$50)) -> 0.086309512 | G8: =SUM(F8,G7) -> 0.59807699 | M8: =SUMIF(Orçamento!B:B,A8,Orçamento!G:G) -> 180.13 | N8: =VLOOKUP(A8,Orçamento!B:K,9,FALSE) -> 485.46
A9: 95877 | B9: =VLOOKUP(A9,Orçamento!B:K,4,FALSE) -> TRANSPORTE COM CAMINHÃO BASCULANTE DE 18 M³, EM VIA URBANA PAVIMENTADA, DMT ATÉ 30 KM (UNIDADE: M3XKM). | C9: =M9 -> 36221.16 | D9: =N9 -> 2.26 | E9: =C9*D9 -> 81859.822 | F9: =E9/(SUM($E$5:$E$50)) -> 0.080796017 | G9: =SUM(F9,G8) -> 0.67887301 | M9: =SUMIF(Orçamento!B:B,A9,Orçamento!G:G) -> 36221.16 | N9: =VLOOKUP(A9,Orçamento!B:K,9,FALSE) -> 2.26
A10: 94273 | B10: =VLOOKUP(A10,Orçamento!B:K,4,FALSE) -> ASSENTAMENTO DE GUIA (MEIO-FIO) EM TRECHO RETO, CONFECCIONADA EM CONCRETO PRÉ-FABRICADO, DIMENSÕES 100X15X13X30 CM (COMPRIMENTO X BASE INFERIOR X BASE SUPERIOR X ALTURA). | C10: =M10 -> 1153.44 | D10: =N10 -> 62.52 | E10: =C10*D10 -> 72113.069 | F10: =E10/(SUM($E$5:$E$50)) -> 0.071175928 | G10: =SUM(F10,G9) -> 0.75004894 | M10: =SUMIF(Orçamento!B:B,A10,Orçamento!G:G) -> 1153.44 | N10: =VLOOKUP(A10,Orçamento!B:K,9,FALSE) -> 62.52
A11: COMPOSIÇÃO 07 | B11: =VLOOKUP(A11,Orçamento!B:K,4,FALSE) -> LOCAÇÃO DE BANHEIRO QUÍMICO COM LIMPEZA DIÁRIA INCLUSO COLETA E DESTINAÇÃO FINAL DE EFLUENTES. | C11: =M11 -> 6 | D11: =N11 -> 5077.13 | E11: =C11*D11 -> 30462.78 | F11: =E11/(SUM($E$5:$E$50)) -> 0.030066903 | G11: =SUM(F11,G10) -> 0.78011584 | M11: =SUMIF(Orçamento!B:B,A11,Orçamento!G:G) -> 6 | N11: =VLOOKUP(A11,Orçamento!B:K,9,FALSE) -> 5077.13
A12: 95875 | B12: =VLOOKUP(A12,Orçamento!B:K,4,FALSE) -> TRANSPORTE COM CAMINHÃO BASCULANTE DE 10 M³, EM VIA URBANA PAVIMENTADA, DMT ATÉ 30 KM (UNIDADE: M3XKM). | C12: =M12 -> 9287.46 | D12: =N12 -> 3.16 | E12: =C12*D12 -> 29348.374 | F12: =E12/(SUM($E$5:$E$50)) -> 0.028966979 | G12: =SUM(F12,G11) -> 0.80908282 | M12: =SUMIF(Orçamento!B:B,A12,Orçamento!G:G) -> 9287.46 | N12: =VLOOKUP(A12,Orçamento!B:K,9,FALSE) -> 3.16
A13: 90777 | B13: =VLOOKUP(A13,Orçamento!B:K,4,FALSE) -> ENGENHEIRO CIVIL DE OBRA JUNIOR COM ENCARGOS COMPLEMENTARES. | C13: =M13 -> 144 | D13: =N13 -> 158.04 | E13: =C13*D13 -> 22757.76 | F13: =E13/(SUM($E$5:$E$50)) -> 0.022462013 | G13: =SUM(F13,G12) -> 0.83154483 | M13: =SUMIF(Orçamento!B:B,A13,Orçamento!G:G) -> 144 | N13: =VLOOKUP(A13,Orçamento!B:K,9,FALSE) -> 158.04
A14: 94281 | B14: =VLOOKUP(A14,Orçamento!B:K,4,FALSE) -> EXECUÇÃO DE SARJETA DE CONCRETO USINADO, MOLDADA IN LOCO EM TRECHO RETO, 30 CM BASE X 15 CM ALTURA. | C14: =M14 -> 394.03 | D14: =N14 -> 52.38 | E14: =C14*D14 -> 20639.291 | F14: =E14/(SUM($E$5:$E$50)) -> 0.020371075 | G14: =SUM(F14,G13) -> 0.85191591 | M14: =SUMIF(Orçamento!B:B,A14,Orçamento!G:G) -> 394.03 | N14: =VLOOKUP(A14,Orçamento!B:K,9,FALSE) -> 52.38
A15: 100980 | B15: =VLOOKUP(A15,Orçamento!B:K,4,FALSE) -> CARGA, MANOBRA E DESCARGA DE SOLOS E MATERIAIS GRANULARES EM CAMINHÃO BASCULANTE 18 M³ - CARGA COM ESCAVADEIRA HIDRÁULICA (CAÇAMBA DE 1,20 M³ / 155 HP) E DESCARGA LIVRE (UNIDADE: M3). | C15: =M15 -> 2290.63 | D15: =N15 -> 7.8 | E15: =C15*D15 -> 17866.914 | F15: =E15/(SUM($E$5:$E$50)) -> 0.017634726 | G15: =SUM(F15,G14) -> 0.86955063 | M15: =SUMIF(Orçamento!B:B,A15,Orçamento!G:G) -> 2290.63 | N15: =VLOOKUP(A15,Orçamento!B:K,9,FALSE) -> 7.8
A16: 105002 | B16: =VLOOKUP(A16,Orçamento!B:K,4,FALSE) -> RAMPA DE ACESSIBILIDADE EM CONCRETO MOLDADO IN LOCO, EM CALÇADA NOVA COM LARGURA MAIOR OU IGUAL À 3,00 M, FCK 25MPA, COM PISO PODOTÁTIL. | C16: =M16 -> 18 | D16: =N16 -> 864.32 | E16: =C16*D16 -> 15557.76 | F16: =E16/(SUM($E$5:$E$50)) -> 0.01535558 | G16: =SUM(F16,G15) -> 0.88490621 | M16: =SUMIF(Orçamento!B:B,A16,Orçamento!G:G) -> 18 | N16: =VLOOKUP(A16,Orçamento!B:K,9,FALSE) -> 864.32
A17: COMPOSIÇÃO 08 | B17: =VLOOKUP(A17,Orçamento!B:K,4,FALSE) -> FORNECIMENTO E INSTALAÇÃO DE PLACA DE SINALIZAÇÃO EM CHAPA DE AÇO EM SUPORTE DE MADEIRA. | C17: =M17 -> 12.52 | D17: =N17 -> 1160.86 | E17: =C17*D17 -> 14533.967 | F17: =E17/(SUM($E$5:$E$50)) -> 0.014345092 | G17: =SUM(F17,G16) -> 0.8992513 | M17: =SUMIF(Orçamento!B:B,A17,Orçamento!G:G) -> 12.52 | N17: =VLOOKUP(A17,Orçamento!B:K,9,FALSE) -> 1160.86
A18: 90776 | B18: =VLOOKUP(A18,Orçamento!B:K,4,FALSE) -> ENCARREGADO GERAL COM ENCARGOS COMPLEMENTARES. | C18: =M18 -> 288 | D18: =N18 -> 44.15 | E18: =C18*D18 -> 12715.2 | F18: =E18/(SUM($E$5:$E$50)) -> 0.01254996 | G18: =SUM(F18,G17) -> 0.91180126 | M18: =SUMIF(Orçamento!B:B,A18,Orçamento!G:G) -> 288 | N18: =VLOOKUP(A18,Orçamento!B:K,9,FALSE) -> 44.15
A19: 100576 | B19: =VLOOKUP(A19,Orçamento!B:K,4,FALSE) -> REGULARIZAÇÃO E COMPACTAÇÃO DE SUBLEITO DE SOLO PREDOMINANTEMENTE ARGILOSO, PARA OBRAS DE CONSTRUÇÃO DE PAVIMENTOS. | C19: =M19 -> 4077.17 | D19: =N19 -> 2.35 | E19: =C19*D19 -> 9581.3495 | F19: =E19/(SUM($E$5:$E$50)) -> 0.0094568357 | G19: =SUM(F19,G18) -> 0.9212581 | M19: =SUMIF(Orçamento!B:B,A19,Orçamento!G:G) -> 4077.17 | N19: =VLOOKUP(A19,Orçamento!B:K,9,FALSE) -> 2.35
A20: 100974 | B20: =VLOOKUP(A20,Orçamento!B:K,4,FALSE) -> CARGA, MANOBRA E DESCARGA DE SOLOS E MATERIAIS GRANULARES EM CAMINHÃO BASCULANTE 10 M³ - CARGA COM PÁ CARREGADEIRA (CAÇAMBA DE 1,7 A 2,8 M³ / 128 HP) E DESCARGA LIVRE (UNIDADE: M3). | C20: =M20 -> 801.7 | D20: =N20 -> 10.65 | E20: =C20*D20 -> 8538.105 | F20: =E20/(SUM($E$5:$E$50)) -> 0.0084271486 | G20: =SUM(F20,G19) -> 0.92968525 | M20: =SUMIF(Orçamento!B:B,A20,Orçamento!G:G) -> 801.7 | N20: =VLOOKUP(A20,Orçamento!B:K,9,FALSE) -> 10.65
A21: 94274 | B21: =VLOOKUP(A21,Orçamento!B:K,4,FALSE) -> ASSENTAMENTO DE GUIA (MEIO-FIO) EM TRECHO CURVO, CONFECCIONADA EM CONCRETO PRÉ-FABRICADO, DIMENSÕES 100X15X13X30 CM (COMPRIMENTO X BASE INFERIOR X BASE SUPERIOR X ALTURA). | C21: =M21 -> 126.78 | D21: =N21 -> 66.06 | E21: =C21*D21 -> 8375.0868 | F21: =E21/(SUM($E$5:$E$50)) -> 0.0082662489 | G21: =SUM(F21,G20) -> 0.9379515 | M21: =SUMIF(Orçamento!B:B,A21,Orçamento!G:G) -> 126.78 | N21: =VLOOKUP(A21,Orçamento!B:K,9,FALSE) -> 66.06
A22: 103689 | B22: =VLOOKUP(A22,Orçamento!B:K,4,FALSE) -> FORNECIMENTO E INSTALAÇÃO DE PLACA DE OBRA COM CHAPA GALVANIZADA E ESTRUTURA DE MADEIRA. | C22: =M22 -> 12 | D22: =N22 -> 568.34 | E22: =C22*D22 -> 6820.08 | F22: =E22/(SUM($E$5:$E$50)) -> 0.0067314501 | G22: =SUM(F22,G21) -> 0.94468295 | M22: =SUMIF(Orçamento!B:B,A22,Orçamento!G:G) -> 12 | N22: =VLOOKUP(A22,Orçamento!B:K,9,FALSE) -> 568.34
A23: 94282 | B23: =VLOOKUP(A23,Orçamento!B:K,4,FALSE) -> EXECUÇÃO DE SARJETA DE CONCRETO USINADO, MOLDADA IN LOCO EM TRECHO CURVO, 30 CM BASE X 15 CM ALTURA. | C23: =M23 -> 101.58 | D23: =N23 -> 61.69 | E23: =C23*D23 -> 6266.4702 | F23: =E23/(SUM($E$5:$E$50)) -> 0.0061850347 | G23: =SUM(F23,G22) -> 0.95086798 | M23: =SUMIF(Orçamento!B:B,A23,Orçamento!G:G) -> 101.58 | N23: =VLOOKUP(A23,Orçamento!B:K,9,FALSE) -> 61.69
A24: COMPOSIÇÃO 26 | B24: =VLOOKUP(A24,Orçamento!B:K,4,FALSE) -> CAIXA COM GRELHA SIMPLES RETANGULAR, ALVENARIA COM BLOCO DE CONCRETO 22X11X8CM, DE UMA VEZ, DIMENSÕES INTERNAS DE 0,72X0,30X1,00M. | C24: =M24 -> 4 | D24: =N24 -> 1434.66 | E24: =C24*D24 -> 5738.64 | F24: =E24/(SUM($E$5:$E$50)) -> 0.0056640639 | G24: =SUM(F24,G23) -> 0.95653205 | M24: =SUMIF(Orçamento!B:B,A24,Orçamento!G:G) -> 4 | N24: =VLOOKUP(A24,Orçamento!B:K,9,FALSE) -> 1434.66
A25: COMPOSIÇÃO 11 | B25: =VLOOKUP(A25,Orçamento!B:K,4,FALSE) -> PLACA DE INDICAÇÃO DE LOMBADA N°16 COM PINTURA REFLETIVA. | C25: =M25 -> 4 | D25: =N25 -> 1422.14 | E25: =C25*D25 -> 5688.56 | F25: =E25/(SUM($E$5:$E$50)) -> 0.0056146347 | G25: =SUM(F25,G24) -> 0.96214668 | M25: =SUMIF(Orçamento!B:B,A25,Orçamento!G:G) -> 4 | N25: =VLOOKUP(A25,Orçamento!B:K,9,FALSE) -> 1422.14
A26: 101116 | B26: =VLOOKUP(A26,Orçamento!B:K,4,FALSE) -> ESCAVAÇÃO HORIZONTAL EM SOLO DE 1A CATEGORIA COM TRATOR DE ESTEIRAS (170HP/LÂMINA: 5,20M3). | C26: =M26 -> 1821.24 | D26: =N26 -> 2.87 | E26: =C26*D26 -> 5226.9588 | F26: =E26/(SUM($E$5:$E$50)) -> 0.0051590322 | G26: =SUM(F26,G25) -> 0.96730571 | M26: =SUMIF(Orçamento!B:B,A26,Orçamento!G:G) -> 1821.24 | N26: =VLOOKUP(A26,Orçamento!B:K,9,FALSE) -> 2.87
A27: 97087 | B27: =VLOOKUP(A27,Orçamento!B:K,4,FALSE) -> CAMADA SEPARADORA PARA EXECUÇÃO DE RADIER, PISO DE CONCRETO OU LAJE SOBRE SOLO, EM LONA PLÁSTICA. | C27: =M27 -> 2152.56 | D27: =N27 -> 2.35 | E27: =C27*D27 -> 5058.516 | F27: =E27/(SUM($E$5:$E$50)) -> 0.0049927784 | G27: =SUM(F27,G26) -> 0.97229849 | M27: =SUMIF(Orçamento!B:B,A27,Orçamento!G:G) -> 2152.56 | N27: =VLOOKUP(A27,Orçamento!B:K,9,FALSE) -> 2.35
A28: 103694 | B28: =VLOOKUP(A28,Orçamento!B:K,4,FALSE) -> FORNECIMENTO E INSTALAÇÃO DE SUPORTE DE MADEIRA PARA PLACAS DE SINALIZAÇÃO, EM SOLO, COM H= DE 2,5 M E SEÇÃO DE 7,5 X 7,5 CM. | C28: =M28 -> 33 | D28: =N28 -> 138.18 | E28: =C28*D28 -> 4559.94 | F28: =E28/(SUM($E$5:$E$50)) -> 0.0045006816 | G28: =SUM(F28,G27) -> 0.97679917 | M28: =SUMIF(Orçamento!B:B,A28,Orçamento!G:G) -> 33 | N28: =VLOOKUP(A28,Orçamento!B:K,9,FALSE) -> 138.18
A29: 104658 | B29: =VLOOKUP(A29,Orçamento!B:K,4,FALSE) -> PISO PODOTÁTIL DE ALERTA OU DIRECIONAL, DE CONCRETO, ASSENTADO SOBRE ARGAMASSA. | C29: =M29 -> 21.98 | D29: =N29 -> 174.87 | E29: =C29*D29 -> 3843.6426 | F29: =E29/(SUM($E$5:$E$50)) -> 0.0037936928 | G29: =SUM(F29,G28) -> 0.98059287 | M29: =SUMIF(Orçamento!B:B,A29,Orçamento!G:G) -> 21.98 | N29: =VLOOKUP(A29,Orçamento!B:K,9,FALSE) -> 174.87
A30: COMPOSIÇÃO 13 | B30: =VLOOKUP(A30,Orçamento!B:K,4,FALSE) -> RAMPA DE ENTRADA DE CARRO - MÃO DE OBRA COMPLEMENTAR PARA REBAIXAMENTO DO PASSEIO E MEIO-FIO. | C30: =M30 -> 17 | D30: =N30 -> 187.71 | E30: =C30*D30 -> 3191.07 | F30: =E30/(SUM($E$5:$E$50)) -> 0.0031496006 | G30: =SUM(F30,G29) -> 0.98374247 | M30: =SUMIF(Orçamento!B:B,A30,Orçamento!G:G) -> 17 | N30: =VLOOKUP(A30,Orçamento!B:K,9,FALSE) -> 187.71
A31: COMPOSIÇÃO 12 | B31: =VLOOKUP(A31,Orçamento!B:K,4,FALSE) -> PLACA DE INDICAÇÃO DE LOMBADA A FRENTE COM PINTURA REFLETIVA. | C31: =M31 -> 4 | D31: =N31 -> 570.52 | E31: =C31*D31 -> 2282.08 | F31: =E31/(SUM($E$5:$E$50)) -> 0.0022524234 | G31: =SUM(F31,G30) -> 0.98599489 | M31: =SUMIF(Orçamento!B:B,A31,Orçamento!G:G) -> 4 | N31: =VLOOKUP(A31,Orçamento!B:K,9,FALSE) -> 570.52
A32: COMPOSIÇÃO 05 | B32: =VLOOKUP(A32,Orçamento!B:K,4,FALSE) -> CAVALETE METÁLICO (COMP. PRÓPRIA BASEADOS NO QUANTITATIVOS PROJETO DE CAVALETE DE SINALIZAÇÃO EM ANEXO). | C32: =M32 -> 4 | D32: =N32 -> 493.29 | E32: =C32*D32 -> 1973.16 | F32: =E32/(SUM($E$5:$E$50)) -> 0.0019475179 | G32: =SUM(F32,G31) -> 0.98794241 | M32: =SUMIF(Orçamento!B:B,A32,Orçamento!G:G) -> 4 | N32: =VLOOKUP(A32,Orçamento!B:K,9,FALSE) -> 493.29
A33: COMPOSIÇÃO 06 | B33: =VLOOKUP(A33,Orçamento!B:K,4,FALSE) -> SERVIÇOS TOPOGRÁFICOS PARA PAVIMENTAÇÃO, INCLUSIVE NOTA DE SERVIÇOS, ACOMPANHAMENTO E GREIDE. | C33: =M33 -> 4077.17 | D33: =N33 -> 0.43 | E33: =C33*D33 -> 1753.1831 | F33: =E33/(SUM($E$5:$E$50)) -> 0.0017303997 | G33: =SUM(F33,G32) -> 0.98967281 | M33: =SUMIF(Orçamento!B:B,A33,Orçamento!G:G) -> 4077.17 | N33: =VLOOKUP(A33,Orçamento!B:K,9,FALSE) -> 0.43
A34: COMPOSIÇÃO 10 | B34: =VLOOKUP(A34,Orçamento!B:K,4,FALSE) -> EXECUÇÃO DE LOMBADA. | C34: =M34 -> 2.24 | D34: =N34 -> 708.74 | E34: =C34*D34 -> 1587.5776 | F34: =E34/(SUM($E$5:$E$50)) -> 0.0015669463 | G34: =SUM(F34,G33) -> 0.99123975 | M34: =SUMIF(Orçamento!B:B,A34,Orçamento!G:G) -> 2.24 | N34: =VLOOKUP(A34,Orçamento!B:K,9,FALSE) -> 708.74
A35: 92210 | B35: =VLOOKUP(A35,Orçamento!B:K,4,FALSE) -> TUBO DE CONCRETO PARA REDES COLETORAS DE ÁGUAS PLUVIAIS, DIÂMETRO DE 400 MM, JUNTA RÍGIDA, INSTALADO EM LOCAL COM BAIXO NÍVEL DE INTERFERÊNCIAS - FORNECIMENTO E ASSENTAMENTO. | C35: =M35 -> 9.45 | D35: =N35 -> 161.44 | E35: =C35*D35 -> 1525.608 | F35: =E35/(SUM($E$5:$E$50)) -> 0.0015057821 | G35: =SUM(F35,G34) -> 0.99274554 | M35: =SUMIF(Orçamento!B:B,A35,Orçamento!G:G) -> 9.45 | N35: =VLOOKUP(A35,Orçamento!B:K,9,FALSE) -> 161.44
A36: 102509 | B36: =VLOOKUP(A36,Orçamento!B:K,4,FALSE) -> PINTURA DE FAIXA DE PEDESTRE OU ZEBRADA TINTA RETRORREFLETIVA A BASE DE RESINA ACRÍLICA COM MICROESFERAS DE VIDRO, E = 30 CM, APLICAÇÃO MANUAL. | C36: =M36 -> 28.66 | D36: =N36 -> 40.54 | E36: =C36*D36 -> 1161.8764 | F36: =E36/(SUM($E$5:$E$50)) -> 0.0011467773 | G36: =SUM(F36,G35) -> 0.99389231 | M36: =SUMIF(Orçamento!B:B,A36,Orçamento!G:G) -> 28.66 | N36: =VLOOKUP(A36,Orçamento!B:K,9,FALSE) -> 40.54
A37: 89472 | B37: =VLOOKUP(A37,Orçamento!B:K,4,FALSE) -> ALVENARIA DE BLOCOS DE CONCRETO ESTRUTURAL 14X19X39 CM (ESPESSURA 14 CM), FBK = 14 MPA, UTILIZANDO COLHER DE PEDREIRO. | C37: =M37 -> 7.35 | D37: =N37 -> 142.11 | E37: =C37*D37 -> 1044.5085 | F37: =E37/(SUM($E$5:$E$50)) -> 0.0010309347 | G37: =SUM(F37,G36) -> 0.99492325 | M37: =SUMIF(Orçamento!B:B,A37,Orçamento!G:G) -> 7.35 | N37: =VLOOKUP(A37,Orçamento!B:K,9,FALSE) -> 142.11
A38: 87529 | B38: =VLOOKUP(A38,Orçamento!B:K,4,FALSE) -> MASSA ÚNICA, EM ARGAMASSA TRAÇO 1:2:8, PREPARO MECÂNICO, APLICADA MANUALMENTE EM PAREDES INTERNAS DE AMBIENTES COM ÁREA ENTRE 5M² E 10M², E = 17,5MM, COM TALISCAS. | C38: =M38 -> 19.11 | D38: =N38 -> 48.63 | E38: =C38*D38 -> 929.3193 | F38: =E38/(SUM($E$5:$E$50)) -> 0.00091724239 | G38: =SUM(F38,G37) -> 0.99584049 | M38: =SUMIF(Orçamento!B:B,A38,Orçamento!G:G) -> 19.11 | N38: =VLOOKUP(A38,Orçamento!B:K,9,FALSE) -> 48.63
A39: COMPOSIÇÃO 03 | B39: =VLOOKUP(A39,Orçamento!B:K,4,FALSE) -> SINALIZAÇÃO DIURNA COM CONES E TELA PLÁSTICA TIPO LARANJA (REF.SINAPI 72947 COM ADAPTAÇÕES). | C39: =M39 -> 87.72 | D39: =N39 -> 9.43 | E39: =C39*D39 -> 827.1996 | F39: =E39/(SUM($E$5:$E$50)) -> 0.00081644978 | G39: =SUM(F39,G38) -> 0.99665694 | M39: =SUMIF(Orçamento!B:B,A39,Orçamento!G:G) -> 87.72 | N39: =VLOOKUP(A39,Orçamento!B:K,9,FALSE) -> 9.43
A40: COMPOSIÇÃO 02 | B40: =VLOOKUP(A40,Orçamento!B:K,4,FALSE) -> PLACA EM CHAPA ESMALTADA DIM 45X20CM PARA IDENTIFICAÇÃO DE LOGRADOUROS. | C40: =M40 -> 4 | D40: =N40 -> 177.82 | E40: =C40*D40 -> 711.28 | F40: =E40/(SUM($E$5:$E$50)) -> 0.0007020366 | G40: =SUM(F40,G39) -> 0.99735898 | M40: =SUMIF(Orçamento!B:B,A40,Orçamento!G:G) -> 4 | N40: =VLOOKUP(A40,Orçamento!B:K,9,FALSE) -> 177.82
A41: 98525 | B41: =VLOOKUP(A41,Orçamento!B:K,4,FALSE) -> LIMPEZA MECANIZADA DE CAMADA VEGETAL, VEGETAÇÃO E PEQUENAS ÁRVORES (DIÂMETRO DE TRONCO MENOR QUE 0,20 M), COM TRATOR DE ESTEIRAS. | C41: =M41 -> 745.06 | D41: =N41 -> 0.81 | E41: =C41*D41 -> 603.4986 | F41: =E41/(SUM($E$5:$E$50)) -> 0.00059565587 | G41: =SUM(F41,G40) -> 0.99795463 | M41: =SUMIF(Orçamento!B:B,A41,Orçamento!G:G) -> 745.06 | N41: =VLOOKUP(A41,Orçamento!B:K,9,FALSE) -> 0.81
A42: 96386 | B42: =VLOOKUP(A42,Orçamento!B:K,4,FALSE) -> EXECUÇÃO E COMPACTAÇÃO DE CORPO DE ATERRO (95% DE ENERGIA DO PROCTOR NORMAL) COM SOLO PREDOMINANTEMENTE ARENOSO ESPESSURA 15CM - EXCLUSIVE MATERIAL, ESCAVAÇÃO, CARGA E TRANSPORTE. | C42: =M42 -> 77.7 | D42: =N42 -> 7.76 | E42: =C42*D42 -> 602.952 | F42: =E42/(SUM($E$5:$E$50)) -> 0.00059511637 | G42: =SUM(F42,G41) -> 0.99854975 | M42: =SUMIF(Orçamento!B:B,A42,Orçamento!G:G) -> 77.7 | N42: =VLOOKUP(A42,Orçamento!B:K,9,FALSE) -> 7.76
A43: COMPOSIÇÃO 04 | B43: =VLOOKUP(A43,Orçamento!B:K,4,FALSE) -> SINALIZAÇÃO DE TRÂNSITO - NOTURNA. | C43: =M43 -> 87.72 | D43: =N43 -> 3.87 | E43: =C43*D43 -> 339.4764 | F43: =E43/(SUM($E$5:$E$50)) -> 0.00033506476 | G43: =SUM(F43,G42) -> 0.99888481 | M43: =SUMIF(Orçamento!B:B,A43,Orçamento!G:G) -> 87.72 | N43: =VLOOKUP(A43,Orçamento!B:K,9,FALSE) -> 3.87
A44: 98504 | B44: =VLOOKUP(A44,Orçamento!B:K,4,FALSE) -> PLANTIO DE GRAMA BATATAIS EM PLACAS. | C44: =M44 -> 11.4 | D44: =N44 -> 24.72 | E44: =C44*D44 -> 281.808 | F44: =E44/(SUM($E$5:$E$50)) -> 0.00027814578 | G44: =SUM(F44,G43) -> 0.99916296 | M44: =SUMIF(Orçamento!B:B,A44,Orçamento!G:G) -> 11.4 | N44: =VLOOKUP(A44,Orçamento!B:K,9,FALSE) -> 24.72
A45: 94963 | B45: =VLOOKUP(A45,Orçamento!B:K,4,FALSE) -> CONCRETO FCK = 15MPA, TRAÇO 1:3,4:3,5 (EM MASSA SECA DE CIMENTO/ AREIA MÉDIA/ BRITA 1) - PREPARO MECÂNICO COM BETONEIRA 400 L. | C45: =M45 -> 0.5 | D45: =N45 -> 537.72 | E45: =C45*D45 -> 268.86 | F45: =E45/(SUM($E$5:$E$50)) -> 0.00026536605 | G45: =SUM(F45,G44) -> 0.99942833 | M45: =SUMIF(Orçamento!B:B,A45,Orçamento!G:G) -> 0.5 | N45: =VLOOKUP(A45,Orçamento!B:K,9,FALSE) -> 537.72
A46: 104641 | B46: =VLOOKUP(A46,Orçamento!B:K,4,FALSE) -> PINTURA LÁTEX ACRÍLICA ECONÔMICA, APLICAÇÃO MANUAL EM PAREDES, DUAS DEMÃOS. | C46: =M46 -> 19.11 | D46: =N46 -> 12.5 | E46: =C46*D46 -> 238.875 | F46: =E46/(SUM($E$5:$E$50)) -> 0.00023577071 | G46: =SUM(F46,G45) -> 0.9996641 | M46: =SUMIF(Orçamento!B:B,A46,Orçamento!G:G) -> 19.11 | N46: =VLOOKUP(A46,Orçamento!B:K,9,FALSE) -> 12.5
A47: 93358 | B47: =VLOOKUP(A47,Orçamento!B:K,4,FALSE) -> ESCAVAÇÃO MANUAL DE VALA. | C47: =M47 -> 1.59 | D47: =N47 -> 110.74 | E47: =C47*D47 -> 176.0766 | F47: =E47/(SUM($E$5:$E$50)) -> 0.00017378841 | G47: =SUM(F47,G46) -> 0.99983788 | M47: =SUMIF(Orçamento!B:B,A47,Orçamento!G:G) -> 1.59 | N47: =VLOOKUP(A47,Orçamento!B:K,9,FALSE) -> 110.74
A48: 87878 | B48: =VLOOKUP(A48,Orçamento!B:K,4,FALSE) -> CHAPISCO APLICADO EM ALVENARIAS E ESTRUTURAS DE CONCRETO INTERNAS, COM COLHER DE PEDREIRO. ARGAMASSA TRAÇO 1:3 COM PREPARO MANUAL. | C48: =M48 -> 19.11 | D48: =N48 -> 6.08 | E48: =C48*D48 -> 116.1888 | F48: =E48/(SUM($E$5:$E$50)) -> 0.00011467888 | G48: =SUM(F48,G47) -> 0.99995256 | M48: =SUMIF(Orçamento!B:B,A48,Orçamento!G:G) -> 19.11 | N48: =VLOOKUP(A48,Orçamento!B:K,9,FALSE) -> 6.08
A49: COMPOSIÇÃO 27 | B49: =VLOOKUP(A49,Orçamento!B:K,4,FALSE) -> ESPALHAMENTO DE TERRA VEGETAL PARA O PLANTIO. | C49: =M49 -> 11.4 | D49: =N49 -> 3.99 | E49: =C49*D49 -> 45.486 | F49: =E49/(SUM($E$5:$E$50)) -> 4.4894889e-05 | G49: =SUM(F49,G48) -> 0.99999746 | M49: =SUMIF(Orçamento!B:B,A49,Orçamento!G:G) -> 11.4 | N49: =VLOOKUP(A49,Orçamento!B:K,9,FALSE) -> 3.99
A50: 93382 | B50: =VLOOKUP(A50,Orçamento!B:K,4,FALSE) -> REATERRO MANUAL DE VALAS, COM COMPACTADOR DE SOLOS DE PERCUSSÃO. | C50: =M50 -> 0.08 | D50: =N50 -> 32.19 | E50: =C50*D50 -> 2.5752 | F50: =E50/(SUM($E$5:$E$50)) -> 2.5417341e-06 | G50: =SUM(F50,G49) -> 1 | M50: =SUMIF(Orçamento!B:B,A50,Orçamento!G:G) -> 0.08 | N50: =VLOOKUP(A50,Orçamento!B:K,9,FALSE) -> 32.19

Sheet RUA COMPOSITOR ATAULFO ALVES
A1: PREFEITURA MUNICIPAL DE OLINDA
A2: SECRETARIA DE OBRAS
A3: =Orçamento!A3 -> SECRETARIA EXECUTIVA DE OBRAS
A4: =[43]Resumo!A5 -> PROJETO: | B4: =Resumo!B5 -> CONTRATAÇÃO DE EMPRESA ESPECIALIZADA PARA EXECUÇÃO DE OBRAS DE TERRAPLENAGEM, PAVIMENTAÇÃO, DRENAGEM, ACESSIBILIDADE E SINALIZAÇÃO DA RUA CACIMBÃO NO BAIRRO DE SALGADINHO E RUA COMPOSITOR ATAULFO ALVES NO BAIRRO FRAGOSO, NO MUNICÍPIO DE OLINDA-PE, CONTRATO DE REPASSE: 1088.389-47/2023.
A5: =[43]Resumo!A6 -> LOCALIZAÇÃO: | B5: =[43]Resumo!B6 -> OLINDA - PE | L5: CR 1088.389-47/2023
A6: MEMÓRIA DE CÁLCULO * A memória de cálculo deve ser consolidada para as duas ruas
A8: ITEM | B8: CÓDIGO | C8: FONTE | D8: DESCRIÇÃO | E8: UND | F8: TAXA | G8: COMP. | H8: LARG. | I8: ALT. | J8: ÁREA (M2) | K8: VOL. (M3) | L8: PESO (T/KG) | M8: QUANT. | N8: TOTAL
D9: RUA COMPOSITOR ATAULFO ALVES
A10: 8.0 | D10: =VLOOKUP(A10,Orçamento!A:G,5,0) -> ADMINISTRAÇÃO LOCAL DA OBRA
A12: 8.1 | B12: 90776 | C12: SINAPI | D12: =VLOOKUP(A12,Orçamento!A:G,5,0) -> ENCARREGADO GERAL COM ENCARGOS COMPLEMENTARES. | E12: =VLOOKUP(A12,Orçamento!$A:$K,6,FALSE) -> H | F12: HORAS POR SEMANA | M12: SEMANAS | N12: =SUM(N13:N13) -> 144
D13: Rua Compositor Ataulfo Alves | F13: 12 | M13: =4*3 -> 12 | N13: =TRUNC(PRODUCT(F13:M13),2) -> 144
A15: 8.2 | B15: 90777 | C15: SINAPI | D15: =VLOOKUP(A15,Orçamento!A:G,5,0) -> ENGENHEIRO CIVIL DE OBRA JUNIOR COM ENCARGOS COMPLEMENTARES. | E15: =VLOOKUP(A15,Orçamento!$A:$K,6,FALSE) -> H | F15: HORAS POR SEMANA | M15: SEMANAS | N15: =SUM(N16:N16) -> 72
D16: Rua Compositor Ataulfo Alves | F16: 6 | M16: =4*3 -> 12 | N16: =TRUNC(PRODUCT(F16:M16),2) -> 72
A18: 9.0 | D18: =VLOOKUP(A18,Orçamento!A:G,5,0) -> SERVIÇOS PRELIMINARES
A20: 9.1 | B20: =VLOOKUP(A20,Orçamento!$A:$K,2,FALSE) -> 103689 | C20: SINAPI | D20: =VLOOKUP(A20,Orçamento!A:G,5,0) -> FORNECIMENTO E INSTALAÇÃO DE PLACA DE OBRA COM CHAPA GALVANIZADA E ESTRUTURA DE MADEIRA. | E20: =VLOOKUP(A20,Orçamento!$A:$K,6,FALSE) -> M2 | N20: =SUM(N21) -> 6
G21: 2 | I21: 3 | N21: =TRUNC(PRODUCT(F21:M21),2) -> 6
A23: 9.2 | B23: =VLOOKUP(A23,Orçamento!$A:$K,2,FALSE) -> COMPOSIÇÃO 07 | C23: =VLOOKUP(A23,Orçamento!$A:$K,3,FALSE) -> COMPOSIÇÃO | D23: =VLOOKUP(A23,Orçamento!$A:$K,5,FALSE) -> LOCAÇÃO DE BANHEIRO QUÍMICO COM LIMPEZA DIÁRIA INCLUSO COLETA E DESTINAÇÃO FINAL DE EFLUENTES. | E23: =VLOOKUP(A23,Orçamento!$A:$K,6,FALSE) -> MÊS | F23: PERÍODO DA OBRA ( 3 MESES) | N23: =SUM(N24) -> 3
M24: 3 | N24: =TRUNC(PRODUCT(F24:M24),2) -> 3
A26: 9.3 | B26: =VLOOKUP(A26,Orçamento!$A:$K,2,FALSE) -> COMPOSIÇÃO 03 | C26: =VLOOKUP(A26,Orçamento!$A:$K,3,FALSE) -> COMPOSIÇÃO | D26: =VLOOKUP(A26,Orçamento!$A:$K,5,FALSE) -> SINALIZAÇÃO DIURNA COM CONES E TELA PLÁSTICA TIPO LARANJA (REF.SINAPI 72947 COM ADAPTAÇÕES). | E26: =VLOOKUP(A26,Orçamento!$A:$K,6,FALSE) -> M | N26: =SUM(N27) -> 51.44
D27: Comprimento Total Sinalização Diurna - Extensão da via x 20% | F27: 0.2 | G27: 257.2 | N27: =TRUNC(PRODUCT(F27:M27),2) -> 51.44
A29: 9.4 | B29: =VLOOKUP(A29,Orçamento!$A:$K,2,FALSE) -> COMPOSIÇÃO 04 | C29: =VLOOKUP(A29,Orçamento!$A:$K,3,FALSE) -> COMPOSIÇÃO | D29: =VLOOKUP(A29,Orçamento!$A:$K,5,FALSE) -> SINALIZAÇÃO DE TRÂNSITO - NOTURNA. | E29: =VLOOKUP(A29,Orçamento!$A:$K,6,FALSE) -> M | N29: =SUM(N30) -> 51.44
D30: Comprimento Total Sinalização Diurna | F30: 0.2 | G30: 257.2 | N30: =TRUNC(PRODUCT(F30:M30),2) -> 51.44
A32: 9.5 | B32: =VLOOKUP(A32,Orçamento!$A:$K,2,FALSE) -> COMPOSIÇÃO 05 | C32: =VLOOKUP(A32,Orçamento!$A:$K,3,FALSE) -> COMPOSIÇÃO | D32: =VLOOKUP(A32,Orçamento!$A:$K,5,FALSE) -> CAVALETE METÁLICO (COMP. PRÓPRIA BASEADOS NO QUANTITATIVOS PROJETO DE CAVALETE DE SINALIZAÇÃO EM ANEXO). | E32: =VLOOKUP(A32,Orçamento!$A:$K,6,FALSE) -> UN | N32: =SUM(N33) -> 2
D33: 2 CAVALETES POR RUA | M33: 2 | N33: =TRUNC(PRODUCT(F33:M33),2) -> 2
A35: 10.0 | D35: TERRAPLENAGEM E MOVIMENTO DE TERRA
A36: 10.1 | B36: =VLOOKUP(A36,Orçamento!$A:$K,2,FALSE) -> COMPOSIÇÃO 06 | C36: =VLOOKUP(A36,Orçamento!$A:$K,3,FALSE) -> COMPOSIÇÃO | D36: =VLOOKUP(A36,Orçamento!$A:$K,5,FALSE) -> SERVIÇOS TOPOGRÁFICOS PARA PAVIMENTAÇÃO, INCLUSIVE NOTA DE SERVIÇOS, ACOMPANHAMENTO E GREIDE. | E36: =VLOOKUP(A36,Orçamento!$A:$K,6,FALSE) -> M2 | H36: LARGURA MÉDIA | N36: =SUM(N37:N37) -> 3096.31
D37: Rua Compositor Ataulfo Alves | G37: 257.2 | H37: =(1747.76+752.37+596.18)/G37 -> 12.03853 | N37: =TRUNC(PRODUCT(F37:M37),2) -> 3096.31 | T37: =257.2*7.3 -> 1877.56
A39: 10.2 | B39: =VLOOKUP(A39,Orçamento!$A:$K,2,FALSE) -> 101116 | C39: SINAPI | D39: =VLOOKUP(A39,Orçamento!$A:$K,5,FALSE) -> ESCAVAÇÃO HORIZONTAL EM SOLO DE 1A CATEGORIA COM TRATOR DE ESTEIRAS (170HP/LÂMINA: 5,20M3). | E39: =VLOOKUP(A39,Orçamento!$A:$K,6,FALSE) -> M3 | N39: =SUM(N40:N43) -> 1313.75
D40: Rua Compositor Ataulfo Alves - Conforme mapa de cubação | K40: 1296.83 | N40: =TRUNC(PRODUCT(F40:M40),2) -> 1296.83
D41: Elementos de Drenagem
D42: Caixa com grelha | G42: 1.92 | H42: 1.15 | I42: 1.05 | M42: =N73 -> 4 | N42: =TRUNC(PRODUCT(F42:M42),2) -> 9.27
D43: Tubo concreto 400mm | G43: =N76 -> 9.45 | H43: 0.9 | I43: 0.9 | N43: =TRUNC(PRODUCT(F43:M43),2) -> 7.65
A45: 10.3 | B45: =VLOOKUP(A45,Orçamento!$A:$K,2,FALSE) -> 100980 | C45: SINAPI | D45: =VLOOKUP(A45,Orçamento!$A:$K,5,FALSE) -> CARGA, MANOBRA E DESCARGA DE SOLOS E MATERIAIS GRANULARES EM CAMINHÃO BASCULANTE 18 M³ - CARGA COM ESCAVADEIRA HIDRÁULICA (CAÇAMBA DE 1,20 M³ / 155 HP) E DESCARGA LIVRE (UNIDADE: M3). | E45: =VLOOKUP(A45,Orçamento!$A:$K,6,FALSE) -> M3 | F45: EMPOLAMENTO | N45: =SUM(N46) -> 1612.5 | S45: =1.15-0.3 -> 0.85
F46: 1.25 | K46: =SUM(K47:K48) -> 1290 | N46: =TRUNC(PRODUCT(F46:M46),2) -> 1612.5 | S46: =S45+0.72 -> 1.57
D47: ESCAVAÇÃO | K47: =N39 -> 1313.75
D48: REATERRO | K48: =-N51 -> -23.75
A50: 10.4 | B50: =VLOOKUP(A50,Orçamento!$A:$K,2,FALSE) -> 96386 | C50: SINAPI | D50: =VLOOKUP(A50,Orçamento!$A:$K,5,FALSE) -> EXECUÇÃO E COMPACTAÇÃO DE CORPO DE ATERRO (95% DE ENERGIA DO PROCTOR NORMAL) COM SOLO PREDOMINANTEMENTE ARENOSO ESPESSURA 15CM - EXCLUSIVE MATERIAL, ESCAVAÇÃO, CARGA E TRANSPORTE. | E50: =VLOOKUP(A50,Orçamento!$A:$K,6,FALSE) -> M3 | N50: =SUM(N51:N54) -> 38.21
D51: Rua Compositor Ataulfo Alves - Conforme mapa de cubação | K51: 23.75 | N51: =TRUNC(PRODUCT(F51:M51),2) -> 23.75
D52: Elementos de Drenagem | F52: Volume escavado | G52: Volume ocupado | H52: Volume concreto | I52: Volume lastro | R52: =9.27*0.39*0.24 -> 0.867672 | S52: =0.72+0.44 -> 1.16
D53: Caixa com grelha | F53: =N42 -> 9.27 | H53: =1.22*0.8*0.1*N73 -> 0.3904 | I53: =1.32*0.9*0.05*N73 -> 0.2376 | N53: =TRUNC(F53-H53-I53) -> 8 | S53: =1.16+0.6 -> 1.76
D54: Tubo concreto 400mm | F54: =N43 -> 7.65 | G54: =PI()*0.2^2*N76 -> 1.187522 | N54: =TRUNC(F54-G54-H54-I54,2) -> 6.46
A56: 10.5 | B56: =VLOOKUP(A56,Orçamento!$A:$K,2,FALSE) -> 95877 | C56: SINAPI | D56: =VLOOKUP(A56,Orçamento!$A:$K,5,FALSE) -> TRANSPORTE COM CAMINHÃO BASCULANTE DE 18 M³, EM VIA URBANA PAVIMENTADA, DMT ATÉ 30 KM (UNIDADE: M3XKM). | E56: =VLOOKUP(A56,Orçamento!$A:$K,6,FALSE) -> M3XKM | F56: DMT - ATERRO INOVE | N56: =SUM(N57:N57) -> 18543.75
D57: BOTA FORA | F57: 11.5 | K57: =N45 -> 1612.5 | N57: =TRUNC(PRODUCT(F57:M57),2) -> 18543.75
A59: 10.6 | B59: =VLOOKUP(A59,Orçamento!$A:$K,2,FALSE) -> 100576 | C59: SINAPI | D59: =VLOOKUP(A59,Orçamento!$A:$K,5,FALSE) -> REGULARIZAÇÃO E COMPACTAÇÃO DE SUBLEITO DE SOLO PREDOMINANTEMENTE ARGILOSO, PARA OBRAS DE CONSTRUÇÃO DE PAVIMENTOS. | E59: =VLOOKUP(A59,Orçamento!$A:$K,6,FALSE) -> M2 | H59: LARGURA MÉDIA | N59: =SUM(N60:N60) -> 3096.31
D60: Rua Compositor Ataulfo Alves | G60: 257.2 | H60: =(1747.76+752.37+596.18)/G60 -> 12.03853 | N60: =TRUNC(PRODUCT(F60:M60),2) -> 3096.31
A62: 10.7 | B62: =VLOOKUP(A62,Orçamento!$A:$K,2,FALSE) -> 96396 | C62: SINAPI | D62: =VLOOKUP(A62,Orçamento!$A:$K,5,FALSE) -> CONSTRUÇÃO DE BASE E SUB-BASE PARA PAVIMENTAÇÃO DE BRITA GRADUADA SIMPLES, COM ESPESSURA DE 15 CM - EXCLUSIVE CARGA E TRANSPORTE. | E62: =VLOOKUP(A62,Orçamento!$A:$K,6,FALSE) -> M3 | H62: LARGURA MÉDIA | N62: =SUM(N63:N63) -> 445.14 | R62: =G64*7 -> 0
D63: BGS | F63: ÁREA | G63: 257.2 | H63: =(1747.76+477.97)/G63 -> 8.6536936 | I63: 0.2 | N63: =TRUNC(PRODUCT(F63:M63),2) -> 445.14
A66: 10.8 | B66: =VLOOKUP(A66,Orçamento!$A:$K,2,FALSE) -> 100974 | C66: SINAPI | D66: =VLOOKUP(A66,Orçamento!$A:$K,5,FALSE) -> CARGA, MANOBRA E DESCARGA DE SOLOS E MATERIAIS GRANULARES EM CAMINHÃO BASCULANTE 10 M³ - CARGA COM PÁ CARREGADEIRA (CAÇAMBA DE 1,7 A 2,8 M³ / 128 HP) E DESCARGA LIVRE (UNIDADE: M3). | E66: =VLOOKUP(A66,Orçamento!$A:$K,6,FALSE) -> M3 | F66: EMPOLAMENTO | N66: =SUM(N67:N67) -> 556.42
D67: BGS | F67: 1.25 | K67: =N62 -> 445.14 | N67: =TRUNC(PRODUCT(F67:M67),2) -> 556.42
A69: 10.9 | B69: =VLOOKUP(A69,Orçamento!$A:$K,2,FALSE) -> 95877 | C69: SINAPI | D69: =VLOOKUP(A69,Orçamento!$A:$K,5,FALSE) -> TRANSPORTE COM CAMINHÃO BASCULANTE DE 18 M³, EM VIA URBANA PAVIMENTADA, DMT ATÉ 30 KM (UNIDADE: M3XKM). | E69: =VLOOKUP(A69,Orçamento!$A:$K,6,FALSE) -> M3XKM | F69: DMT - PEDREIRA GUARANY | N69: =SUM(N70) -> 17249.02
D70: BGS | F70: 31 | K70: =N66 -> 556.42 | N70: =TRUNC(PRODUCT(F70:M70),2) -> 17249.02
A72: 11.0 | D72: DRENAGEM
A73: 11.1 | B73: =VLOOKUP(A73,Orçamento!$A:$K,2,FALSE) -> COMPOSIÇÃO 26 | C73: =VLOOKUP(A73,Orçamento!$A:$K,3,FALSE) -> COMPOSIÇÃO | D73: =VLOOKUP(A73,Orçamento!$A:$K,5,FALSE) -> CAIXA COM GRELHA SIMPLES RETANGULAR, ALVENARIA COM BLOCO DE CONCRETO 22X11X8CM, DE UMA VEZ, DIMENSÕES INTERNAS DE 0,72X0,30X1,00M. | E73: =VLOOKUP(A73,Orçamento!$A:$K,6,FALSE) -> UN | N73: =SUM(N74:N74) -> 4
M74: 4 | N74: =TRUNC(PRODUCT(F74:M74),2) -> 4
A76: 11.2 | B76: =VLOOKUP(A76,Orçamento!$A:$K,2,FALSE) -> 92210 | C76: SINAPI | D76: =VLOOKUP(A76,Orçamento!$A:$K,5,FALSE) -> TUBO DE CONCRETO PARA REDES COLETORAS DE ÁGUAS PLUVIAIS, DIÂMETRO DE 400 MM, JUNTA RÍGIDA, INSTALADO EM LOCAL COM BAIXO NÍVEL DE INTERFERÊNCIAS - FORNECIMENTO E ASSENTAMENTO. | E76: =VLOOKUP(A76,Orçamento!$A:$K,6,FALSE) -> M | N76: =SUM(N77:N77) -> 9.45
D77: CONFORME PROJETO DE DRENAGEM | G77: 9.45 | N77: =TRUNC(PRODUCT(F77:M77),2) -> 9.45
A79: 12.0 | D79: PAVIMENTAÇÃO
A80: 12.1 | B80: =VLOOKUP(A80,Orçamento!$A:$K,2,FALSE) -> 101169 | C80: SINAPI | D80: =VLOOKUP(A80,Orçamento!$A:$K,5,FALSE) -> EXECUÇÃO DE PAVIMENTO EM PARALELEPÍPEDOS, REJUNTAMENTO COM ARGAMASSA TRAÇO 1:3 (CIMENTO E AREIA). | E80: =VLOOKUP(A80,Orçamento!$A:$K,6,FALSE) -> M2 | N80: =SUM(N81:N81) -> 1747.76 | O80: =N80+'Memória de cálculo'!N80 -> 2492.82
D81: Rua Compositor Ataulfo Alves | G81: 257.2 | H81: =1747.76/G81 -> 6.7953344 | N81: =TRUNC(PRODUCT(F81:M81),2) -> 1747.76
A83: 12.2 | B83: =VLOOKUP(A83,Orçamento!$A:$K,2,FALSE) -> 94273 | C83: SINAPI | D83: =VLOOKUP(A83,Orçamento!$A:$K,5,FALSE) -> ASSENTAMENTO DE GUIA (MEIO-FIO) EM TRECHO RETO, CONFECCIONADA EM CONCRETO PRÉ-FABRICADO, DIMENSÕES 100X15X13X30 CM (COMPRIMENTO X BASE INFERIOR X BASE SUPERIOR X ALTURA). | E83: =VLOOKUP(A83,Orçamento!$A:$K,6,FALSE) -> M | N83: =SUM(N84:N86) -> 440.58
D84: Rua Compositor Ataulfo Alves | E84: LD | G84: 211.45 | N84: =TRUNC(PRODUCT(F84:M84),2) -> 211.45
D85: Rua Compositor Ataulfo Alves | E85: LE | G85: 195.32 | N85: =TRUNC(PRODUCT(F85:M85),2) -> 195.32
D86: Rua Compositor Ataulfo Alves | E86: RECRAVA | G86: 33.81 | N86: =TRUNC(PRODUCT(F86:M86),2) -> 33.81
A88: 12.3 | B88: =VLOOKUP(A88,Orçamento!$A:$K,2,FALSE) -> 94274 | C88: SINAPI | D88: =VLOOKUP(A88,Orçamento!$A:$K,5,FALSE) -> ASSENTAMENTO DE GUIA (MEIO-FIO) EM TRECHO CURVO, CONFECCIONADA EM CONCRETO PRÉ-FABRICADO, DIMENSÕES 100X15X13X30 CM (COMPRIMENTO X BASE INFERIOR X BASE SUPERIOR X ALTURA). | E88: =VLOOKUP(A88,Orçamento!$A:$K,6,FALSE) -> M | N88: =SUM(N89:N90) -> 100.33 | R88: =N83+N88 -> 540.91
D89: Rua Compositor Ataulfo Alves | E89: LD | G89: 42.95 | N89: =TRUNC(PRODUCT(F89:M89),2) -> 42.95
D90: Rua Compositor Ataulfo Alves | E90: LE | G90: 57.38 | N90: =TRUNC(PRODUCT(F90:M90),2) -> 57.38
A92: 12.4 | B92: =VLOOKUP(A92,Orçamento!$A:$K,2,FALSE) -> 94281 | C92: SINAPI | D92: =VLOOKUP(A92,Orçamento!$A:$K,5,FALSE) -> EXECUÇÃO DE SARJETA DE CONCRETO USINADO, MOLDADA IN LOCO EM TRECHO RETO, 30 CM BASE X 15 CM ALTURA. | E92: =VLOOKUP(A92,Orçamento!$A:$K,6,FALSE) -> M | N92: =SUM(N93:N94) -> 394.03
D93: Rua Compositor Ataulfo Alves | E93: LD | G93: 205.12 | N93: =TRUNC(PRODUCT(F93:M93),2) -> 205.12
D94: Rua Compositor Ataulfo Alves | E94: LE | G94: 188.91 | N94: =TRUNC(PRODUCT(F94:M94),2) -> 188.91
A96: 12.5 | B96: =VLOOKUP(A96,Orçamento!$A:$K,2,FALSE) -> 94282 | C96: SINAPI | D96: =VLOOKUP(A96,Orçamento!$A:$K,5,FALSE) -> EXECUÇÃO DE SARJETA DE CONCRETO USINADO, MOLDADA IN LOCO EM TRECHO CURVO, 30 CM BASE X 15 CM ALTURA. | E96: =VLOOKUP(A96,Orçamento!$A:$K,6,FALSE) -> M | N96: =SUM(N97:N98) -> 101.58
D97: Rua Compositor Ataulfo Alves | E97: LD | G97: 43.2 | N97: =TRUNC(PRODUCT(F97:M97),2) -> 43.2
D98: Rua Compositor Ataulfo Alves | E98: LE | G98: 58.38 | N98: =TRUNC(PRODUCT(F98:M98),2) -> 58.38
A100: 13.0 | D100: PASSEIOS
A101: 13.1 | B101: =VLOOKUP(A101,Orçamento!$A:$K,2,FALSE) -> 97087 | C101: SINAPI | D101: =VLOOKUP(A101,Orçamento!$A:$K,5,FALSE) -> CAMADA SEPARADORA PARA EXECUÇÃO DE RADIER, PISO DE CONCRETO OU LAJE SOBRE SOLO, EM LONA PLÁSTICA. | E101: =VLOOKUP(A101,Orçamento!$A:$K,6,FALSE) -> M2 | N101: =SUM(N102:N103) -> 1348.55
D102: Rua Compositor Ataulfo Alves | E102: LD | G102: 257.2 | H102: =752.37/G102 -> 2.9252333 | N102: =TRUNC(PRODUCT(F102:M102),2) -> 752.37
D103: Rua Compositor Ataulfo Alves | E103: LE | G103: 257.2 | H103: =596.18/G103 -> 2.3179627 | N103: =TRUNC(PRODUCT(F103:M103),2) -> 596.18
A105: 13.2 | B105: =VLOOKUP(A105,Orçamento!$A:$K,2,FALSE) -> 94990 | C105: SINAPI | D105: =VLOOKUP(A105,Orçamento!$A:$K,5,FALSE) -> EXECUÇÃO DE PASSEIO (CALÇADA) OU PISO DE CONCRETO COM CONCRETO MOLDADO IN LOCO, FEITO EM OBRA, ACABAMENTO CONVENCIONAL, NÃO ARMADO. | E105: =VLOOKUP(A105,Orçamento!$A:$K,6,FALSE) -> M3 | N105: =SUM(N106:N107) -> 80.91 | R105: =1348.38*0.06 -> 80.9028
D106: Rua Compositor Ataulfo Alves | E106: LD | G106: =G102 -> 257.2 | H106: =H102 -> 2.9252333 | I106: 0.06 | N106: =TRUNC(PRODUCT(F106:M106),2) -> 45.14
D107: Rua Compositor Ataulfo Alves | E107: LE | G107: =G103 -> 257.2 | H107: =H103 -> 2.3179627 | I107: 0.06 | N107: =TRUNC(PRODUCT(F107:M107),2) -> 35.77
A109: 13.3 | B109: =VLOOKUP(A109,Orçamento!$A:$K,2,FALSE) -> COMPOSIÇÃO 13 | C109: =VLOOKUP(A109,Orçamento!$A:$K,3,FALSE) -> COMPOSIÇÃO | D109: =VLOOKUP(A109,Orçamento!$A:$K,5,FALSE) -> RAMPA DE ENTRADA DE CARRO - MÃO DE OBRA COMPLEMENTAR PARA REBAIXAMENTO DO PASSEIO E MEIO-FIO. | E109: =VLOOKUP(A109,Orçamento!$A:$K,6,FALSE) -> UN | N109: =SUM(N110:N110) -> 17
D110: Conforme projeto de acessibilidade | M110: 17 | N110: =TRUNC(PRODUCT(F110:M110),2) -> 17
A112: 13.4 | B112: =VLOOKUP(A112,Orçamento!$A:$K,2,FALSE) -> 104658 | C112: SINAPI | D112: =VLOOKUP(A112,Orçamento!$A:$K,5,FALSE) -> PISO PODOTÁTIL DE ALERTA OU DIRECIONAL, DE CONCRETO, ASSENTADO SOBRE ARGAMASSA. | E112: =VLOOKUP(A112,Orçamento!$A:$K,6,FALSE) -> M2 | N112: =SUM(N113:N113) -> 12.38
D113: Conforme projeto de acessibilidade | J113: =17.18-4.8 -> 12.38 | N113: =TRUNC(PRODUCT(F113:M113),2) -> 12.38
A115: 13.5 | B115: =VLOOKUP(A115,Orçamento!$A:$K,2,FALSE) -> 105002 | C115: SINAPI | D115: =VLOOKUP(A115,Orçamento!$A:$K,5,FALSE) -> RAMPA DE ACESSIBILIDADE EM CONCRETO MOLDADO IN LOCO, EM CALÇADA NOVA COM LARGURA MAIOR OU IGUAL À 3,00 M, FCK 25MPA, COM PISO PODOTÁTIL. | E115: =VLOOKUP(A115,Orçamento!$A:$K,6,FALSE) -> UN | N115: =SUM(N116:N116) -> 10
D116: Conforme projeto de acessibilidade | M116: 10 | N116: =TRUNC(PRODUCT(F116:M116),2) -> 10 | R116: =0.75-0.14 -> 0.61
N117: =SUM(N12:N116)/2 -> 50547.86
A119: 14.0 | D119: SINALIZAÇÃO
A120: 14.1 | B120: =VLOOKUP(A120,Orçamento!$A:$K,2,FALSE) -> COMPOSIÇÃO 08 | C120: =VLOOKUP(A120,Orçamento!$A:$K,3,FALSE) -> COMPOSIÇÃO | D120: =VLOOKUP(A120,Orçamento!$A:$K,5,FALSE) -> FORNECIMENTO E INSTALAÇÃO DE PLACA DE SINALIZAÇÃO EM CHAPA DE AÇO EM SUPORTE DE MADEIRA. | E120: =VLOOKUP(A120,Orçamento!$A:$K,6,FALSE) -> M2 | N120: =SUM(N122:N126) -> 7.55
D121: Conforme projeto de sinalização
D122: R-1 | J122: 0.3 | M122: 2 | N122: =TRUNC(PRODUCT(F122:M122),2) -> 0.6
D123: R-19 | J123: 0.2 | M123: 6 | N123: =TRUNC(PRODUCT(F123:M123),2) -> 1.2
D124: A-18* | J124: 0.5 | M124: 6 | N124: =TRUNC(PRODUCT(F124:M124),2) -> 3
D125: A-32a | J125: 0.25 | M125: 5 | N125: =TRUNC(PRODUCT(F125:M125),2) -> 1.25
D126: A-18 | J126: 0.25 | M126: 6 | N126: =TRUNC(PRODUCT(F126:M126),2) -> 1.5
R127: =25-6 -> 19
A128: 14.2 | B128: =VLOOKUP(A128,Orçamento!$A:$K,2,FALSE) -> 103694 | C128: SINAPI | D128: =VLOOKUP(A128,Orçamento!$A:$K,5,FALSE) -> FORNECIMENTO E INSTALAÇÃO DE SUPORTE DE MADEIRA PARA PLACAS DE SINALIZAÇÃO, EM SOLO, COM H= DE 2,5 M E SEÇÃO DE 7,5 X 7,5 CM. | E128: =VLOOKUP(A128,Orçamento!$A:$K,6,FALSE) -> UN | N128: =SUM(N129:N129) -> 19
D129: Conforme projeto de sinalização | M129: 19 | N129: =TRUNC(PRODUCT(F129:M129),2) -> 19
A131: 14.3 | B131: =VLOOKUP(A131,Orçamento!$A:$K,2,FALSE) -> COMPOSIÇÃO 10 | C131: =VLOOKUP(A131,Orçamento!$A:$K,3,FALSE) -> COMPOSIÇÃO | D131: =VLOOKUP(A131,Orçamento!$A:$K,5,FALSE) -> EXECUÇÃO DE LOMBADA. | E131: =VLOOKUP(A131,Orçamento!$A:$K,6,FALSE) -> M3 | J131: SEÇÃO | N131: =SUM(N132:N132) -> 1.52
D132: Conforme projeto de sinalização | G132: 6.37 | J132: 0.08 | M132: 3 | N132: =TRUNC(PRODUCT(F132:M132),2) -> 1.52
A135: 14.4 | B135: =VLOOKUP(A135,Orçamento!$A:$K,2,FALSE) -> 102509 | C135: SINAPI | D135: =VLOOKUP(A135,Orçamento!$A:$K,5,FALSE) -> PINTURA DE FAIXA DE PEDESTRE OU ZEBRADA TINTA RETRORREFLETIVA A BASE DE RESINA ACRÍLICA COM MICROESFERAS DE VIDRO, E = 30 CM, APLICAÇÃO MANUAL. | E135: =VLOOKUP(A135,Orçamento!$A:$K,6,FALSE) -> M2 | N135: =SUM(N136:N136) -> 28.66
...

Sheet Insumos sinapi Mar2025
A1: PRECOS DE INSUMOS - BANCO NACIONAL
A3: MES DE COLETA: 03/2025
A4: LOCALIDADE: 1250 - RECIFE
A6: ENCARGOS SOCIAIS NÃO DESONERADOS (%) HORISTA 113,84 MENSALISTA 70,11
A8: CODIGO | B8: DESCRICAO DO INSUMO | C8: UNIDADE | D8: ONERADO
A9: 45333 | B9: ABERTURA PARA ENCAIXE DE CUBA OU LAVATORIO EM BANCADA DE MARMORE/ GRANITO OU OUTRO TIPO DE PEDRA NATURAL | C9: UN | D9: 159.92
A10: 11270 | B10: ABRACADEIRA DE LATAO PARA FIXACAO DE CABO PARA-RAIO, DIMENSOES 32 X 24 X 24 MM | C10: UN | D10: 3.57
A11: 412 | B11: ABRACADEIRA DE NYLON PARA AMARRACAO DE CABOS, COMPRIMENTO DE *230* X *7,6* MM | C11: UN | D11: 1.18
A12: 414 | B12: ABRACADEIRA DE NYLON PARA AMARRACAO DE CABOS, COMPRIMENTO DE 100 X 2,5 MM | C12: UN | D12: 0.07
A13: 410 | B13: ABRACADEIRA DE NYLON PARA AMARRACAO DE CABOS, COMPRIMENTO DE 150 X *3,6* MM | C13: UN | D13: 0.18
A14: 411 | B14: ABRACADEIRA DE NYLON PARA AMARRACAO DE CABOS, COMPRIMENTO DE 200 X *4,6* MM | C14: UN | D14: 0.23
A15: 408 | B15: ABRACADEIRA DE NYLON PARA AMARRACAO DE CABOS, COMPRIMENTO DE 390 X *4,6* MM | C15: UN | D15: 1.14
A16: 39131 | B16: ABRACADEIRA EM ACO PARA AMARRACAO DE ELETRODUTOS, TIPO D, COM 1 1/2" E CUNHA DE FIXACAO | C16: UN | D16: 4.93
A17: 394 | B17: ABRACADEIRA EM ACO PARA AMARRACAO DE ELETRODUTOS, TIPO D, COM 1 1/2" E PARAFUSO DE FIXACAO | C17: UN | D17: 4.99
A18: 39130 | B18: ABRACADEIRA EM ACO PARA AMARRACAO DE ELETRODUTOS, TIPO D, COM 1 1/4" E CUNHA DE FIXACAO | C18: UN | D18: 4.5
A19: 395 | B19: ABRACADEIRA EM ACO PARA AMARRACAO DE ELETRODUTOS, TIPO D, COM 1 1/4" E PARAFUSO DE FIXACAO | C19: UN | D19: 4.81
A20: 39129 | B20: ABRACADEIRA EM ACO PARA AMARRACAO DE ELETRODUTOS, TIPO D, COM 1" E CUNHA DE FIXACAO | C20: UN | D20: 2.77
... A52: 36246 | B52: ACABAMENTO SIMPLES/CONVENCIONAL PARA FORRO PVC, TIPO "U" OU "C", COR BRANCA, COMPRIMENTO 6 M | C52: M | D52: 3.99
A53: 37600 | B53: ACESSORIO DE LIGACAO NAO ELETRICO PARA CARGAS EXPLOSIVAS, TUBO DE 6 M | C53: UN
A54: 37599 | B54: ACESSORIO INICIADOR NAO ELETRICO, TUBO DE 6 M, TEMPO DE RETARDO DE *160* MS | C54: UN
A55: 1 | B55: ACETILENO - RECARGA DE GAS PARA CILINDRO (NAO INCLUI TROCA/MANUTENCAO DO CILINDRO) | C55: KG
A56: 3 | B56: ACIDO CLORIDRICO / ACIDO MURIATICO, DILUICAO 10% A 12% PARA USO EM LIMPEZA | C56: L | D56: 22.1
A57: 43054 | B57: ACO CA-25, 10,0 MM, OU 12,5 MM, OU 16,0 MM, OU 20,0 MM, OU 25,0 MM, VERGALHAO | C57: KG | D57: 8.95
A58: 42402 | B58: ACO CA-25, 16,0 MM, BARRA DE TRANSFERENCIA | C58: KG | D58: 8.56
A59: 42403 | B59: ACO CA-25, 20,0 MM, BARRA DE TRANSFERENCIA | C59: KG | D59: 10.98
A60: 42404 | B60: ACO CA-25, 25,0 MM, BARRA DE TRANSFERENCIA | C60: KG | D60: 10.92
A61: 42405 | B61: ACO CA-25, 32,0 MM, BARRA DE TRANSFERENCIA | C61: KG | D61: 11.63
A62: 34341 | B62: ACO CA-25, 32,0 MM, VERGALHAO | C62: KG | D62: 10.09
A63: 43053 | B63: ACO CA-25, 6,3 MM OU 8,0 MM, VERGALHAO | C63: KG | D63: 8
A64: 43058 | B64: ACO CA-50, 10,0 MM, OU 12,5 MM, OU 16,0 MM, OU 20,0 MM, DOBRADO E CORTADO | C64: KG | D64: 8.29
A65: 34 | B65: ACO CA-50, 10,0 MM, VERGALHAO | C65: KG | D65: 8.33
A66: 43055 | B66: ACO CA-50, 12,5 MM OU 16,0 MM, VERGALHAO | C66: KG | D66: 7.22
A67: 43056 | B67: ACO CA-50, 20,0 MM OU 25,0 MM, VERGALHAO | C67: KG | D67: 8.32
... A75: 43060 | B75: ACO CA-60, 8,0 MM OU 9,5 MM, VERGALHAO | C75: KG | D75: 6.87
A76: 40410 | B76: ACOPLAMENTO RIGIDO EM FERRO FUNDIDO PARA SISTEMA DE TUBULACAO RANHURADA, DN 50 MM (2") | C76: UN
A77: 40411 | B77: ACOPLAMENTO RIGIDO EM FERRO FUNDIDO PARA SISTEMA DE TUBULACAO RANHURADA, DN 65 MM (2 1/2") | C77: UN
A78: 40412 | B78: ACOPLAMENTO RIGIDO EM FERRO FUNDIDO PARA SISTEMA DE TUBULACAO RANHURADA, DN 80 MM (3") | C78: UN
A79: 44254 | B79: ADAPTADOR CPVC, ROSCAVEL, COM FLANGES E ANEL DE VEDACAO, 15 MM, CAIXA D'AGUA PARA AGUA QUENTE | C79: UN | D79: 28.93
A80: 44255 | B80: ADAPTADOR CPVC, ROSCAVEL, COM FLANGES E ANEL DE VEDACAO, 22 MM, CAIXA D'AGUA PARA AGUA QUENTE | C80: UN | D80: 32.06
A81: 44256 | B81: ADAPTADOR CPVC, ROSCAVEL, COM FLANGES E ANEL DE VEDACAO, 28 MM, CAIXA D'AGUA PARA AGUA QUENTE | C81: UN | D81: 36.21
A82: 44257 | B82: ADAPTADOR CPVC, ROSCAVEL, COM FLANGES E ANEL DE VEDACAO, 35 MM, CAIXA D'AGUA PARA AGUA QUENTE | C82: UN | D82: 57.29
A83: 44258 | B83: ADAPTADOR CPVC, ROSCAVEL, COM FLANGES E ANEL DE VEDACAO, 42 MM, CAIXA D'AGUA PARA AGUA QUENTE | C83: UN | D83: 65.47
A84: 44259 | B84: ADAPTADOR CPVC, ROSCAVEL, COM FLANGES E ANEL DE VEDACAO, 54 MM, CAIXA D'AGUA PARA AGUA QUENTE | C84: UN | D84: 89.87
A85: 37997 | B85: ADAPTADOR CPVC, SOLDAVEL, 15 MM, PARA AGUA QUENTE | C85: UN | D85: 17.24
A86: 37998 | B86: ADAPTADOR CPVC, SOLDAVEL, 22 MM, PARA AGUA QUENTE | C86: UN | D86: 23.07
A87: 55 | B87: ADAPTADOR DE COMPRESSAO EM POLIPROPILENO (PP), PARA TUBO EM PEAD, 20 MM X 1/2", PARA LIGACAO PREDIAL DE AGUA (NTS 179) | C87: UN
A88: 61 | B88: ADAPTADOR DE COMPRESSAO EM POLIPROPILENO (PP), PARA TUBO EM PEAD, 20 MM X 3/4", PARA LIGACAO PREDIAL DE AGUA (NTS 179) | C88: UN
A89: 62 | B89: ADAPTADOR DE COMPRESSAO EM POLIPROPILENO (PP), PARA TUBO EM PEAD, 32 MM X 1", PARA LIGACAO PREDIAL DE AGUA (NTS 179) | C89: UN
A90: 10899 | B90: ADAPTADOR EM LATAO, ENGATE RAPIDO 2 1/2" X ROSCA INTERNA 5 FIOS 2 1/2", PARA INSTALACAO PREDIAL DE COMBATE A INCENDIO | C90: UN | D90: 111.71
A91: 10900 | B91: ADAPTADOR EM LATAO, ENGATE RAPIDO1 1/2" X ROSCA INTERNA 5 FIOS 2 1/2", PARA INSTALACAO PREDIAL DE COMBATE A INCENDIO | C91: UN | D91: 87.42
A92: 47 | B92: ADAPTADOR PVC PBA, BOLSA/ROSCA, JE, DN 100 / DE 110 MM | C92: UN
A93: 48 | B93: ADAPTADOR PVC PBA, BOLSA/ROSCA, JE, DN 50 / DE 60 MM | C93: UN
A94: 46 | B94: ADAPTADOR PVC PBA, BOLSA/ROSCA, JE, DN 75 / DE 85 MM | C94: UN
A95: 52 | B95: ADAPTADOR PVC PBA, PONTA/ROSCA, JE, DN 50 / DE 60 MM | C95: UN
A96: 43 | B96: ADAPTADOR PVC PBA, PONTA/ROSCA, JE, DN 75 / DE 85 MM | C96: UN
A97: 103 | B97: ADAPTADOR PVC SOLDAVEL CURTO COM BOLSA E ROSCA, 110 MM X 4", PARA AGUA FRIA | C97: UN | D97: 42.6
A98: 107 | B98: ADAPTADOR PVC SOLDAVEL CURTO COM BOLSA E ROSCA, 20 MM X 1/2", PARA AGUA FRIA | C98: UN | D98: 0.8
A99: 65 | B99: ADAPTADOR PVC SOLDAVEL CURTO COM BOLSA E ROSCA, 25 MM X 3/4", PARA AGUA FRIA | C99: UN | D99: 0.88
A100: 108 | B100: ADAPTADOR PVC SOLDAVEL CURTO COM BOLSA E ROSCA, 32 MM X 1", PARA AGUA FRIA | C100: UN | D100: 1.76
A101: 110 | B101: ADAPTADOR PVC SOLDAVEL CURTO COM BOLSA E ROSCA, 40 MM X 1 1/2", PARA AGUA FRIA | C101: UN | D101: 6.13
A102: 109 | B102: ADAPTADOR PVC SOLDAVEL CURTO COM BOLSA E ROSCA, 40 MM X 1 1/4", PARA AGUA FRIA | C102: UN | D102: 3.65
A103: 111 | B103: ADAPTADOR PVC SOLDAVEL CURTO COM BOLSA E ROSCA, 50 MM X 1 1/4", PARA AGUA FRIA | C103: UN | D103: 8.29
A104: 112 | B104: ADAPTADOR PVC SOLDAVEL CURTO COM BOLSA E ROSCA, 50 MM X1 1/2", PARA AGUA FRIA | C104: UN | D104: 4.39
A105: 113 | B105: ADAPTADOR PVC SOLDAVEL CURTO COM BOLSA E ROSCA, 60 MM X 2", PARA AGUA FRIA | C105: UN | D105: 11
A106: 104 | B106: ADAPTADOR PVC SOLDAVEL CURTO COM BOLSA E ROSCA, 75 MM X 2 1/2", PARA AGUA FRIA | C106: UN | D106: 19.14
A107: 102 | B107: ADAPTADOR PVC SOLDAVEL CURTO COM BOLSA E ROSCA, 85 MM X 3", PARA AGUA FRIA | C107: UN | D107: 26.39
A108: 95 | B108: ADAPTADOR PVC SOLDAVEL, COM FLANGE E ANEL DE VEDACAO, 20 MM X 1/2", PARA CAIXA D'AGUA | C108: UN | D108: 11.15
... A112: 99 | B112: ADAPTADOR PVC SOLDAVEL, COM FLANGE E ANEL DE VEDACAO, 50 MM X 1 1/2", PARA CAIXA D'AGUA | C112: UN | D112: 25.82
A113: 60 | B113: ADAPTADOR PVC, COM REGISTRO, PARA PEAD, 20 MM X 3/4", PARA LIGACAO PREDIAL DE AGUA | C113: UN
A114: 72 | B114: ADAPTADOR PVC, ROSCAVEL, COM FLANGES E ANEL DE VEDACAO, 1 1/2", PARA CAIXA D'AGUA | C114: UN | D114: 49.53
A115: 71 | B115: ADAPTADOR PVC, ROSCAVEL, COM FLANGES E ANEL DE VEDACAO, 1", PARA CAIXA D'AGUA | C115: UN | D115: 30.59
A116: 67 | B116: ADAPTADOR PVC, ROSCAVEL, COM FLANGES E ANEL DE VEDACAO, 1/2", PARA CAIXA D'AGUA | C116: UN | D116: 16.01
A117: 73 | B117: ADAPTADOR PVC, ROSCAVEL, COM FLANGES E ANEL DE VEDACAO, 3/4", PARA CAIXA D'AGUA | C117: UN | D117: 15.32
A118: 100 | B118: ADAPTADOR PVC, SOLDAVEL, COM FLANGES E ANEL DE VEDACAO, 60 MM X 2", PARA CAIXA D'AGUA | C118: UN | D118: 45.12
A119: 75 | B119: ADAPTADOR PVC, SOLDAVEL, COM FLANGES LIVRES, 110 MM X 4", PARA CAIXA D'AGUA | C119: UN | D119: 263.07
A120: 83 | B120: ADAPTADOR PVC, SOLDAVEL, COM FLANGES LIVRES, 75 MM X 2 1/2", PARA CAIXA D'AGUA | C120: UN | D120: 210.32
A121: 74 | B121: ADAPTADOR PVC, SOLDAVEL, COM FLANGES LIVRES, 85 MM X 3", PARA CAIXA D'AGUA | C121: UN | D121: 300.69
A122: 106 | B122: ADAPTADOR PVC, SOLDAVEL, LONGO, COM FLANGE LIVRE, 110 MM X 4", PARA CAIXA D'AGUA | C122: UN | D122: 380.24
A123: 88 | B123: ADAPTADOR PVC, SOLDAVEL, LONGO, COM FLANGE LIVRE, 32 MM X 1", PARA CAIXA D'AGUA | C123: UN | D123: 10.68
A124: 82 | B124: ADAPTADOR PVC, SOLDAVEL, LONGO, COM FLANGE LIVRE, 75 MM X 2 1/2", PARA CAIXA D'AGUA | C124: UN | D124: 200.1
A125: 105 | B125: ADAPTADOR PVC, SOLDAVEL, LONGO, COM FLANGE LIVRE, 85 MM X 3", PARA CAIXA D'AGUA | C125: UN | D125: 283.54
... A150: 42409 | B150: AGENTE DE CURA, PROTETOR DA EVAPORACAO DA AGUA DE HIDRATACAO DO CONCRETO | C150: KG | D150: 12.19
A151: 40553 | B151: AGREGADO RECICLADO, TIPO RACHAO RECICLADO CINZA, CLASSE A | C151: M3
A152: 6114 | B152: AJUDANTE DE ARMADOR (HORISTA) | C152: H | D152: 16.74
A153: 40912 | B153: AJUDANTE DE ARMADOR (MENSALISTA) | C153: MES | D153: 2931.19
A154: 247 | B154: AJUDANTE DE ELETRICISTA (HORISTA) | C154: H | D154: 16.74
A155: 40919 | B155: AJUDANTE DE ELETRICISTA (MENSALISTA) | C155: MES | D155: 2931.19
A156: 44499 | B156: AJUDANTE DE ESTRUTURAS METALICAS (HORISTA) | C156: H | D156: 16.74
A157: 40984 | B157: AJUDANTE DE ESTRUTURAS METALICAS (MENSALISTA) | C157: MES | D157: 2931.19
A158: 248 | B158: AJUDANTE DE OPERACAO EM GERAL (HORISTA) | C158: H | D158: 16.89
A159: 41086 | B159: AJUDANTE DE OPERACAO EM GERAL (MENSALISTA) | C159: MES | D159: 2957.17
A160: 34466 | B160: AJUDANTE DE PINTOR (HORISTA) | C160: H | D160: 16.74
A161: 41083 | B161: AJUDANTE DE PINTOR (MENSALISTA) | C161: MES | D161: 2931.19
A162: 252 | B162: AJUDANTE DE SERRALHEIRO (HORISTA) | C162: H | D162: 16.74
A163: 40909 | B163: AJUDANTE DE SERRALHEIRO (MENSALISTA) | C163: MES | D163: 2931.19
... A165: 41085 | B165: AJUDANTE ESPECIALIZADO (MENSALISTA) | C165: MES | D165: 2957.17
A166: 427 | B166: ALCA PREFORMADA DE CONTRA POSTE, EM ACO GALVANIZADO, PARA CABO 3/16", COMPRIMENTO *860* MM | C166: UN
A167: 417 | B167: ALCA PREFORMADA DE DISTRIBUICAO, EM ACO GALVANIZADO, PARA CABO DE ALUMINIO DIAMETRO 16 A 25 MM | C167: UN
A168: 11273 | B168: ALCA PREFORMADA DE DISTRIBUICAO, EM ACO GALVANIZADO, PARA CONDUTORES DE ALUMINIO AWG 1/0 (CAA 6/1 OU CA 7 FIOS) | C168: UN
A169: 11272 | B169: ALCA PREFORMADA DE DISTRIBUICAO, EM ACO GALVANIZADO, PARA CONDUTORES DE ALUMINIO AWG 2 (CAA 6/1 OU CA 7 FIOS) | C169: UN
...

Sheet Comp sinapi Mar2025
A1: PCI.817.01 - CUSTO DE COMPOSIÇÕES - SINTÉTICO
A2: DATA DE EMISSÃO: 11/04/2025 DATA DE RT: 03/2025
A3: ENCARGOS SOCIAIS NÃO DESONERADOS: 113,84%(HORA) 70,11%(MÊS)
A4: ABRANGÊNCIA : NACIONAL LOCALIDADE : RECIFE
A5: DATA DE PREÇO : 04/2025 REFERÊNCIA COLETA : MEDIANO
A7: CÓDIGO | B7: DESCRIÇÃO | C7: UNIDADE | D7: ONERADO
A8: 104658 | B8: PISO PODOTÁTIL DE ALERTA OU DIRECIONAL, DE CONCRETO, ASSENTADO SOBRE ARGAMASSA. AF_03/2024 | C8: M2 | D8: 143.35
A9: 105002 | B9: RAMPA DE ACESSIBILIDADE EM CONCRETO MOLDADO IN LOCO, EM CALÇADA NOVA COM LARGURA MAIOR OU IGUAL À 3,00 M, FCK 25MPA, COM PISO PODOTÁTIL. AF_03/2024 | C9: UN | D9: 708.52
A10: 105004 | B10: RAMPA DE ACESSIBILIDADE EM CONCRETO MOLDADO IN LOCO, EM CALÇADA NOVA COM LARGURA MENOR À 3,00 M, FCK 25MPA, COM PISO PODOTÁTIL. AF_03/2024 | C10: M2 | D10: 120.42
A11: 105003 | B11: RAMPA DE ACESSIBILIDADE EM CONCRETO MOLDADO IN LOCO, EM CALÇADA PRÉ EXISTENTE COM LARGURA MAIOR OU IGUAL À 3,00 M, FCK 25MPA, COM PISO PODOTÁTIL. AF_03/2024 | C11: UN | D11: 1136.84
A12: 105005 | B12: RAMPA DE ACESSIBILIDADE EM CONCRETO MOLDADO IN LOCO, EM CALÇADA PRÉ EXISTENTE COM LARGURA MENOR À 3,00 M, FCK 25MPA, COM PISO PODOTÁTIL. AF_03/2024 | C12: M2 | D12: 199.73
A13: 105006 | B13: RAMPA DE ACESSIBILIDADE EM CONCRETO PRÉ MOLDADO, EM CALÇADA NOVA COM LARGURA MAIOR OU IGUAL À 3,00 M, FCK 25MPA, COM PISO PODOTÁTIL. AF_03/2024 | C13: UN | D13: 0
A14: 104999 | B14: RAMPA DE ACESSIBILIDADE EM CONCRETO PRÉ MOLDADO, EM CALÇADA PRÉ EXISTENTE COM LARGURA MAIOR OU IGUAL À 3,00 M, FCK 25MPA, COM PISO PODOTÁTIL. AF_03/2024 | C14: UN | D14: 0
A15: 105000 | B15: RAMPA DE ACESSIBILIDADE PARA ACESSO A EDIFICAÇÕES COM INCLINAÇÃO DE 8,33% EM CONCRETO MOLDADO IN LOCO, COM LARGURA DE 1,20M, FCK 25MPA, NÃO ARMADA, COM JUNTA A CADA 2M COM CORTE À SECO. AF_03/2024 | C15: M | D15: 1295.79
A16: 105001 | B16: RAMPA DE ACESSIBILIDADE PARA ACESSO A EDIFICAÇÕES COM INCLINAÇÃO DE 8,33% EM CONCRETO MOLDADO IN LOCO, COM LARGURA DE 1,50M, FCK 25MPA, NÃO ARMADA, COM JUNTA A CADA 2M COM CORTE À SECO. AF_03/2024 | C16: M | D16: 1325.9
A17: 89306 | B17: ALVENARIA ESTRUTURAL DE BLOCOS CERÂMICOS 14X19X29, (ESPESSURA DE 14 CM), UTILIZANDO COLHER DE PEDREIRO E ARGAMASSA DE ASSENTAMENTO COM PREPARO EM BETONEIRA. AF_03/2023 | C17: M2 | D17: 91.37
A18: 89307 | B18: ALVENARIA ESTRUTURAL DE BLOCOS CERÂMICOS 14X19X29, (ESPESSURA DE 14 CM), UTILIZANDO COLHER DE PEDREIRO E ARGAMASSA DE ASSENTAMENTO COM PREPARO MANUAL. AF_03/2023 | C18: M2 | D18: 94.03
A19: 89290 | B19: ALVENARIA ESTRUTURAL DE BLOCOS CERÂMICOS 14X19X29, (ESPESSURA DE 14 CM), UTILIZANDO PALHETA E ARGAMASSA DE ASSENTAMENTO COM PREPARO EM BETONEIRA. AF_03/2023 | C19: M2 | D19: 74.61
... A9660: 103548 | B9660: VÁLVULA REDUTORA DE PRESSÃO DE FERRO FUNDIDO PARA REDE DE ÁGUA, DN 80 MM, JUNTA FLANGEADA. AF_12/2021 | C9660: UN | D9660: 0

Sheet ABC
D2: PREFEITURA MUNICIPAL DE OLINDA
D3: SECRETARIA DE OBRAS
D4: SECRETARIA EXECUTIVA DE OBRAS | K4: =Orçamento!K10-Orçamento!K13-Orçamento!K68 -> 977693.58
A5: =[44]Resumo!A6 -> OBJETO: | B5: =Resumo!B5 -> CONTRATAÇÃO DE EMPRESA ESPECIALIZADA PARA EXECUÇÃO DE OBRAS DE TERRAPLENAGEM, PAVIMENTAÇÃO, DRENAGEM, ACESSIBILIDADE E SINALIZAÇÃO DA RUA CACIMBÃO NO BAIRRO DE SALGADINHO E RUA COMPOSITOR ATAULFO ALVES NO BAIRRO FRAGOSO, NO MUNICÍPIO DE OLINDA-PE, CONTRATO DE REPASSE: 1088.389-47/2023.
A6: Localização: OLINDA - PE
A7: Tabelas de referência: SINAPI (03/2025) e COMPESA (2024.2)
A8: CR 1088.389-47/2023
A9: CURVA ABC ONERADA
A10: CÓDIGO | B10: FONTE | C10: DESCRIÇÃO | D10: UNID | E10: QUANTIDADE | F10: PREÇO UNIT C/ BDI (R$) | G10: PREÇO TOTAL (R$) | H10: % | I10: % ACUM.
E11: VALOR TOTAL SEM ADMINISTRAÇÃO LOCAL | G11: =SUM(G13:G56) -> 977693.62 | K11: =SUMPRODUCT(E:E,F:F) -> 977693.58
K12: =Orçamento!L7 -> 977693.58 | M12: =K12-K11 -> -0.0038000001
A13: 101169 | B13: =VLOOKUP(A13,ORÇABR,2,0) -> SINAPI SERVIÇO | C13: =VLOOKUP(A13,ORÇABR,4,0) -> EXECUÇÃO DE PAVIMENTO EM PARALELEPÍPEDOS, REJUNTAMENTO COM ARGAMASSA TRAÇO 1:3 (CIMENTO E AREIA). | D13: =VLOOKUP(A13,ORÇABR,5,0) -> M2 | E13: =SUMIF(Orçamento!B:B,A13,Orçamento!G:G) -> 2492.82 | F13: =VLOOKUP(A13,ORÇABR,9,0) -> 104.78 | G13: =ROUND(E13*F13,2) -> 261197.68 | H13: =G13/$G$11 -> 0.26715699 | I13: =H13 -> 0.26715699
A14: 96396 | B14: =VLOOKUP(A14,ORÇABR,2,0) -> SINAPI SERVIÇO | C14: =VLOOKUP(A14,ORÇABR,4,0) -> CONSTRUÇÃO DE BASE E SUB-BASE PARA PAVIMENTAÇÃO DE BRITA GRADUADA SIMPLES, COM ESPESSURA DE 15 CM - EXCLUSIVE CARGA E TRANSPORTE. AF_09/2024 | D14: =VLOOKUP(A14,ORÇABR,5,0) -> M3 | E14: =SUMIF(Orçamento!B:B,A14,Orçamento!G:G) -> 641.31 | F14: =VLOOKUP(A14,ORÇABR,9,0) -> 210.82 | G14: =ROUND(E14*F14,2) -> 135200.97 | H14: =G14/$G$11 -> 0.13828562 | I14: =I13+H14 -> 0.40544261
A15: 94990 | B15: =VLOOKUP(A15,ORÇABR,2,0) -> SINAPI SERVIÇO | C15: =VLOOKUP(A15,ORÇABR,4,0) -> EXECUÇÃO DE PASSEIO (CALÇADA) OU PISO DE CONCRETO COM CONCRETO MOLDADO IN LOCO, FEITO EM OBRA, ACABAMENTO CONVENCIONAL, NÃO ARMADO. | D15: =VLOOKUP(A15,ORÇABR,5,0) -> M3 | E15: =SUMIF(Orçamento!B:B,A15,Orçamento!G:G) -> 129.14 | F15: =VLOOKUP(A15,ORÇABR,9,0) -> 945.54 | G15: =ROUND(E15*F15,2) -> 122107.04 | H15: =G15/$G$11 -> 0.12489295 | I15: =I14+H15 -> 0.53033556
A16: COMPOSIÇÃO 18 | B16: =VLOOKUP(A16,ORÇABR,2,0) -> COMPOSIÇÃO | C16: =VLOOKUP(A16,ORÇABR,4,0) -> CANALETA DE DRENAGEM EM ALVENARIA DE BLOCO DE CONCRETO, DIMENSÕES INTERNAS 40 X 60CM, COM TAMPA DE CONCRETO ARMADO (0,50 X 1,00M X 0,10M). | D16: =VLOOKUP(A16,ORÇABR,5,0) -> M | E16: =SUMIF(Orçamento!B:B,A16,Orçamento!G:G) -> 180.13 | F16: =VLOOKUP(A16,ORÇABR,9,0) -> 485.46 | G16: =ROUND(E16*F16,2) -> 87445.91 | H16: =G16/$G$11 -> 0.089441015 | I16: =I15+H16 -> 0.61977657
A17: 95877 | B17: =VLOOKUP(A17,ORÇABR,2,0) -> SINAPI SERVIÇO | C17: =VLOOKUP(A17,ORÇABR,4,0) -> TRANSPORTE COM CAMINHÃO BASCULANTE DE 18 M³, EM VIA URBANA PAVIMENTADA, DMT ATÉ 30 KM (UNIDADE: M3XKM). | D17: =VLOOKUP(A17,ORÇABR,5,0) -> M3XKM | E17: =SUMIF(Orçamento!B:B,A17,Orçamento!G:G) -> 36221.16 | F17: =VLOOKUP(A17,ORÇABR,9,0) -> 2.26 | G17: =ROUND(E17*F17,2) -> 81859.82 | H17: =G17/$G$11 -> 0.083727477 | I17: =I16+H17 -> 0.70350405
A18: 94273 | B18: =VLOOKUP(A18,ORÇABR,2,0) -> SINAPI SERVIÇO | C18: =VLOOKUP(A18,ORÇABR,4,0) -> ASSENTAMENTO DE GUIA (MEIO-FIO) EM TRECHO RETO, CONFECCIONADA EM CONCRETO PRÉ-FABRICADO, DIMENSÕES 100X15X13X30 CM (COMPRIMENTO X BASE INFERIOR X BASE SUPERIOR X ALTURA). | D18: =VLOOKUP(A18,ORÇABR,5,0) -> M | E18: =SUMIF(Orçamento!B:B,A18,Orçamento!G:G) -> 1153.44 | F18: =VLOOKUP(A18,ORÇABR,9,0) -> 62.52 | G18: =ROUND(E18*F18,2) -> 72113.07 | H18: =G18/$G$11 -> 0.073758352 | I18: =I17+H18 -> 0.7772624
A19: COMPOSIÇÃO 07 | B19: =VLOOKUP(A19,ORÇABR,2,0) -> COMPOSIÇÃO | C19: =VLOOKUP(A19,ORÇABR,4,0) -> LOCAÇÃO DE BANHEIRO QUÍMICO COM LIMPEZA DIÁRIA INCLUSO COLETA E DESTINAÇÃO FINAL DE EFLUENTES. | D19: =VLOOKUP(A19,ORÇABR,5,0) -> MÊS | E19: =SUMIF(Orçamento!B:B,A19,Orçamento!G:G) -> 6 | F19: =VLOOKUP(A19,ORÇABR,9,0) -> 5077.13 | G19: =ROUND(E19*F19,2) -> 30462.78 | H19: =G19/$G$11 -> 0.031157798 | I19: =I18+H19 -> 0.8084202
A20: 95875 | B20: =VLOOKUP(A20,ORÇABR,2,0) -> SINAPI SERVIÇO | C20: =VLOOKUP(A20,ORÇABR,4,0) -> TRANSPORTE COM CAMINHÃO BASCULANTE DE 10 M³, EM VIA URBANA PAVIMENTADA, DMT ATÉ 30 KM (UNIDADE: M3XKM). | D20: =VLOOKUP(A20,ORÇABR,5,0) -> M3XKM | E20: =SUMIF(Orçamento!B:B,A20,Orçamento!G:G) -> 9287.46 | F20: =VLOOKUP(A20,ORÇABR,9,0) -> 3.16 | G20: =ROUND(E20*F20,2) -> 29348.37 | H20: =G20/$G$11 -> 0.030017962 | I20: =I19+H20 -> 0.83843816
A21: 94281 | B21: =VLOOKUP(A21,ORÇABR,2,0) -> SINAPI SERVIÇO | C21: =VLOOKUP(A21,ORÇABR,4,0) -> EXECUÇÃO DE SARJETA DE CONCRETO USINADO, MOLDADA IN LOCO EM TRECHO RETO, 30 CM BASE X 15 CM ALTURA. | D21: =VLOOKUP(A21,ORÇABR,5,0) -> M | E21: =SUMIF(Orçamento!B:B,A21,Orçamento!G:G) -> 394.03 | F21: =VLOOKUP(A21,ORÇABR,9,0) -> 52.38 | G21: =ROUND(E21*F21,2) -> 20639.29 | H21: =G21/$G$11 -> 0.021110182 | I21: =I20+H21 -> 0.85954834
A22: 100980 | B22: =VLOOKUP(A22,ORÇABR,2,0) -> SINAPI SERVIÇO | C22: =VLOOKUP(A22,ORÇABR,4,0) -> CARGA, MANOBRA E DESCARGA DE SOLOS E MATERIAIS GRANULARES EM CAMINHÃO BASCULANTE 18 M³ - CARGA COM ESCAVADEIRA HIDRÁULICA (CAÇAMBA DE 1,20 M³ / 155 HP) E DESCARGA LIVRE (UNIDADE: M3). | D22: =VLOOKUP(A22,ORÇABR,5,0) -> M3 | E22: =SUMIF(Orçamento!B:B,A22,Orçamento!G:G) -> 2290.63 | F22: =VLOOKUP(A22,ORÇABR,9,0) -> 7.8 | G22: =ROUND(E22*F22,2) -> 17866.91 | H22: =G22/$G$11 -> 0.018274549 | I22: =I21+H22 -> 0.87782289
A23: 105002 | B23: =VLOOKUP(A23,ORÇABR,2,0) -> SINAPI SERVIÇO | C23: =VLOOKUP(A23,ORÇABR,4,0) -> RAMPA DE ACESSIBILIDADE EM CONCRETO MOLDADO IN LOCO, EM CALÇADA NOVA COM LARGURA MAIOR OU IGUAL À 3,00 M, FCK 25MPA, COM PISO PODOTÁTIL. | D23: =VLOOKUP(A23,ORÇABR,5,0) -> UN | E23: =SUMIF(Orçamento!B:B,A23,Orçamento!G:G) -> 18 | F23: =VLOOKUP(A23,ORÇABR,9,0) -> 864.32 | G23: =ROUND(E23*F23,2) -> 15557.76 | H23: =G23/$G$11 -> 0.015912715 | I23: =I22+H23 -> 0.89373561 | L23: 9813.82 | N23: 9684.67 | O23: 19854.92 | P23: 29539.59
A24: COMPOSIÇÃO 08 | B24: =VLOOKUP(A24,ORÇABR,2,0) -> COMPOSIÇÃO | C24: =VLOOKUP(A24,ORÇABR,4,0) -> FORNECIMENTO E INSTALAÇÃO DE PLACA DE SINALIZAÇÃO EM CHAPA DE AÇO EM SUPORTE DE MADEIRA. | D24: =VLOOKUP(A24,ORÇABR,5,0) -> M2 | E24: =SUMIF(Orçamento!B:B,A24,Orçamento!G:G) -> 12.52 | F24: =VLOOKUP(A24,ORÇABR,9,0) -> 1160.86 | G24: =ROUND(E24*F24,2) -> 14533.97 | H24: =G24/$G$11 -> 0.014865567 | I24: =I23+H24 -> 0.90860117
A25: 100576 | B25: =VLOOKUP(A25,ORÇABR,2,0) -> SINAPI SERVIÇO | C25: =VLOOKUP(A25,ORÇABR,4,0) -> REGULARIZAÇÃO E COMPACTAÇÃO DE SUBLEITO DE SOLO PREDOMINANTEMENTE ARGILOSO, PARA OBRAS DE CONSTRUÇÃO DE PAVIMENTOS. | D25: =VLOOKUP(A25,ORÇABR,5,0) -> M2 | E25: =SUMIF(Orçamento!B:B,A25,Orçamento!G:G) -> 4077.17 | F25: =VLOOKUP(A25,ORÇABR,9,0) -> 2.35 | G25: =ROUND(E25*F25,2) -> 9581.35 | H25: =G25/$G$11 -> 0.0097999514 | I25: =I24+H25 -> 0.91840112
A26: 100974 | B26: =VLOOKUP(A26,ORÇABR,2,0) -> SINAPI SERVIÇO | C26: =VLOOKUP(A26,ORÇABR,4,0) -> CARGA, MANOBRA E DESCARGA DE SOLOS E MATERIAIS GRANULARES EM CAMINHÃO BASCULANTE 10 M³ - CARGA COM PÁ CARREGADEIRA (CAÇAMBA DE 1,7 A 2,8 M³ / 128 HP) E DESCARGA LIVRE (UNIDADE: M3). | D26: =VLOOKUP(A26,ORÇABR,5,0) -> M3 | E26: =SUMIF(Orçamento!B:B,A26,Orçamento!G:G) -> 801.7 | F26: =VLOOKUP(A26,ORÇABR,9,0) -> 10.65 | G26: =ROUND(E26*F26,2) -> 8538.11 | H26: =G26/$G$11 -> 0.0087329096 | I26: =I25+H26 -> 0.92713403
A27: 94274 | B27: =VLOOKUP(A27,ORÇABR,2,0) -> SINAPI SERVIÇO | C27: =VLOOKUP(A27,ORÇABR,4,0) -> ASSENTAMENTO DE GUIA (MEIO-FIO) EM TRECHO CURVO, CONFECCIONADA EM CONCRETO PRÉ-FABRICADO, DIMENSÕES 100X15X13X30 CM (COMPRIMENTO X BASE INFERIOR X BASE SUPERIOR X ALTURA). | D27: =VLOOKUP(A27,ORÇABR,5,0) -> M | E27: =SUMIF(Orçamento!B:B,A27,Orçamento!G:G) -> 126.78 | F27: =VLOOKUP(A27,ORÇABR,9,0) -> 66.06 | G27: =ROUND(E27*F27,2) -> 8375.09 | H27: =G27/$G$11 -> 0.0085661702 | I27: =I26+H27 -> 0.9357002
A28: 103689 | B28: =VLOOKUP(A28,ORÇABR,2,0) -> SINAPI SERVIÇO | C28: =VLOOKUP(A28,ORÇABR,4,0) -> FORNECIMENTO E INSTALAÇÃO DE PLACA DE OBRA COM CHAPA GALVANIZADA E ESTRUTURA DE MADEIRA. | D28: =VLOOKUP(A28,ORÇABR,5,0) -> M2 | E28: =SUMIF(Orçamento!B:B,A28,Orçamento!G:G) -> 12 | F28: =VLOOKUP(A28,ORÇABR,9,0) -> 568.34 | G28: =ROUND(E28*F28,2) -> 6820.08 | H28: =G28/$G$11 -> 0.0069756822 | I28: =I27+H28 -> 0.94267589
A29: 94282 | B29: =VLOOKUP(A29,ORÇABR,2,0) -> SINAPI SERVIÇO | C29: =VLOOKUP(A29,ORÇABR,4,0) -> EXECUÇÃO DE SARJETA DE CONCRETO USINADO, MOLDADA IN LOCO EM TRECHO CURVO, 30 CM BASE X 15 CM ALTURA. | D29: =VLOOKUP(A29,ORÇABR,5,0) -> M | E29: =SUMIF(Orçamento!B:B,A29,Orçamento!G:G) -> 101.58 | F29: =VLOOKUP(A29,ORÇABR,9,0) -> 61.69 | G29: =ROUND(E29*F29,2) -> 6266.47 | H29: =G29/$G$11 -> 0.0064094414 | I29: =I28+H29 -> 0.94908533
A30: COMPOSIÇÃO 26 | B30: =VLOOKUP(A30,ORÇABR,2,0) -> COMPOSIÇÃO | C30: =VLOOKUP(A30,ORÇABR,4,0) -> CAIXA COM GRELHA SIMPLES RETANGULAR, ALVENARIA COM BLOCO DE CONCRETO 22X11X8CM, DE UMA VEZ, DIMENSÕES INTERNAS DE 0,72X0,30X1,00M. | D30: =VLOOKUP(A30,ORÇABR,5,0) -> UN | E30: =SUMIF(Orçamento!B:B,A30,Orçamento!G:G) -> 4 | F30: =VLOOKUP(A30,ORÇABR,9,0) -> 1434.66 | G30: =ROUND(E30*F30,2) -> 5738.64 | H30: =G30/$G$11 -> 0.0058695688 | I30: =I29+H30 -> 0.9549549
A31: COMPOSIÇÃO 11 | B31: =VLOOKUP(A31,ORÇABR,2,0) -> COMPOSIÇÃO | C31: =VLOOKUP(A31,ORÇABR,4,0) -> PLACA DE INDICAÇÃO DE LOMBADA N°16 COM PINTURA REFLETIVA. | D31: =VLOOKUP(A31,ORÇABR,5,0) -> UN | E31: =SUMIF(Orçamento!B:B,A31,Orçamento!G:G) -> 4 | F31: =VLOOKUP(A31,ORÇABR,9,0) -> 1422.14 | G31: =ROUND(E31*F31,2) -> 5688.56 | H31: =G31/$G$11 -> 0.0058183462 | I31: =I30+H31 -> 0.96077324
A32: 101116 | B32: =VLOOKUP(A32,ORÇABR,2,0) -> SINAPI SERVIÇO | C32: =VLOOKUP(A32,ORÇABR,4,0) -> ESCAVAÇÃO HORIZONTAL EM SOLO DE 1A CATEGORIA COM TRATOR DE ESTEIRAS (170HP/LÂMINA: 5,20M3). | D32: =VLOOKUP(A32,ORÇABR,5,0) -> M3 | E32: =SUMIF(Orçamento!B:B,A32,Orçamento!G:G) -> 1821.24 | F32: =VLOOKUP(A32,ORÇABR,9,0) -> 2.87 | G32: =ROUND(E32*F32,2) -> 5226.96 | H32: =G32/$G$11 -> 0.0053462147 | I32: =I31+H32 -> 0.96611946
A33: 97087 | B33: =VLOOKUP(A33,ORÇABR,2,0) -> SINAPI SERVIÇO | C33: =VLOOKUP(A33,ORÇABR,4,0) -> CAMADA SEPARADORA PARA EXECUÇÃO DE RADIER, PISO DE CONCRETO OU LAJE SOBRE SOLO, EM LONA PLÁSTICA. | D33: =VLOOKUP(A33,ORÇABR,5,0) -> M2 | E33: =SUMIF(Orçamento!B:B,A33,Orçamento!G:G) -> 2152.56 | F33: =VLOOKUP(A33,ORÇABR,9,0) -> 2.35 | G33: =ROUND(E33*F33,2) -> 5058.52 | H33: =G33/$G$11 -> 0.0051739317 | I33: =I32+H33 -> 0.97129339
A34: 103694 | B34: =VLOOKUP(A34,ORÇABR,2,0) -> SINAPI SERVIÇO | C34: =VLOOKUP(A34,ORÇABR,4,0) -> FORNECIMENTO E INSTALAÇÃO DE SUPORTE DE MADEIRA PARA PLACAS DE SINALIZAÇÃO, EM SOLO, COM H= DE 2,5 M E SEÇÃO DE 7,5 X 7,5 CM. | D34: =VLOOKUP(A34,ORÇABR,5,0) -> UN | E34: =SUMIF(Orçamento!B:B,A34,Orçamento!G:G) -> 33 | F34: =VLOOKUP(A34,ORÇABR,9,0) -> 138.18 | G34: =ROUND(E34*F34,2) -> 4559.94 | H34: =G34/$G$11 -> 0.0046639764 | I34: =I33+H34 -> 0.97595737
A35: 104658 | B35: =VLOOKUP(A35,ORÇABR,2,0) -> SINAPI SERVIÇO | C35: =VLOOKUP(A35,ORÇABR,4,0) -> PISO PODOTÁTIL DE ALERTA OU DIRECIONAL, DE CONCRETO, ASSENTADO SOBRE ARGAMASSA. | D35: =VLOOKUP(A35,ORÇABR,5,0) -> M2 | E35: =SUMIF(Orçamento!B:B,A35,Orçamento!G:G) -> 21.98 | F35: =VLOOKUP(A35,ORÇABR,9,0) -> 174.87 | G35: =ROUND(E35*F35,2) -> 3843.64 | H35: =G35/$G$11 -> 0.0039313338 | I35: =I34+H35 -> 0.9798887
A36: COMPOSIÇÃO 13 | B36: =VLOOKUP(A36,ORÇABR,2,0) -> COMPOSIÇÃO | C36: =VLOOKUP(A36,ORÇABR,4,0) -> RAMPA DE ENTRADA DE CARRO - MÃO DE OBRA COMPLEMENTAR PARA REBAIXAMENTO DO PASSEIO E MEIO-FIO. | D36: =VLOOKUP(A36,ORÇABR,5,0) -> UN | E36: =SUMIF(Orçamento!B:B,A36,Orçamento!G:G) -> 17 | F36: =VLOOKUP(A36,ORÇABR,9,0) -> 187.71 | G36: =ROUND(E36*F36,2) -> 3191.07 | H36: =G36/$G$11 -> 0.0032638752 | I36: =I35+H36 -> 0.98315257
A37: COMPOSIÇÃO 12 | B37: =VLOOKUP(A37,ORÇABR,2,0) -> COMPOSIÇÃO | C37: =VLOOKUP(A37,ORÇABR,4,0) -> PLACA DE INDICAÇÃO DE LOMBADA A FRENTE COM PINTURA REFLETIVA. | D37: =VLOOKUP(A37,ORÇABR,5,0) -> UN | E37: =SUMIF(Orçamento!B:B,A37,Orçamento!G:G) -> 4 | F37: =VLOOKUP(A37,ORÇABR,9,0) -> 570.52 | G37: =ROUND(E37*F37,2) -> 2282.08 | H37: =G37/$G$11 -> 0.0023341464 | I37: =I36+H37 -> 0.98548672
A38: COMPOSIÇÃO 05 | B38: =VLOOKUP(A38,ORÇABR,2,0) -> COMPOSIÇÃO | C38: =VLOOKUP(A38,ORÇABR,4,0) -> CAVALETE METÁLICO (COMP. PRÓPRIA BASEADOS NO QUANTITATIVOS PROJETO DE CAVALETE DE SINALIZAÇÃO EM ANEXO). | D38: =VLOOKUP(A38,ORÇABR,5,0) -> UN | E38: =SUMIF(Orçamento!B:B,A38,Orçamento!G:G) -> 4 | F38: =VLOOKUP(A38,ORÇABR,9,0) -> 493.29 | G38: =ROUND(E38*F38,2) -> 1973.16 | H38: =G38/$G$11 -> 0.0020181783 | I38: =I37+H38 -> 0.9875049
A39: COMPOSIÇÃO 06 | B39: =VLOOKUP(A39,ORÇABR,2,0) -> COMPOSIÇÃO | C39: =VLOOKUP(A39,ORÇABR,4,0) -> SERVIÇOS TOPOGRÁFICOS PARA PAVIMENTAÇÃO, INCLUSIVE NOTA DE SERVIÇOS, ACOMPANHAMENTO E GREIDE. | D39: =VLOOKUP(A39,ORÇABR,5,0) -> M2 | E39: =SUMIF(Orçamento!B:B,A39,Orçamento!G:G) -> 4077.17 | F39: =VLOOKUP(A39,ORÇABR,9,0) -> 0.43 | G39: =ROUND(E39*F39,2) -> 1753.18 | H39: =G39/$G$11 -> 0.0017931793 | I39: =I38+H39 -> 0.98929808
A40: COMPOSIÇÃO 10 | B40: =VLOOKUP(A40,ORÇABR,2,0) -> COMPOSIÇÃO | C40: =VLOOKUP(A40,ORÇABR,4,0) -> EXECUÇÃO DE LOMBADA. | D40: =VLOOKUP(A40,ORÇABR,5,0) -> M3 | E40: =SUMIF(Orçamento!B:B,A40,Orçamento!G:G) -> 2.24 | F40: =VLOOKUP(A40,ORÇABR,9,0) -> 708.74 | G40: =ROUND(E40*F40,2) -> 1587.58 | H40: =G40/$G$11 -> 0.0016238011 | I40: =I39+H40 -> 0.99092188
A41: 92210 | B41: =VLOOKUP(A41,ORÇABR,2,0) -> SINAPI SERVIÇO | C41: =VLOOKUP(A41,ORÇABR,4,0) -> TUBO DE CONCRETO PARA REDES COLETORAS DE ÁGUAS PLUVIAIS, DIÂMETRO DE 400 MM, JUNTA RÍGIDA, INSTALADO EM LOCAL COM BAIXO NÍVEL DE INTERFERÊNCIAS - FORNECIMENTO E ASSENTAMENTO. | D41: =VLOOKUP(A41,ORÇABR,5,0) -> M | E41: =SUMIF(Orçamento!B:B,A41,Orçamento!G:G) -> 9.45 | F41: =VLOOKUP(A41,ORÇABR,9,0) -> 161.44 | G41: =ROUND(E41*F41,2) -> 1525.61 | H41: =G41/$G$11 -> 0.0015604173 | I41: =I40+H41 -> 0.9924823
A42: 102509 | B42: =VLOOKUP(A42,ORÇABR,2,0) -> SINAPI SERVIÇO | C42: =VLOOKUP(A42,ORÇABR,4,0) -> PINTURA DE FAIXA DE PEDESTRE OU ZEBRADA TINTA RETRORREFLETIVA A BASE DE RESINA ACRÍLICA COM MICROESFERAS DE VIDRO, E = 30 CM, APLICAÇÃO MANUAL. | D42: =VLOOKUP(A42,ORÇABR,5,0) -> M2 | E42: =SUMIF(Orçamento!B:B,A42,Orçamento!G:G) -> 28.66 | F42: =VLOOKUP(A42,ORÇABR,9,0) -> 40.54 | G42: =ROUND(E42*F42,2) -> 1161.88 | H42: =G42/$G$11 -> 0.0011883886 | I42: =I41+H42 -> 0.99367069
A43: 89472 | B43: =VLOOKUP(A43,ORÇABR,2,0) -> SINAPI SERVIÇO | C43: =VLOOKUP(A43,ORÇABR,4,0) -> ALVENARIA DE BLOCOS DE CONCRETO ESTRUTURAL 14X19X39 CM (ESPESSURA 14 CM), FBK = 14 MPA, UTILIZANDO COLHER DE PEDREIRO. | D43: =VLOOKUP(A43,ORÇABR,5,0) -> M2 | E43: =SUMIF(Orçamento!B:B,A43,Orçamento!G:G) -> 7.35 | F43: =VLOOKUP(A43,ORÇABR,9,0) -> 142.11 | G43: =ROUND(E43*F43,2) -> 1044.51 | H43: =G43/$G$11 -> 0.0010683408 | I43: =I42+H43 -> 0.99473903
A44: 87529 | B44: =VLOOKUP(A44,ORÇABR,2,0) -> SINAPI SERVIÇO | C44: =VLOOKUP(A44,ORÇABR,4,0) -> MASSA ÚNICA, EM ARGAMASSA TRAÇO 1:2:8, PREPARO MECÂNICO, APLICADA MANUALMENTE EM PAREDES INTERNAS DE AMBIENTES COM ÁREA ENTRE 5M² E 10M², E = 17,5MM, COM TALISCAS. | D44: =VLOOKUP(A44,ORÇABR,5,0) -> M2 | E44: =SUMIF(Orçamento!B:B,A44,Orçamento!G:G) -> 19.11 | F44: =VLOOKUP(A44,ORÇABR,9,0) -> 48.63 | G44: =ROUND(E44*F44,2) -> 929.32 | H44: =G44/$G$11 -> 0.00095052272 | I44: =I43+H44 -> 0.99568955
A45: COMPOSIÇÃO 03 | B45: =VLOOKUP(A45,ORÇABR,2,0) -> COMPOSIÇÃO | C45: =VLOOKUP(A45,ORÇABR,4,0) -> SINALIZAÇÃO DIURNA COM CONES E TELA PLÁSTICA TIPO LARANJA (REF.SINAPI 72947 COM ADAPTAÇÕES). | D45: =VLOOKUP(A45,ORÇABR,5,0) -> M | E45: =SUMIF(Orçamento!B:B,A45,Orçamento!G:G) -> 87.72 | F45: =VLOOKUP(A45,ORÇABR,9,0) -> 9.43 | G45: =ROUND(E45*F45,2) -> 827.2 | H45: =G45/$G$11 -> 0.00084607282 | I45: =I44+H45 -> 0.99653562
A46: COMPOSIÇÃO 02 | B46: =VLOOKUP(A46,ORÇABR,2,0) -> COMPOSIÇÃO | C46: =VLOOKUP(A46,ORÇABR,4,0) -> PLACA EM CHAPA ESMALTADA DIM 45X20CM PARA IDENTIFICAÇÃO DE LOGRADOUROS. | D46: =VLOOKUP(A46,ORÇABR,5,0) -> UN | E46: =SUMIF(Orçamento!B:B,A46,Orçamento!G:G) -> 4 | F46: =VLOOKUP(A46,ORÇABR,9,0) -> 177.82 | G46: =ROUND(E46*F46,2) -> 711.28 | H46: =G46/$G$11 -> 0.00072750807 | I46: =I45+H46 -> 0.99726313
A47: 98525 | B47: =VLOOKUP(A47,ORÇABR,2,0) -> SINAPI SERVIÇO | C47: =VLOOKUP(A47,ORÇABR,4,0) -> LIMPEZA MECANIZADA DE CAMADA VEGETAL, VEGETAÇÃO E PEQUENAS ÁRVORES (DIÂMETRO DE TRONCO MENOR QUE 0,20 M), COM TRATOR DE ESTEIRAS. | D47: =VLOOKUP(A47,ORÇABR,5,0) -> M2 | E47: =SUMIF(Orçamento!B:B,A47,Orçamento!G:G) -> 745.06 | F47: =VLOOKUP(A47,ORÇABR,9,0) -> 0.81 | G47: =ROUND(E47*F47,2) -> 603.5 | H47: =G47/$G$11 -> 0.00061726904 | I47: =I46+H47 -> 0.9978804
A48: 96386 | B48: =VLOOKUP(A48,ORÇABR,2,0) -> SINAPI SERVIÇO | C48: =VLOOKUP(A48,ORÇABR,4,0) -> EXECUÇÃO E COMPACTAÇÃO DE CORPO DE ATERRO (95% DE ENERGIA DO PROCTOR NORMAL) COM SOLO PREDOMINANTEMENTE ARENOSO ESPESSURA 15CM - EXCLUSIVE MATERIAL, ESCAVAÇÃO, CARGA E TRANSPORTE. | D48: =VLOOKUP(A48,ORÇABR,5,0) -> M3 | E48: =SUMIF(Orçamento!B:B,A48,Orçamento!G:G) -> 77.7 | F48: =VLOOKUP(A48,ORÇABR,9,0) -> 7.76 | G48: =ROUND(E48*F48,2) -> 602.95 | H48: =G48/$G$11 -> 0.00061670649 | I48: =I47+H48 -> 0.99849711
A49: COMPOSIÇÃO 04 | B49: =VLOOKUP(A49,ORÇABR,2,0) -> COMPOSIÇÃO | C49: =VLOOKUP(A49,ORÇABR,4,0) -> SINALIZAÇÃO DE TRÂNSITO - NOTURNA. | D49: =VLOOKUP(A49,ORÇABR,5,0) -> M | E49: =SUMIF(Orçamento!B:B,A49,Orçamento!G:G) -> 87.72 | F49: =VLOOKUP(A49,ORÇABR,9,0) -> 3.87 | G49: =ROUND(E49*F49,2) -> 339.48 | H49: =G49/$G$11 -> 0.00034722534 | I49: =I48+H49 -> 0.99884433
A50: 98504 | B50: =VLOOKUP(A50,ORÇABR,2,0) -> SINAPI SERVIÇO | C50: =VLOOKUP(A50,ORÇABR,4,0) -> PLANTIO DE GRAMA BATATAIS EM PLACAS. | D50: =VLOOKUP(A50,ORÇABR,5,0) -> M2 | E50: =SUMIF(Orçamento!B:B,A50,Orçamento!G:G) -> 11.4 | F50: =VLOOKUP(A50,ORÇABR,9,0) -> 24.72 | G50: =ROUND(E50*F50,2) -> 281.81 | H50: =G50/$G$11 -> 0.00028823958 | I50: =I49+H50 -> 0.99913257
A51: 94963 | B51: =VLOOKUP(A51,ORÇABR,2,0) -> SINAPI SERVIÇO | C51: =VLOOKUP(A51,ORÇABR,4,0) -> CONCRETO FCK = 15MPA, TRAÇO 1:3,4:3,5 (EM MASSA SECA DE CIMENTO/ AREIA MÉDIA/ BRITA 1) - PREPARO MECÂNICO COM BETONEIRA 400 L. | D51: =VLOOKUP(A51,ORÇABR,5,0) -> M3 | E51: =SUMIF(Orçamento!B:B,A51,Orçamento!G:G) -> 0.5 | F51: =VLOOKUP(A51,ORÇABR,9,0) -> 537.72 | G51: =ROUND(E51*F51,2) -> 268.86 | H51: =G51/$G$11 -> 0.00027499412 | I51: =I50+H51 -> 0.99940756
A52: 104641 | B52: =VLOOKUP(A52,ORÇABR,2,0) -> SINAPI SERVIÇO | C52: =VLOOKUP(A52,ORÇABR,4,0) -> PINTURA LÁTEX ACRÍLICA ECONÔMICA, APLICAÇÃO MANUAL EM PAREDES, DUAS DEMÃOS. | D52: =VLOOKUP(A52,ORÇABR,5,0) -> M2 | E52: =SUMIF(Orçamento!B:B,A52,Orçamento!G:G) -> 19.11 | F52: =VLOOKUP(A52,ORÇABR,9,0) -> 12.5 | G52: =ROUND(E52*F52,2) -> 238.88 | H52: =G52/$G$11 -> 0.00024433012 | I52: =I51+H52 -> 0.9996519
A53: 93358 | B53: =VLOOKUP(A53,ORÇABR,2,0) -> SINAPI SERVIÇO | C53: =VLOOKUP(A53,ORÇABR,4,0) -> ESCAVAÇÃO MANUAL DE VALA. | D53: =VLOOKUP(A53,ORÇABR,5,0) -> M3 | E53: =SUMIF(Orçamento!B:B,A53,Orçamento!G:G) -> 1.59 | F53: =VLOOKUP(A53,ORÇABR,9,0) -> 110.74 | G53: =ROUND(E53*F53,2) -> 176.08 | H53: =G53/$G$11 -> 0.00018009732 | I53: =I52+H53 -> 0.99983199
A54: 87878 | B54: =VLOOKUP(A54,ORÇABR,2,0) -> SINAPI SERVIÇO | C54: =VLOOKUP(A54,ORÇABR,4,0) -> CHAPISCO APLICADO EM ALVENARIAS E ESTRUTURAS DE CONCRETO INTERNAS, COM COLHER DE PEDREIRO. ARGAMASSA TRAÇO 1:3 COM PREPARO MANUAL. | D54: =VLOOKUP(A54,ORÇABR,5,0) -> M2 | E54: =SUMIF(Orçamento!B:B,A54,Orçamento!G:G) -> 19.11 | F54: =VLOOKUP(A54,ORÇABR,9,0) -> 6.08 | G54: =ROUND(E54*F54,2) -> 116.19 | H54: =G54/$G$11 -> 0.00011884091 | I54: =I53+H54 -> 0.99995083
A55: COMPOSIÇÃO 27 | B55: =VLOOKUP(A55,ORÇABR,2,0) -> COMPOSIÇÃO | C55: =VLOOKUP(A55,ORÇABR,4,0) -> ESPALHAMENTO DE TERRA VEGETAL PARA O PLANTIO. | D55: =VLOOKUP(A55,ORÇABR,5,0) -> M2 | E55: =SUMIF(Orçamento!B:B,A55,Orçamento!G:G) -> 11.4 | F55: =VLOOKUP(A55,ORÇABR,9,0) -> 3.99 | G55: =ROUND(E55*F55,2) -> 45.49 | H55: =G55/$G$11 -> 4.6527868e-05 | I55: =I54+H55 -> 0.99999736
A56: 93382 | B56: =VLOOKUP(A56,ORÇABR,2,0) -> SINAPI SERVIÇO | C56: =VLOOKUP(A56,ORÇABR,4,0) -> REATERRO MANUAL DE VALAS, COM COMPACTADOR DE SOLOS DE PERCUSSÃO. | D56: =VLOOKUP(A56,ORÇABR,5,0) -> M3 | E56: =SUMIF(Orçamento!B:B,A56,Orçamento!G:G) -> 0.08 | F56: =VLOOKUP(A56,ORÇABR,9,0) -> 32.19 | G56: =ROUND(E56*F56,2) -> 2.58 | H56: =G56/$G$11 -> 2.6388635e-06 | I56: =I55+H56 -> 1
